Workbook

Sheet Solicitud cotizaciones
A1: ANEXO 1
A3: Apreciados Señores: De manera atenta la Fiscalía General de la Nación Nivel Central, requiere cotizar con ustedes lo siguiente:
A5: ITEM | B5: SOLICITUD COTIZACIÓN
A6: 1 | B6: ADVERTENCIA | C6: La cotización solicitada servirá de base para REVALIDAR los precios indicativos del mercado; para compra y por tanto NO CONSTITUYE en sí misma una oferta y consecuentemente NO OBLIGA a las partes.
A7: 2 | B7: OBJETO | C7: OBJETO DEL CONTRATO
A8: 3 | B8: VALIDEZ DE LA COTIZACIÓN | C8: La validez de oferta debe ser mínima de NOVENTA (90) DIAS, especificando si los días de la validez son hábiles o calendario.
A9: 4 | B9: ESPECIFICACIONES TÉCNICAS | C9: VER ARCHIVO ADJUNTO (EN WORD SE ENVIA LA FICHA TECNICA)
A14: 5 | B14: CONDICIONES DE LA COTRATACIÓN | C14: PLAZO DE EJECUCIÓN
C15: FORMA DE PAGO | D15: La Fiscalía General de la Nación cancelará el valor del contrato, mediante pagos parciales por la ejecución de objeto del contrato, dentro de los treinta (30) días calendarios siguientes a la fecha en que el contratista radique la factura comercial, acompañada de la certificación donde conste el cumplimiento del contrato expedida por el supervisor del contrato y de la certificación que acredite el pago por parte del contratista de las obligaciones al sistema general de seguridad social (salud, pensiones y riesgos profesionales) y aportes parafiscales (cajas de compensación familiar, SENA e ICBF).
C16: MECANISMOS DE COBERTURA DE LOS RIESGOS | D16: AMPAROS
A19: 6 | B19: VALOR OFRECIDO | C19: DESCRIPCION DEL OBJETO DEL CONTRATO | E19: VALOR UNITARIO | F19: IVA DE VLR UNI. | G19: VALOR UNI. + IVA
A20: 7 | B20: PLAZO PARA PRESENTAR LA COTIZACIÓN | C20: TRES (3) DIAS HABILES.
A21: NOTA:
A22: Agradecemos su gentil colaboración y estaremos atentos a responder cualquier inquietud al respecto, quedamos atentos al envío de su propuesta por este mismo medio dentro del plazo establecido para su presentación.
A24: Cordial saludo,
A26: NOMBRE
A27: GRUPO DE ANALISIS DEL SECTOR ECONOMICO Y DE OFERENTES
A28: TELEFONO

Sheet GENERAL
A1: No. Estudio | B1: DIA Y MES | C1: valor estudios previos | D1: Dependencia solicitante | E1: Destino | F1: Plazo de Ejecución | G1: No. COTIZACIONES | H1: No. COTIZACIONES LETRAS | I1: EMPRESA 1 | J1: EMPRESA 2 | K1: EMPRESA 3 | L1: EMPRESA 4 | M1: NUMERO DE EMPRESAS SECOP | N1: OBJETO DEL CONTRATO | O1: PROCESO HISTORICO ANALIZADO | P1: OBJETO | Q1: IPC INICIAL | R1: IPC FINAL | S1: OFERTAS DEL HISTORICO | T1: CONTRATISTA HISTORICO | U1: VALOR DEL CONTRATO | V1: TERMINO DE EJECUCION | W1: LINK | X1: MODALIAD DE CONTRATACION | Y1: FECHA DE SUSCRIPCION DEL CONTRATO | Z1: FECHA DE INICIO DEL CONTRATO | AA1: OFERTAS DEL HISTORICO | AB1: V/R ESTUDIO | AC1: BIEN O SERVICIO | AD1: FORMULA UTILIZADA | AF1: CODIGOS CUPS UTILIZADOS | AG1: DESCRIPCION SEGMENTO | AH1: # EMPRESAS POTENCIALES | AI1: # DE EMPRESAS INTERESADAS
A2: 200 | B2: 44764 | C2: =+AB2 -> #REF! | D2: Jefe Departamento de Seguridad y el Director Protección y Asistencia de la Fiscalía General de la Nación | E2: El contrato se ejecutará en los lugares relacionados en las “FICHA TÉCNICA DE BIENES Y SERVICIOS DE CARACTERÍSTICAS TÉCNICAS UNIFORMES Y DE COMÚN UTILIZACIÓN”, de cada una de las Regionales, anexas al presente proceso contractual. | F2: desde el 01 de diciembre de 2020 hasta el 31 de julio de 2022 | I2: COLVISEG | J2: SEGURIDAD HORUS LTDA | K2: COSEQUIN LTDA | N2: PRESTAR LOS SERVICIOS DE VIGILANCIA Y SEGURIDAD PRIVADA FIJA Y MOVIL, CON MEDIOS TECNOLÓGICOS Y PERSONAL UNIFORMADO CON Y SIN ARMAS, PARA LA ADECUADA PROTECCIÓN, CUSTODIA, AMPARO Y SALVAGUARDA DE LAS PERSONAS QUE LABORAN E INGRESAN A LAS INSTALACIONES, Y LOS BIENES MUEBLES E INMUEBLES DEL NIVEL CENTRAL | O2: PROCESO FGN-IPSE-040-2018 NC | P2: PRESTAR LOS SERVICIOS DE VIGILANCIA Y SEGURIDAD PRIVADA FIJA Y MOVIL, CON MEDIOS TECNOLÓGICOS Y PERSONAL UNIFORMADO CON Y SIN ARMAS, PARA LA ADECUADA PROTECCIÓN, CUSTODIA, AMPARO Y SALVAGUARDA DE LAS PERSONAS QUE LABORAN E INGRESAN A LAS INSTALACIONES, Y LOS BIENES MUEBLES E INMUEBLES DE LAS DIFERENTES REGIONALES QUE CONFORMAN LA FISCALIA GENERAL DE LA NACIÓN- GRUPO 9: NIVEL CENTRAL | Q2: 99.7 | R2: 105.36 | T2: SU OPORTUNO SERVICIO LTDA. | U2: 29,379,751,963 | V2: 60 DIAS | W2: https://www.contratos.gov.co/consultas/detalleProceso.do?numConstancia=18-9-449535 | X2: SUBASTA INVERSA | Y2: =+O3 -> 01 de diciembre de 2020 | Z2: 01 DE DICIEMBRE DE 2018 | AB2: =#REF! -> #REF! | AC2: BIENES | AD2: PARA CALCULAR EL VALOR QUE CORRESPONDE AL FACTOR HUMANO SE EMPLEARON LOS VALORES ESTABLECIDOS POR LA SUPERINTENDENCIA DE VIGILANCIA Y SEGURIDAD PARA EL AÑO 2020 SEGÚN CIRCULAR EXTERNA Nº 20201300000015 Y PARA EL FACTOR TECNOLOGICO SE EMPLEARON LOS VALORES DE REFERENCIA. | AE2: IVA INCLUIDO Y TODOS LOS COSTOS DIRECTOS E INDIRECTOS
O3: 01 de diciembre de 2020

Sheet Anexo 1
B1: ANEXO 1
B4: LISTADO DE POSIBLES PROVEEDORES
B5: No. | C5: Nombre Empresa | D5: Telefono Fijo y/o celular | E5: Correo electronico
B6: 1 | C6: =+GENERAL!K2 -> COSEQUIN LTDA | D6: 4343584 | E6: auxiliarcomercial.cosequin@gmail.com
B7: 2 | C7: =+GENERAL!J2 -> SEGURIDAD HORUS LTDA | D7: 6311500 | E7: comercial2@horusseguridad.com
B8: 3 | C8: =+GENERAL!I2 -> COLVISEG | D8: 5189191 | E8: dircomercial@colviseg.com

Sheet Anexo 2
A1: ANEXO 2
A3: EXPERIENCIA EN CONTRATACIÓN EN LOS ÚLTIMOS AÑOS
A5: Con el fin de conocer la experiencia con la que cuentan las empresas del sector relacionadas con el objeto del presente estudio de mercado, agradecemos diligenciar el cuadro relacionado a continuación con base en los contratos suscritos en los ultimos 5 años
A6: EMPRESA | B6: OBJETO DEL CONTRATO | C6: FECHA DE SUSCRIPCIÓN | D6: % DE PARTICIPACIÓN | E6: VALOR TOTAL EJECUTADO DEL CONTRATO DE ACUERDO AL % DE PARTICIPACIÓN
A7: =+GENERAL!K2 -> COSEQUIN LTDA
A8: NO SE EVIDENCIAN PROCESOS DE CONTRATACION PUBLICA ADELANTADOS POR ESTE OFERENTE
A9: =+GENERAL!J2 -> SEGURIDAD HORUS LTDA
A10: NO SE EVIDENCIAN PROCESOS DE CONTRATACION PUBLICA ADELANTADOS POR ESTE OFERENTE
A11: =+'Anexo 1'!C8 -> COLVISEG
A12: NO SE EVIDENCIAN PROCESOS DE CONTRATACION PUBLICA ADELANTADOS POR ESTE OFERENTE

Sheet 1. VALOR 2026 (1 MES)
B1: ANEXO 1 - FACTOR HUMANO - VIGENCIA 2026 (1 MES)
C3: PRESTAR LOS SERVICIOS DE VIGILANCIA Y SEGURIDAD PRIVADA FIJA Y MOVIL, CON MEDIOS TECNOLÓGICOS Y PERSONAL UNIFORMADO CON Y SIN ARMAS, PARA LA ADECUADA PROTECCIÓN, CUSTODIA, AMPARO Y SALVAGUARDA DE LAS PERSONAS QUE LABORAN E INGRESAN A LAS INSTALACIONES Y LOS BIENES MUEBLES E INMUEBLES DE LA FISCALIA GENERAL DE LA NACIÓN Y DEL FONDO ESPECIAL PARA LA ADMINISTRACIÓN DE BIENES – F.E.A.B. DE LA FISCALIA GENERAL DE LA NACIÓN, DE LA REGIONAL CENTRAL, CONFORMADA POR LAS SECCIONALES: I) BOYACA, II) CUNDINAMARCA Y AMAZONAS.
B4: VARIABLES ESTABLECIDAS POR LA SUPERINTENDENCIA DE VIGILANCIA Y SEGURIDAD PARA EL AÑO 2026 SEGÚN CIRCULAR EXTERNA Nº 202513000001105CS DEL 30 DE DICIEMBRE DE 2025
B5: SALARIO MINIMO 2026 | E5: 1750905
B6: TARIFA MINIMA SECTOR PUBLICO | E6: 10.21
B7: VALOR TARIFA MINIMA SECTOR PUBLICO | E7: =ROUND(E5*E6,2)+1500 -> 17878240 | G7: INCLUIDO SEGURO DE VIDA ($1.500)
B10: MODALIDAD DE MEDIO, TARIFA, PORCENTAJE ADMINISTRACION Y SUPERVISION.
B11: MODALIDAD MEDIO | C11: TARIFA | D11: PORCENTAJE A Y S | E11: VALOR A Y S | F11: TARIFA + A Y S
B12: 24 HORAS 30 DIAS AL MES MEDIO HUMANO SIN ARMA | C12: =$E$7 -> 17878240 | D12: 0.08 | E12: =ROUND(C12*D12,2) -> 1430259.2 | F12: =ROUND(C12+E12,2) -> 19308499
B13: 24 HORAS 30 DIAS AL MES MEDIO HUMANO CON ARMA | C13: =$E$7 -> 17878240 | D13: 0.1 | E13: =ROUND(C13*D13,2) -> 1787824 | F13: =ROUND(C13+E13,2) -> 19666064
B16: DIAS A TENER EN CUENTA PARA EL COBRO DE LAS TARIFAS MINIMAS EN LA PRESTACION DE LOS SERVICIOS DE VIGILANCIA Y SEGURIDAD PRIVADA PARA 2026
B17: LUNES A VIERNES SIN FESTIVOS | E17: 20
B18: LUNES A VIERNES CON FESTIVOS | E18: 22
B19: LUNES A SABADO SIN FESTIVOS | E19: 24
B20: LUNES A SABADO CON FESTIVOS | E20: 26
B21: FESTIVOS | E21: 2
B22: SABADOS Y DOMINGOS | E22: 8
B23: SABADOS, DOMINGOS Y FESTIVOS | E23: 10
B26: VARIABLE DE PROPORCIONALIDAD SOBRE EL VALOR DEL SERVICIO ESTABLECIDO PARA UN SERVICIO DE VEINTICUATRO (24) HORAS Y TREINTA (30) DÍAS AL MES Y EN LOS TÉRMINOS DE LA JORNADA LABORAL VIGENTE.
B27: JORNADA LABORAL | D27: VARIABLE DE PROPORCIONALIDAD | H27: JORNADA LABORAL
B28: 6:00 A.M. a 2:00 P.M. (turno de 8 horas diurno) | D28: 0.4759 | H28: 6am. A 9pm turno de 15 Hrs. DIURNO
B29: 2:00 P.M. a 9:00 P.M. (turno de 7 horas diurno)
B30: 9:00 P.M. a 6:00 A.M. (turno de 9 horas nocturnas) | D30: 0.5241 | H30: 10pm a 6am tuRno de 9 Hrs NOCTURNO
H31: TOTAL 24 hrs durante 30 días
B32: b. Tomar el valor resultante de la aplicación de la variable de proporcionalidad anteriormente establecida, dividirlo por treinta (30) días y multiplicarlo por el número de días en que se prestará el servicio, luego dividirlo por la jornada laboral y el resultado multiplicarlo por las horas requeridas del servicio.
B33: Lo anterior, corresponde a la aplicación de la siguiente fórmula matemática: (SMLMV x TARIFA DE SERVICIOS) x VARIABLE PROPORCIONALIDAD) /30) x DÍAS QUE SE REQUIERE EL SERVICIO) /JORNADA LABORAL) x HORAS REQUERIDAS DEL SERVICIO.
B36: NECESIDAD FGN ( VALORES UNITARIOS MES) | L36: VALIDACION TOTAL DE CIFRAS
B37: MODALIDAD /MEDIO | C37: JORNADA LABORAL | D37: DIAS AL MES SEGÚN CIRCULAR DE SUPERVIGILANCIA | E37: VALOR MES | F37: % ADMINISTRACION Y SUPERVISION | H37: VALOR MES ADMINISTRACION Y SUPERVISION | I37: VALOR MES INCLUIDO ADMINISTRACION Y SUPERVISION | J37: IVA | K37: VALOR MES INCLUIDO AYS E IVA | L37: CONSOLIDADO PUESTOS | M37: VALOR 2026 1 MES
B38: 24 HRS CON ARMA | C38: DOMINGO A DOMINGO | D38: 30 | E38: =+C12 -> 17878240 | F38: 0.1 | H38: =ROUND(E38*F38,2) -> 1787824 | I38: =ROUND(E38+H38,2) -> 19666064 | J38: =ROUND(I38*10%*19%,2) -> 373655.22 | K38: =ROUND(I38+J38,2) -> 20039719 | L38: 37 | M38: =ROUND(L38*K38,2) -> 7.4146961e+08
B39: 24 HRS CON ARMA (AMAZONAS) | C39: DOMINGO A DOMINGO | D39: 30 | E39: =+C13 -> 17878240 | F39: 0.1 | H39: =ROUND(E39*F39,2) -> 1787824 | I39: =ROUND(E39+H39,2) -> 19666064 | K39: =ROUND(I39+J39,2) -> 19666064 | L39: 3 | M39: =ROUND(L39*K39,2) -> 58998192
B40: 12 HRS DIURNO CON ARMA | C40: LUNES A VIERNES SIN FESTIVOS | D40: 20 | E40: =ROUND($E$7*$D$28/30*D40/13*12,0) -> 5235849 | F40: 0.1 | H40: =ROUND(E40*F40,2) -> 523584.9 | I40: =ROUND(E40+H40,2) -> 5759433.9 | J40: =ROUND(I40*10%*19%,2) -> 109429.24 | K40: =ROUND(I40+J40,2) -> 5868863.1 | L40: 17 | M40: =ROUND(L40*K40,2) -> 99770673
B41: 12 HRS DIURNO SIN ARMA | C41: LUNES A VIERNES SIN FESTIVOS | D41: 20 | E41: =ROUND($E$7*$D$28/30*D41/13*12,0) -> 5235849 | F41: 0.08 | H41: =ROUND(E41*F41,2) -> 418867.92 | I41: =ROUND(E41+H41,2) -> 5654716.9 | J41: =ROUND(I41*10%*19%,2) -> 107439.62 | K41: =ROUND(I41+J41,2) -> 5762156.5 | L41: 9 | M41: =ROUND(L41*K41,2) -> 51859409
B42: 12 HRS DIURNO CON ARMA | C42: DOMINGO A DOMINGO | D42: 30 | E42: =ROUND($E$7*$D$28/30*D42/13*12,0) -> 7853773 | F42: 0.1 | H42: =ROUND(E42*F42,2) -> 785377.3 | I42: =ROUND(E42+H42,2) -> 8639150.3 | J42: =ROUND(I42*10%*19%,2) -> 164143.86 | K42: =ROUND(I42+J42,2) -> 8803294.2 | L42: 14 | M42: =ROUND(L42*K42,2) -> 1.2324612e+08
L43: =SUM(L38:L42) -> 80 | M43: =ROUND(SUM(M38:M42),2) -> 1.075344e+09
B45: NECESIDAD FEAB ( VALORES UNITARIOS MES) | L45: VALIDACION TOTAL DE CIFRAS
B46: MODALIDAD /MEDIO | C46: JORNADA LABORAL | D46: DIAS AL MES SEGÚN CIRCULAR DE SUPERVIGILANCIA | E46: VALOR MES | F46: % ADMINISTRACION Y SUPERVISION | H46: VALOR MES ADMINISTRACION Y SUPERVISION | I46: VALOR MES INCLUIDO ADMINISTRACION Y SUPERVISION | J46: IVA | K46: VALOR MES INCLUIDO AYS E IVA | L46: CONSOLIDADO PUESTOS | M46: VALOR 2026 1 MES
B47: 24 HRS CON ARMA | C47: DOMINGO A DOMINGO | D47: 30 | E47: =+E7 -> 17878240 | F47: 0.1 | H47: =ROUND(E47*F47,2) -> 1787824 | I47: =ROUND(E47+H47,2) -> 19666064 | J47: =ROUND(I47*10%*19%,2) -> 373655.22 | K47: =ROUND(I47+J47,2) -> 20039719 | L47: 2 | M47: =ROUND(L47*K47,2)*1 -> 40079439
L48: =SUM(L47:L47) -> 2 | M48: =ROUND(SUM(M47:M47),2) -> 40079439
B50: Estudio del Sector: 0040
B51: Fecha de elaboración: 16/10/2026
B52: Fecha de modificación 1: DIA/ MES/ AÑO
B53: Fecha de modificación 2: DIA/ MES/ AÑO

Sheet 1.1. VR. 2027 ENE-JUN (6 MESES)
A1: ANEXO 1.1. - FACTOR HUMANO - VIGENCIA 2027 (12 MESES)
B3: PRESTAR LOS SERVICIOS DE VIGILANCIA Y SEGURIDAD PRIVADA FIJA Y MOVIL, CON MEDIOS TECNOLÓGICOS Y PERSONAL UNIFORMADO CON Y SIN ARMAS, PARA LA ADECUADA PROTECCIÓN, CUSTODIA, AMPARO Y SALVAGUARDA DE LAS PERSONAS QUE LABORAN E INGRESAN A LAS INSTALACIONES Y LOS BIENES MUEBLES E INMUEBLES DE LA FISCALIA GENERAL DE LA NACIÓN Y DEL FONDO ESPECIAL PARA LA ADMINISTRACIÓN DE BIENES – F.E.A.B. DE LA FISCALIA GENERAL DE LA NACIÓN, DE LA REGIONAL CENTRAL, CONFORMADA POR LAS SECCIONALES: I) BOYACA, II) CUNDINAMARCA Y AMAZONAS.
A4: VARIABLES ESTABLECIDAS POR LA SUPERINTENDENCIA DE VIGILANCIA Y SEGURIDAD PARA EL AÑO 2026 SEGÚN CIRCULAR EXTERNA Nº 202513000001105CS DEL 30 DE DICIEMBRE DE 2025
A5: SALARIO MINIMO 2026 | D5: =(1750905+(1750905*4.4%)) -> 1827944.8
A6: TARIFA MINIMA SECTOR PUBLICO | D6: 10.21
A7: VALOR TARIFA MINIMA SECTOR PUBLICO | D7: =ROUND(D5*D6,2)+1500 -> 18664817 | F7: INCLUIDO SEGURO DE VIDA ($1.500)
A10: MODALIDAD DE MEDIO, TARIFA, PORCENTAJE ADMINISTRACION Y SUPERVISION.
A11: MODALIDAD MEDIO | B11: TARIFA | C11: PORCENTAJE A Y S | D11: VALOR A Y S | E11: TARIFA + A Y S
A12: 24 HORAS 30 DIAS AL MES MEDIO HUMANO SIN ARMA | B12: =$D$7 -> 18664817 | C12: 0.08 | D12: =ROUND(B12*C12,2) -> 1493185.3 | E12: =ROUND(B12+D12,2) -> 20158002
A13: 24 HORAS 30 DIAS AL MES MEDIO HUMANO CON ARMA | B13: =$D$7 -> 18664817 | C13: 0.1 | D13: =ROUND(B13*C13,2) -> 1866481.7 | E13: =ROUND(B13+D13,2) -> 20531298
A16: DIAS A TENER EN CUENTA PARA EL COBRO DE LAS TARIFAS MINIMAS EN LA PRESTACION DE LOS SERVICIOS DE VIGILANCIA Y SEGURIDAD PRIVADA PARA 2024
A17: LUNES A VIERNES SIN FESTIVOS | D17: 20
A18: LUNES A VIERNES CON FESTIVOS | D18: 22
A19: LUNES A SABADO SIN FESTIVOS | D19: 24
A20: LUNES A SABADO CON FESTIVOS | D20: 26
A21: FESTIVOS | D21: 2
A22: SABADOS Y DOMINGOS | D22: 8
A23: SABADOS, DOMINGOS Y FESTIVOS | D23: 10
A26: VARIABLE DE PROPORCIONALIDAD SOBRE EL VALOR DEL SERVICIO ESTABLECIDO PARA UN SERVICIO DE VEINTICUATRO (24) HORAS Y TREINTA (30) DÍAS AL MES Y EN LOS TÉRMINOS DE LA JORNADA LABORAL VIGENTE.
A27: JORNADA LABORAL | C27: VARIABLE DE PROPORCIONALIDAD | G27: JORNADA LABORAL
A28: 6:00 A.M. a 2:00 P.M. (turno de 8 horas diurno) | C28: 0.4759 | G28: 6am. A 9pm turno de 15 Hrs. DIURNO
A29: 2:00 P.M. a 9:00 P.M. (turno de 7 horas diurno)
A30: 9:00 P.M. a 6:00 A.M. (turno de 9 horas nocturnas) | C30: 52,41,% | G30: 10pm a 6am turno de 9 Hrs NOCTURNO
G31: TOTAL 24 hrs durante 30 días
A32: b. Tomar el valor resultante de la aplicación de la variable de proporcionalidad anteriormente establecida, dividirlo por treinta (30) días y multiplicarlo por el número de días en que se prestará el servicio, luego dividirlo por la jornada laboral y el resultado multiplicarlo por las horas requeridas del servicio.
A33: Lo anterior, corresponde a la aplicación de la siguiente fórmula matemática: (SMLMV x TARIFA DE SERVICIOS) x VARIABLE PROPORCIONALIDAD) /30) x DÍAS QUE SE REQUIERE EL SERVICIO) /JORNADA LABORAL) x HORAS REQUERIDAS DEL SERVICIO.
A36: NECESIDAD DE LA ENTIDAD ( VALORES UNITARIOS MES) | K36: VALIDACION TOTAL DE CIFRAS
A37: MODALIDAD /MEDIO | B37: JORNADA LABORAL | C37: DIAS AL MES SEGÚN CIRCULAR DE SUPERVIGILANCIA | D37: VALOR MES | E37: % ADMINISTRACION Y SUPERVISION | G37: VALOR MES ADMINISTRACION Y SUPERVISION | H37: VALOR MES INCLUIDO ADMINISTRACION Y SUPERVISION | I37: IVA | J37: VALOR MES INCLUIDO AYS E IVA | K37: CONSOLIDADO PUESTOS | L37: VALOR 2027 6 MESES ENERO A JUNIO
A38: 24 HRS CON ARMA | B38: DOMINGO A DOMINGO | C38: 30 | D38: =+B12 -> 18664817 | E38: 0.1 | G38: =ROUND(D38*E38,2) -> 1866481.7 | H38: =ROUND(D38+G38,2) -> 20531298 | I38: =ROUND(H38*10%*19%,2) -> 390094.67 | J38: =ROUND(H38+I38,2) -> 20921393 | K38: ='1. VALOR 2026 (1 MES)'!L38 -> 37 | L38: =ROUND(((K38*J38)*6),2) -> 4.6445492e+09
A39: 24 HRS CON ARMA (AMAZONAS) | B39: DOMINGO A DOMINGO | C39: 30 | D39: =+B13 -> 18664817 | E39: 0.1 | G39: =ROUND(D39*E39,2) -> 1866481.7 | H39: =ROUND(D39+G39,2) -> 20531298 | J39: =ROUND(H39+I39,2) -> 20531298 | K39: ='1. VALOR 2026 (1 MES)'!L39 -> 3 | L39: =ROUND(((K39*J39)*6),2) -> 3.6956337e+08
A40: 12 HRS DIURNO CON ARMA | B40: LUNES A VIERNES SIN FESTIVOS | C40: 20 | D40: =ROUND($D$7*$C$28/30*C40/13*12,0) -> 5466207 | E40: 0.1 | G40: =ROUND(D40*E40,2) -> 546620.7 | H40: =ROUND(D40+G40,2) -> 6012827.7 | I40: =ROUND(H40*10%*19%,2) -> 114243.73 | J40: =ROUND(H40+I40,2) -> 6127071.4 | K40: ='1. VALOR 2026 (1 MES)'!L40 -> 17 | L40: =ROUND(((K40*J40)*6),2) -> 6.2496129e+08
A41: 12 HRS DIURNO SIN ARMA | B41: LUNES A VIERNES SIN FESTIVOS | C41: 20 | D41: =ROUND($D$7*$C$28/30*C41/13*12,0) -> 5466207 | E41: 0.08 | G41: =ROUND(D41*E41,2) -> 437296.56 | H41: =ROUND(D41+G41,2) -> 5903503.6 | I41: =ROUND(H41*10%*19%,2) -> 112166.57 | J41: =ROUND(H41+I41,2) -> 6015670.1 | K41: ='1. VALOR 2026 (1 MES)'!L41 -> 9 | L41: =ROUND(((K41*J41)*6),2) -> 3.2484619e+08
A42: 12 HRS DIURNO CON ARMA | B42: DOMINGO A DOMINGO | C42: 30 | D42: =ROUND($D$7*$C$28/30*C42/13*12,0) -> 8199310 | E42: 0.1 | G42: =ROUND(D42*E42,2) -> 819931 | H42: =ROUND(D42+G42,2) -> 9019241 | I42: =ROUND(H42*10%*19%,2) -> 171365.58 | J42: =ROUND(H42+I42,2) -> 9190606.6 | K42: ='1. VALOR 2026 (1 MES)'!L42 -> 14 | L42: =ROUND(((K42*J42)*6),2) -> 7.7201095e+08
K43: =SUM(K38:K42) -> 80 | L43: =ROUND(SUM(L38:L42),2) -> 6.735931e+09
A45: Estudio del Sector: 0040
A46: Fecha de elaboración: 16/10/2026
A47: Fecha de modificación 1: DIA/ MES/ AÑO
A48: Fecha de modificación 2: DIA/ MES/ AÑO

Sheet 1.2. VR. 2027 JUL-DIC (6 MESES)
A1: ANEXO 1.1. - FACTOR HUMANO - VIGENCIA 2027 (12 MESES)
B3: PRESTAR LOS SERVICIOS DE VIGILANCIA Y SEGURIDAD PRIVADA FIJA Y MOVIL, CON MEDIOS TECNOLÓGICOS Y PERSONAL UNIFORMADO CON Y SIN ARMAS, PARA LA ADECUADA PROTECCIÓN, CUSTODIA, AMPARO Y SALVAGUARDA DE LAS PERSONAS QUE LABORAN E INGRESAN A LAS INSTALACIONES Y LOS BIENES MUEBLES E INMUEBLES DE LA FISCALIA GENERAL DE LA NACIÓN Y DEL FONDO ESPECIAL PARA LA ADMINISTRACIÓN DE BIENES – F.E.A.B. DE LA FISCALIA GENERAL DE LA NACIÓN, DE LA REGIONAL CENTRAL, CONFORMADA POR LAS SECCIONALES: I) BOYACA, II) CUNDINAMARCA Y AMAZONAS.
A4: VARIABLES ESTABLECIDAS POR LA SUPERINTENDENCIA DE VIGILANCIA Y SEGURIDAD PARA EL AÑO 2026 SEGÚN CIRCULAR EXTERNA Nº 202513000001105CS DEL 30 DE DICIEMBRE DE 2025
A5: SALARIO MINIMO 2026 | D5: =(1750905+(1750905*4.4%)) -> 1827944.8
A6: TARIFA MINIMA SECTOR PUBLICO | D6: 10.38
A7: VALOR TARIFA MINIMA SECTOR PUBLICO | D7: =ROUND(D5*D6,2)+1500 -> 18975567 | F7: INCLUIDO SEGURO DE VIDA ($1.500)
A10: MODALIDAD DE MEDIO, TARIFA, PORCENTAJE ADMINISTRACION Y SUPERVISION.
A11: MODALIDAD MEDIO | B11: TARIFA | C11: PORCENTAJE A Y S | D11: VALOR A Y S | E11: TARIFA + A Y S
A12: 24 HORAS 30 DIAS AL MES MEDIO HUMANO SIN ARMA | B12: =$D$7 -> 18975567 | C12: 0.08 | D12: =ROUND(B12*C12,2) -> 1518045.4 | E12: =ROUND(B12+D12,2) -> 20493613
A13: 24 HORAS 30 DIAS AL MES MEDIO HUMANO CON ARMA | B13: =$D$7 -> 18975567 | C13: 0.1 | D13: =ROUND(B13*C13,2) -> 1897556.7 | E13: =ROUND(B13+D13,2) -> 20873124
A16: DIAS A TENER EN CUENTA PARA EL COBRO DE LAS TARIFAS MINIMAS EN LA PRESTACION DE LOS SERVICIOS DE VIGILANCIA Y SEGURIDAD PRIVADA PARA 2024
A17: LUNES A VIERNES SIN FESTIVOS | D17: 20
A18: LUNES A VIERNES CON FESTIVOS | D18: 22
A19: LUNES A SABADO SIN FESTIVOS | D19: 24
A20: LUNES A SABADO CON FESTIVOS | D20: 26
A21: FESTIVOS | D21: 2
A22: SABADOS Y DOMINGOS | D22: 8
A23: SABADOS, DOMINGOS Y FESTIVOS | D23: 10
A26: VARIABLE DE PROPORCIONALIDAD SOBRE EL VALOR DEL SERVICIO ESTABLECIDO PARA UN SERVICIO DE VEINTICUATRO (24) HORAS Y TREINTA (30) DÍAS AL MES Y EN LOS TÉRMINOS DE LA JORNADA LABORAL VIGENTE.
A27: JORNADA LABORAL | C27: VARIABLE DE PROPORCIONALIDAD | G27: JORNADA LABORAL
A28: 6:00 A.M. a 2:00 P.M. (turno de 8 horas diurno) | C28: 0.4759 | G28: 6am. A 9pm turno de 15 Hrs. DIURNO
A29: 2:00 P.M. a 9:00 P.M. (turno de 7 horas diurno)
A30: 9:00 P.M. a 6:00 A.M. (turno de 9 horas nocturnas) | C30: 52,41,% | G30: 10pm a 6am turno de 9 Hrs NOCTURNO
G31: TOTAL 24 hrs durante 30 días
A32: b. Tomar el valor resultante de la aplicación de la variable de proporcionalidad anteriormente establecida, dividirlo por treinta (30) días y multiplicarlo por el número de días en que se prestará el servicio, luego dividirlo por la jornada laboral y el resultado multiplicarlo por las horas requeridas del servicio.
A33: Lo anterior, corresponde a la aplicación de la siguiente fórmula matemática: (SMLMV x TARIFA DE SERVICIOS) x VARIABLE PROPORCIONALIDAD) /30) x DÍAS QUE SE REQUIERE EL SERVICIO) /JORNADA LABORAL) x HORAS REQUERIDAS DEL SERVICIO.
A36: NECESIDAD DE LA ENTIDAD ( VALORES UNITARIOS MES) | K36: VALIDACION TOTAL DE CIFRAS
A37: MODALIDAD /MEDIO | B37: JORNADA LABORAL | C37: DIAS AL MES SEGÚN CIRCULAR DE SUPERVIGILANCIA | D37: VALOR MES | E37: % ADMINISTRACION Y SUPERVISION | G37: VALOR MES ADMINISTRACION Y SUPERVISION | H37: VALOR MES INCLUIDO ADMINISTRACION Y SUPERVISION | I37: IVA | J37: VALOR MES INCLUIDO AYS E IVA | K37: CONSOLIDADO PUESTOS | L37: VALOR 2027 6 MESES JULIO A DICIEMBRE
A38: 24 HRS CON ARMA | B38: DOMINGO A DOMINGO | C38: 30 | D38: =+B12 -> 18975567 | E38: 0.1 | G38: =ROUND(D38*E38,2) -> 1897556.7 | H38: =ROUND(D38+G38,2) -> 20873124 | I38: =ROUND(H38*10%*19%,2) -> 396589.36 | J38: =ROUND(H38+I38,2) -> 21269713 | K38: ='1. VALOR 2026 (1 MES)'!L38 -> 37 | L38: =ROUND(((K38*J38)*6),2) -> 4.7218764e+09
A39: 24 HRS CON ARMA (AMAZONAS) | B39: DOMINGO A DOMINGO | C39: 30 | D39: =+B13 -> 18975567 | E39: 0.1 | G39: =ROUND(D39*E39,2) -> 1897556.7 | H39: =ROUND(D39+G39,2) -> 20873124 | J39: =ROUND(H39+I39,2) -> 20873124 | K39: ='1. VALOR 2026 (1 MES)'!L39 -> 3 | L39: =ROUND(((K39*J39)*6),2) -> 3.7571623e+08
A40: 12 HRS DIURNO CON ARMA | B40: LUNES A VIERNES SIN FESTIVOS | C40: 20 | D40: =ROUND($D$7*$C$28/30*C40/13*12,0) -> 5557214 | E40: 0.1 | G40: =ROUND(D40*E40,2) -> 555721.4 | H40: =ROUND(D40+G40,2) -> 6112935.4 | I40: =ROUND(H40*10%*19%,2) -> 116145.77 | J40: =ROUND(H40+I40,2) -> 6229081.2 | K40: ='1. VALOR 2026 (1 MES)'!L40 -> 17 | L40: =ROUND(((K40*J40)*6),2) -> 6.3536628e+08
A41: 12 HRS DIURNO SIN ARMA | B41: LUNES A VIERNES SIN FESTIVOS | C41: 20 | D41: =ROUND($D$7*$C$28/30*C41/13*12,0) -> 5557214 | E41: 0.08 | G41: =ROUND(D41*E41,2) -> 444577.12 | H41: =ROUND(D41+G41,2) -> 6001791.1 | I41: =ROUND(H41*10%*19%,2) -> 114034.03 | J41: =ROUND(H41+I41,2) -> 6115825.2 | K41: ='1. VALOR 2026 (1 MES)'!L41 -> 9 | L41: =ROUND(((K41*J41)*6),2) -> 3.3025456e+08
A42: 12 HRS DIURNO CON ARMA | B42: DOMINGO A DOMINGO | C42: 30 | D42: =ROUND($D$7*$C$28/30*C42/13*12,0) -> 8335821 | E42: 0.1 | G42: =ROUND(D42*E42,2) -> 833582.1 | H42: =ROUND(D42+G42,2) -> 9169403.1 | I42: =ROUND(H42*10%*19%,2) -> 174218.66 | J42: =ROUND(H42+I42,2) -> 9343621.8 | K42: ='1. VALOR 2026 (1 MES)'!L42 -> 14 | L42: =ROUND(((K42*J42)*6),2) -> 7.8486423e+08
K43: =SUM(K38:K42) -> 80 | L43: =ROUND(SUM(L38:L42),2) -> 6.8480777e+09
A45: Estudio del Sector: 0040
A46: Fecha de elaboración: 16/10/2026
A47: Fecha de modificación 1: DIA/ MES/ AÑO
A48: Fecha de modificación 2: DIA/ MES/ AÑO

Sheet 1.3.VALOR 2028 (11 MESES)
A1: ANEXO 1.2. - FACTOR HUMANO - VIGENCIA 2028 (11 MESES)
C3: PRESTAR LOS SERVICIOS DE VIGILANCIA Y SEGURIDAD PRIVADA FIJA Y MOVIL, CON MEDIOS TECNOLÓGICOS Y PERSONAL UNIFORMADO CON Y SIN ARMAS, PARA LA ADECUADA PROTECCIÓN, CUSTODIA, AMPARO Y SALVAGUARDA DE LAS PERSONAS QUE LABORAN E INGRESAN A LAS INSTALACIONES Y LOS BIENES MUEBLES E INMUEBLES DE LA FISCALIA GENERAL DE LA NACIÓN Y DEL FONDO ESPECIAL PARA LA ADMINISTRACIÓN DE BIENES – F.E.A.B. DE LA FISCALIA GENERAL DE LA NACIÓN, DE LA REGIONAL CENTRAL, CONFORMADA POR LAS SECCIONALES: I) BOYACA, II) CUNDINAMARCA Y AMAZONAS.
B4: VARIABLES ESTABLECIDAS POR LA SUPERINTENDENCIA DE VIGILANCIA Y SEGURIDAD PARA EL AÑO 2026 SEGÚN CIRCULAR EXTERNA Nº 202513000001105CS DEL 30 DE DICIEMBRE DE 2025
B5: SALARIO MINIMO 2026 | E5: =1827945+(1827945*3%) -> 1882783.4
B6: TARIFA MINIMA SECTOR PUBLICO | E6: 10.38
B7: VALOR TARIFA MINIMA SECTOR PUBLICO | E7: =ROUND(E5*E6,2)+1500 -> 19544791 | G7: INCLUIDO SEGURO DE VIDA ($1.500)
B10: MODALIDAD DE MEDIO, TARIFA, PORCENTAJE ADMINISTRACION Y SUPERVISION.
B11: MODALIDAD MEDIO | C11: TARIFA | D11: PORCENTAJE A Y S | E11: VALOR A Y S | F11: TARIFA + A Y S
B12: 24 HORAS 30 DIAS AL MES MEDIO HUMANO SIN ARMA | C12: =$E$7 -> 19544791 | D12: 0.08 | E12: =ROUND(C12*D12,2) -> 1563583.3 | F12: =ROUND(C12+E12,2) -> 21108374
B13: 24 HORAS 30 DIAS AL MES MEDIO HUMANO CON ARMA | C13: =$E$7 -> 19544791 | D13: 0.1 | E13: =ROUND(C13*D13,0) -> 1954479 | F13: =ROUND(C13+E13,2) -> 21499270
B16: DIAS A TENER EN CUENTA PARA EL COBRO DE LAS TARIFAS MINIMAS EN LA PRESTACION DE LOS SERVICIOS DE VIGILANCIA Y SEGURIDAD PRIVADA PARA 2024
B17: LUNES A VIERNES SIN FESTIVOS | E17: 20
B18: LUNES A VIERNES CON FESTIVOS | E18: 22
B19: LUNES A SABADO SIN FESTIVOS | E19: 24
B20: LUNES A SABADO CON FESTIVOS | E20: 26
B21: FESTIVOS | E21: 2
B22: SABADOS Y DOMINGOS | E22: 8
B23: SABADOS, DOMINGOS Y FESTIVOS | E23: 10
B26: VARIABLE DE PROPORCIONALIDAD SOBRE EL VALOR DEL SERVICIO ESTABLECIDO PARA UN SERVICIO DE VEINTICUATRO (24) HORAS Y TREINTA (30) DÍAS AL MES Y EN LOS TÉRMINOS DE LA JORNADA LABORAL VIGENTE.
B27: JORNADA LABORAL | D27: VARIABLE DE PROPORCIONALIDAD | H27: JORNADA LABORAL
B28: 6:00 A.M. a 2:00 P.M. (turno de 8 horas diurno) | D28: 0.4759 | H28: 6am. A 9pm turno de 15 Hrs. DIURNO
B29: 2:00 P.M. a 9:00 P.M. (turno de 7 horas diurno)
B30: 9:00 P.M. a 6:00 A.M. (turno de 9 horas nocturnas) | D30: 0.5241 | H30: 10pm a 6am tuRno de 9 Hrs NOCTURNO
H31: TOTAL 24 hrs durante 30 días
B32: b. Tomar el valor resultante de la aplicación de la variable de proporcionalidad anteriormente establecida, dividirlo por treinta (30) días y multiplicarlo por el número de días en que se prestará el servicio, luego dividirlo por la jornada laboral y el resultado multiplicarlo por las horas requeridas del servicio.
B33: Lo anterior, corresponde a la aplicación de la siguiente fórmula matemática: (SMLMV x TARIFA DE SERVICIOS) x VARIABLE PROPORCIONALIDAD) /30) x DÍAS QUE SE REQUIERE EL SERVICIO) /JORNADA LABORAL) x HORAS REQUERIDAS DEL SERVICIO.
B36: NECESIDAD DE LA ENTIDAD ( VALORES UNITARIOS MES) | L36: VALIDACION TOTAL DE CIFRAS
B37: MODALIDAD /MEDIO | C37: JORNADA LABORAL | D37: DIAS AL MES SEGÚN CIRCULAR DE SUPERVIGILANCIA | E37: VALOR MES | F37: % ADMINISTRACION Y SUPERVISION | H37: VALOR MES ADMINISTRACION Y SUPERVISION | I37: VALOR MES INCLUIDO ADMINISTRACION Y SUPERVISION | J37: IVA | K37: VALOR MES INCLUIDO AYS E IVA | L37: CONSOLIDADO PUESTOS | M37: VALOR TOTAL 2028 11 MESES
B38: 24 HRS CON ARMA | C38: DOMINGO A DOMINGO | D38: 30 | E38: =+C12 -> 19544791 | F38: 0.1 | H38: =ROUND(E38*F38,2) -> 1954479.1 | I38: =ROUND(E38+H38,2) -> 21499270 | J38: =ROUND(I38*10%*19%,2) -> 408486.14 | K38: =ROUND(I38+J38,2) -> 21907756 | L38: ='1.1. VR. 2027 ENE-JUN (6 MESES)'!K38 -> 37 | M38: =ROUND(L38*K38,2)*11 -> 8.9164569e+09
B39: 24 HRS CON ARMA (AMAZONAS) | C39: DOMINGO A DOMINGO | D39: 30 | E39: =+C13 -> 19544791 | F39: 0.1 | H39: =ROUND(E39*F39,2) -> 1954479.1 | I39: =ROUND(E39+H39,2) -> 21499270 | K39: =ROUND(I39+J39,2) -> 21499270 | L39: ='1.1. VR. 2027 ENE-JUN (6 MESES)'!K39 -> 3 | M39: =ROUND(L39*K39,2)*11 -> 7.0947592e+08
B40: 12 HRS DIURNO CON ARMA | C40: LUNES A VIERNES SIN FESTIVOS | D40: 20 | E40: =ROUND($E$7*$D$28/30*D40/13*12,0) -> 5723918 | F40: 0.1 | H40: =ROUND(E40*F40,2) -> 572391.8 | I40: =ROUND(E40+H40,2) -> 6296309.8 | J40: =ROUND(I40*10%*19%,2) -> 119629.89 | K40: =ROUND(I40+J40,2) -> 6415939.7 | L40: ='1.1. VR. 2027 ENE-JUN (6 MESES)'!K40 -> 17 | M40: =ROUND(L40*K40,2)*11 -> 1.1997807e+09
B41: 12 HRS DIURNO SIN ARMA | C41: LUNES A VIERNES SIN FESTIVOS | D41: 20 | E41: =ROUND($E$7*$D$28/30*D41/13*12,0) -> 5723918 | F41: 0.08 | H41: =ROUND(E41*F41,2) -> 457913.44 | I41: =ROUND(E41+H41,2) -> 6181831.4 | J41: =ROUND(I41*10%*19%,2) -> 117454.8 | K41: =ROUND(I41+J41,2) -> 6299286.2 | L41: ='1.1. VR. 2027 ENE-JUN (6 MESES)'!K41 -> 9 | M41: =ROUND(L41*K41,2)*11 -> 6.2362934e+08
B42: 12 HRS DIURNO CON ARMA | C42: DOMINGO A DOMINGO | D42: 30 | E42: =ROUND($E$7*$D$28/30*D42/13*12,0) -> 8585876 | F42: 0.1 | H42: =ROUND(E42*F42,2) -> 858587.6 | I42: =ROUND(E42+H42,2) -> 9444463.6 | J42: =ROUND(I42*10%*19%,2) -> 179444.81 | K42: =ROUND(I42+J42,2) -> 9623908.4 | L42: ='1.1. VR. 2027 ENE-JUN (6 MESES)'!K42 -> 14 | M42: =ROUND(L42*K42,2)*11 -> 1.4820819e+09
L43: =SUM(L38:L42) -> 80 | M43: =ROUND(SUM(M38:M42),2) -> 1.2931425e+10
B46: Estudio del Sector: 0040
B47: Fecha de elaboración: 16/10/2026
B48: Fecha de modificación 1: DIA/ MES/ AÑO
B49: Fecha de modificación 2: DIA/ MES/ AÑO

Sheet 2 OFERTAS HISTORICO M. TEC.
A2: ANALISIS DE OFERTAS HISTORICO ANTES DE SUBASATA
C3: PRESTAR LOS SERVICIOS DE VIGILANCIA Y SEGURIDAD PRIVADA FIJA Y MOVIL, CON MEDIOS TECNOLÓGICOS Y PERSONAL UNIFORMADO CON Y SIN ARMAS, PARA LA ADECUADA PROTECCIÓN, CUSTODIA, AMPARO Y SALVAGUARDA DE LAS PERSONAS QUE LABORAN E INGRESAN A LAS INSTALACIONES Y LOS BIENES MUEBLES E INMUEBLES DE LA FISCALIA GENERAL DE LA NACIÓN Y DEL FONDO ESPECIAL PARA LA ADMINISTRACIÓN DE BIENES – F.E.A.B. DE LA FISCALIA GENERAL DE LA NACIÓN, DE LA REGIONAL CENTRAL, CONFORMADA POR LAS SECCIONALES: I) BOYACA, II) CUNDINAMARCA Y AMAZONAS
F4: PROCESO FGN-RCE-IPSE-0050-2024
A6: ITEM | B6: DESCRIPCION | C6: UBICACIÓN | D6: CANTIDAD | F6: OFERTA 1 - VALOR PARA 2026 | J6: OFERTA 2 - VALOR PARA 2026 | N6: OFERTA 3 - VALOR PARA 2026 | R6: OFERTA 4 - VALOR PARA 2026 | V6: OFERTA 5 - VALOR PARA 2026 | Z6: OFERTA 6 - VALOR PARA 2026 | AD6: OFERTA 7 - VALOR PARA 2026 | AH6: OFERTA 8 - VALOR PARA 2026 | AL6: OFERTA 9 - VALOR PARA 2026 | AP6: OFERTA 10 - VALOR PARA 2026 | AT6: OFERTA 11 - VALOR PARA 2026 | AX6: OFERTA 12 - VALOR PARA 2026 | BB6: OFERTA 13 - VALOR PARA 2026 | BF6: OFERTA 14 - VALOR PARA 2026 | BJ6: OFERTA 15 - VALOR PARA 2026 | BN6: OFERTA 16 - VALOR PARA 2026 | BR6: OFERTA 17 - VALOR PARA 2026 | BV6: OFERTA 18 - VALOR PARA 2026 | BZ6: OFERTA 19 - VALOR PARA 2026 | CD6: OFERTA 20 - VALOR PARA 2026 | CH6: OFERTA 21 - VALOR PARA 2026 | CL6: OFERTA 23 - VALOR PARA 2026 | CP6: PROMEDIO VALORES UNITARIOS | CR6: PROYECCION VALOR UNITARIO INCLUIDO AIU E IVA
F7: VALORES | J7: VALORES | N7: VALORES | R7: VALORES | V7: VALORES | Z7: VALORES | AD7: VALORES | AH7: VALORES | AL7: VALORES | AP7: VALORES | AT7: VALORES | AX7: VALORES | BB7: VALORES | BF7: VALORES | BJ7: VALORES | BN7: VALORES | BR7: VALORES | BV7: VALORES | BZ7: VALORES | CD7: VALORES | CH7: VALORES | CL7: VALORES
F8: SUBTOTAL UNITARIO MENSUAL INCLUIDO AIU E IVA | G8: SUBTOTAL MES POR TOTALES REQUERIDOS INCLUIDO AIU E IVA | H8: VALOR TOTAL 1 MES INCLUIDO AIU E IVA | J8: SUBTOTAL UNITARIO MENSUAL INCLUIDO AIU E IVA | K8: SUBTOTAL MES POR TOTALES REQUERIDOS INCLUIDO AIU E IVA | L8: VALOR TOTAL 1 MES INCLUIDO AIU E IVA | N8: SUBTOTAL UNITARIO MENSUAL INCLUIDO AIU E IVA | O8: SUBTOTAL MES POR TOTALES REQUERIDOS INCLUIDO AIU E IVA | P8: VALOR TOTAL 1 MES INCLUIDO AIU E IVA | R8: SUBTOTAL UNITARIO MENSUAL INCLUIDO AIU E IVA | S8: SUBTOTAL MES POR TOTALES REQUERIDOS INCLUIDO AIU E IVA | T8: VALOR TOTAL 1 MES INCLUIDO AIU E IVA | V8: SUBTOTAL UNITARIO MENSUAL INCLUIDO AIU E IVA | W8: SUBTOTAL MES POR TOTALES REQUERIDOS INCLUIDO AIU E IVA | X8: VALOR TOTAL 1 MES INCLUIDO AIU E IVA | Z8: SUBTOTAL UNITARIO MENSUAL INCLUIDO AIU E IVA | AA8: SUBTOTAL MES POR TOTALES REQUERIDOS INCLUIDO AIU E IVA | AB8: VALOR TOTAL 1 MES INCLUIDO AIU E IVA | AD8: SUBTOTAL UNITARIO MENSUAL INCLUIDO AIU E IVA | AE8: SUBTOTAL MES POR TOTALES REQUERIDOS INCLUIDO AIU E IVA | AF8: VALOR TOTAL 1 MES INCLUIDO AIU E IVA | AH8: SUBTOTAL UNITARIO MENSUAL INCLUIDO AIU E IVA | AI8: SUBTOTAL MES POR TOTALES REQUERIDOS INCLUIDO AIU E IVA | AJ8: VALOR TOTAL 1 MES INCLUIDO AIU E IVA | AL8: SUBTOTAL UNITARIO MENSUAL INCLUIDO AIU E IVA | AM8: SUBTOTAL MES POR TOTALES REQUERIDOS INCLUIDO AIU E IVA | AN8: VALOR TOTAL 1 MES INCLUIDO AIU E IVA | AP8: SUBTOTAL UNITARIO MENSUAL INCLUIDO AIU E IVA | AQ8: SUBTOTAL MES POR TOTALES REQUERIDOS INCLUIDO AIU E IVA | AR8: VALOR TOTAL 1 MES INCLUIDO AIU E IVA | AT8: SUBTOTAL UNITARIO MENSUAL INCLUIDO AIU E IVA | AU8: SUBTOTAL MES POR TOTALES REQUERIDOS INCLUIDO AIU E IVA | AV8: VALOR TOTAL 1 MES INCLUIDO AIU E IVA | AX8: SUBTOTAL UNITARIO MENSUAL INCLUIDO AIU E IVA | AY8: SUBTOTAL MES POR TOTALES REQUERIDOS INCLUIDO AIU E IVA | AZ8: VALOR TOTAL 1 MES INCLUIDO AIU E IVA | BB8: SUBTOTAL UNITARIO MENSUAL INCLUIDO AIU E IVA | BC8: SUBTOTAL MES POR TOTALES REQUERIDOS INCLUIDO AIU E IVA | BD8: VALOR TOTAL 1 MES INCLUIDO AIU E IVA | BF8: SUBTOTAL UNITARIO MENSUAL INCLUIDO AIU E IVA | BG8: SUBTOTAL MES POR TOTALES REQUERIDOS INCLUIDO AIU E IVA | BH8: VALOR TOTAL 1 MES INCLUIDO AIU E IVA | BJ8: SUBTOTAL UNITARIO MENSUAL INCLUIDO AIU E IVA | BK8: SUBTOTAL MES POR TOTALES REQUERIDOS INCLUIDO AIU E IVA | BL8: VALOR TOTAL 1 MES INCLUIDO AIU E IVA | BN8: SUBTOTAL UNITARIO MENSUAL INCLUIDO AIU E IVA | BO8: SUBTOTAL MES POR TOTALES REQUERIDOS INCLUIDO AIU E IVA | BP8: VALOR TOTAL 1 MES INCLUIDO AIU E IVA | BR8: SUBTOTAL UNITARIO MENSUAL INCLUIDO AIU E IVA | BS8: SUBTOTAL MES POR TOTALES REQUERIDOS INCLUIDO AIU E IVA | BT8: VALOR TOTAL 1 MES INCLUIDO AIU E IVA | BV8: SUBTOTAL UNITARIO MENSUAL INCLUIDO AIU E IVA | BW8: SUBTOTAL MES POR TOTALES REQUERIDOS INCLUIDO AIU E IVA | BX8: VALOR TOTAL 1 MES INCLUIDO AIU E IVA | BZ8: SUBTOTAL UNITARIO MENSUAL INCLUIDO AIU E IVA | CA8: SUBTOTAL MES POR TOTALES REQUERIDOS INCLUIDO AIU E IVA | CB8: VALOR TOTAL 1 MES INCLUIDO AIU E IVA | CD8: SUBTOTAL UNITARIO MENSUAL INCLUIDO AIU E IVA | CE8: SUBTOTAL MES POR TOTALES REQUERIDOS INCLUIDO AIU E IVA | CF8: VALOR TOTAL 1 MES INCLUIDO AIU E IVA | CH8: SUBTOTAL UNITARIO MENSUAL INCLUIDO AIU E IVA | CI8: SUBTOTAL MES POR TOTALES REQUERIDOS INCLUIDO AIU E IVA | CJ8: VALOR TOTAL 1 MES INCLUIDO AIU E IVA | CL8: SUBTOTAL UNITARIO MENSUAL INCLUIDO AIU E IVA | CM8: SUBTOTAL MES POR TOTALES REQUERIDOS INCLUIDO AIU E IVA | CN8: VALOR TOTAL 1 MES INCLUIDO AIU E IVA | CR8: IPC AÑO CORRIDO 2026 (-3) PUNTOS DE INCREMENTO QUE TUVO 2026 EN EL PROCESO
A9: SECCIONAL CUNDINAMAMRCA - AMAZONAS | CR9: 0.0324
A10: 1 | B10: MONITOR DE 32" LED FULL HD, Resolución: Full HD 1920x1080, Brillo de 400 cd/m2, Entradas HDMI, VGA, USB. Salida de audio. Capacidad de trabajo 7/24. | C10: CONFORME A LO ESPECIFICADO EN LA FICHA TECNICA | D10: 44 | F10: 18200 | G10: =$D$10*F10 -> 800800 | H10: =G10*1 -> 800800 | J10: 16930 | K10: =$D$10*J10 -> 744920 | L10: =K10*1 -> 744920 | N10: 16923 | O10: =$D$10*N10 -> 744612 | P10: =O10*1 -> 744612 | R10: 14814 | S10: =$D$10*R10 -> 651816 | T10: =S10*1 -> 651816 | V10: 2115.9084 | W10: =$D$10*V10 -> 93099.97 | X10: =W10*1 -> 93099.97 | Z10: 14814 | AA10: =$D$10*Z10 -> 651816 | AB10: =AA10*1 -> 651816 | AD10: 1 | AE10: =$D$10*AD10 -> 44 | AF10: =AE10*1 -> 44 | AH10: 10582 | AI10: =$D$10*AH10 -> 465608 | AJ10: =AI10*1 -> 465608 | AL10: 16930 | AM10: =$D$10*AL10 -> 744920 | AN10: =AM10*1 -> 744920 | AP10: 10582 | AQ10: =$D$10*AP10 -> 465608 | AR10: =AQ10*1 -> 465608 | AT10: 16930 | AU10: =$D$10*AT10 -> 744920 | AV10: =AU10*1 -> 744920 | AX10: 16930 | AY10: =$D$10*AX10 -> 744920 | AZ10: =AY10*1 -> 744920 | BB10: 20740 | BC10: =$D$10*BB10 -> 912560 | BD10: =BC10*1 -> 912560 | BF10: 18999 | BG10: =$D$10*BF10 -> 835956 | BH10: =BG10*1 -> 835956 | BJ10: 0 | BK10: =$D$10*BJ10 -> 0 | BL10: =BK10*1 -> 0 | BN10: 17989 | BO10: =$D$10*BN10 -> 791516 | BP10: =BO10*1 -> 791516 | BR10: 21163 | BS10: =$D$10*BR10 -> 931172 | BT10: =BS10*1 -> 931172 | BV10: 16930 | BW10: =$D$10*BV10 -> 744920 | BX10: =BW10*1 -> 744920 | BZ10: 15661 | CA10: =$D$10*BZ10 -> 689084 | CB10: =CA10*1 -> 689084 | CD10: 1 | CE10: =$D$10*CD10 -> 44 | CF10: =CE10*1 -> 44 | CH10: 15872 | CI10: =$D$10*CH10 -> 698368 | CJ10: =CI10*1 -> 698368 | CL10: 17989 | CM10: =$D$10*CL10 -> 791516 | CN10: =CM10*1 -> 791516 | CP10: =AVERAGE(J10,N10,R10,Z10,AH10,AL10,AP10,AT10,AX10,BN10,BV10,BZ10,CH10,CL10) -> 15705.429 | CR10: =CP10*1.0324 -> 16214.284
A11: 2 | B11: CAMARAS FIJA TIPO MINI DOMO IP Resolución (4 Megapíxeles 30 fps 2688x1520), Iluminación mínima 0.01lux B/N 0 Lux, Día/Noche Real con filtro ICR, Distancia Focal 2.8 mm/4mm/6mm, Iluminación IR 30 mts Compresión de video H264+/H265, Detección de movimiento. Protección Ip67, Puerto de red RJ45 10M/100M/1000M, PoE (Power over Ethernet), Protocolos TCP/IP, ICMP, HTTP, HTTPS, DHCP, DNS, RTP, RTSP, RTCP, NTP, IGMP, QoS, UDP. EL TIPO DE CÁMARA DEPENDERÁ DEL SITIO EN EL QUE SE INSTALARÁ (DOMO INTERIORES, BALA EXTERIORES). | C11: CONFORME A LO ESPECIFICADO EN LA FICHA TECNICA | D11: 236 | F11: 7643 | G11: =$D$10*F11 -> 336292 | H11: =G11*1 -> 336292 | J11: 7110 | K11: =$D$10*J11 -> 312840 | L11: =K11*1 -> 312840 | N11: 7097 | O11: =$D$10*N11 -> 312268 | P11: =O11*1 -> 312268 | R11: 6221 | S11: =$D$10*R11 -> 273724 | T11: =S11*1 -> 273724 | V11: 888.7252 | W11: =$D$10*V11 -> 39103.909 | X11: =W11*1 -> 39103.909 | Z11: 6221 | AA11: =$D$10*Z11 -> 273724 | AB11: =AA11*1 -> 273724 | AD11: 1 | AE11: =$D$10*AD11 -> 44 | AF11: =AE11*1 -> 44 | AH11: 4443 | AI11: =$D$10*AH11 -> 195492 | AJ11: =AI11*1 -> 195492 | AL11: 7110 | AM11: =$D$10*AL11 -> 312840 | AN11: =AM11*1 -> 312840 | AP11: 4443 | AQ11: =$D$10*AP11 -> 195492 | AR11: =AQ11*1 -> 195492 | AT11: 7110 | AU11: =$D$10*AT11 -> 312840 | AV11: =AU11*1 -> 312840 | AX11: 7110 | AY11: =$D$10*AX11 -> 312840 | AZ11: =AY11*1 -> 312840 | BB11: 8710 | BC11: =$D$10*BB11 -> 383240 | BD11: =BC11*1 -> 383240 | BF11: 7978 | BG11: =$D$10*BF11 -> 351032 | BH11: =BG11*1 -> 351032 | BJ11: 0 | BK11: =$D$10*BJ11 -> 0 | BL11: =BK11*1 -> 0 | BN11: 7554 | BO11: =$D$10*BN11 -> 332376 | BP11: =BO11*1 -> 332376 | BR11: 8887 | BS11: =$D$10*BR11 -> 391028 | BT11: =BS11*1 -> 391028 | BV11: 7110 | BW11: =$D$10*BV11 -> 312840 | BX11: =BW11*1 -> 312840 | BZ11: 6577 | CA11: =$D$10*BZ11 -> 289388 | CB11: =CA11*1 -> 289388 | CD11: 1 | CE11: =$D$10*CD11 -> 44 | CF11: =CE11*1 -> 44 | CH11: 6665 | CI11: =$D$10*CH11 -> 293260 | CJ11: =CI11*1 -> 293260 | CL11: 7554 | CM11: =$D$10*CL11 -> 332376 | CN11: =CM11*1 -> 332376 | CP11: =AVERAGE(J11,N11,R11,Z11,AH11,AL11,AP11,AT11,AX11,BN11,BV11,BZ11,CH11,CL11) -> 6594.6429 | CR11: =CP11*1.0324 -> 6808.3093
A12: 3 | B12: CAMARAS IP TIPO BALA Resolución (4 Megapíxeles 30 fps 2688x1520), Iluminación mínima 0.01lux B/N 0 Lux, Día/Noche Real con filtro ICR, Distancia Focal 2.8 mm/4mm, Iluminación IR 30 m, Compresión de video H264+/H265, Detección de movimiento. Protección Ip67, Puerto de red RJ45 10M/100M/1000M, PoE (Power over Ethernet) Protocolos TCP/IP, ICMP, HTTP, HTTPS, DHCP, DNS, RTP, RTSP, RTCP, NTP, IGMP, QoS, UDP. | C12: CONFORME A LO ESPECIFICADO EN LA FICHA TECNICA | D12: 114 | F12: 3123 | G12: =$D$10*F12 -> 137412 | H12: =G12*1 -> 137412 | J12: 2905 | K12: =$D$10*J12 -> 127820 | L12: =K12*1 -> 127820 | N12: 2948 | O12: =$D$10*N12 -> 129712 | P12: =O12*1 -> 129712 | R12: 2542 | S12: =$D$10*R12 -> 111848 | T12: =S12*1 -> 111848 | V12: 363.5694 | W12: =$D$10*V12 -> 15997.054 | X12: =W12*1 -> 15997.054 | Z12: 2542 | AA12: =$D$10*Z12 -> 111848 | AB12: =AA12*1 -> 111848 | AD12: 1 | AE12: =$D$10*AD12 -> 44 | AF12: =AE12*1 -> 44 | AH12: 1816 | AI12: =$D$10*AH12 -> 79904 | AJ12: =AI12*1 -> 79904 | AL12: 2905 | AM12: =$D$10*AL12 -> 127820 | AN12: =AM12*1 -> 127820 | AP12: 1816 | AQ12: =$D$10*AP12 -> 79904 | AR12: =AQ12*1 -> 79904 | AT12: 2905 | AU12: =$D$10*AT12 -> 127820 | AV12: =AU12*1 -> 127820 | AX12: 2905 | AY12: =$D$10*AX12 -> 127820 | AZ12: =AY12*1 -> 127820 | BB12: 3559 | BC12: =$D$10*BB12 -> 156596 | BD12: =BC12*1 -> 156596 | BF12: 3259 | BG12: =$D$10*BF12 -> 143396 | BH12: =BG12*1 -> 143396 | BJ12: 0 | BK12: =$D$10*BJ12 -> 0 | BL12: =BK12*1 -> 0 | BN12: 3086 | BO12: =$D$10*BN12 -> 135784 | BP12: =BO12*1 -> 135784 | BR12: 3631 | BS12: =$D$10*BR12 -> 159764 | BT12: =BS12*1 -> 159764 | BV12: 2905 | BW12: =$D$10*BV12 -> 127820 | BX12: =BW12*1 -> 127820 | BZ12: 2686 | CA12: =$D$10*BZ12 -> 118184 | CB12: =CA12*1 -> 118184 | CD12: 1 | CE12: =$D$10*CD12 -> 44 | CF12: =CE12*1 -> 44 | CH12: 2723 | CI12: =$D$10*CH12 -> 119812 | CJ12: =CI12*1 -> 119812 | CL12: 3086 | CM12: =$D$10*CL12 -> 135784 | CN12: =CM12*1 -> 135784 | CP12: =AVERAGE(J12,N12,R12,Z12,AH12,AL12,AP12,AT12,AX12,BN12,BV12,BZ12,CH12,CL12) -> 2697.8571 | CR12: =CP12*1.0324 -> 2785.2677
A13: 4 | B13: CIBERDOMO IP PTZ cámara Tipo Domo IP Resolución (2 Megapíxeles 1920x1080). Iluminación IR 150 m, zoom óptico de 25x, Zoom digital 16x, Sensor de imagen 1/2.8”, Distancia focal 4.8mm a 120mm, Sistema de señal PAL/NTSC, Balance de blancos: Auto/Manual ATW/interior/ exterior/Día/Noche ICR, Compresión de video H264+/H265, Puerto de red Rj45 10M/100M/1000M Ethernet PoE+, Alimentación 24VAC & PoE. Protección Ip66 • Incluye fuente y soporte para pared. | C13: CONFORME A LO ESPECIFICADO EN LA FICHA TECNICA | D13: 21 | F13: 12975 | G13: =$D$10*F13 -> 570900 | H13: =G13*1 -> 570900 | J13: 12070 | K13: =$D$10*J13 -> 531080 | L13: =K13*1 -> 531080 | N13: 12119 | O13: =$D$10*N13 -> 533236 | P13: =O13*1 -> 533236 | R13: 10561 | S13: =$D$10*R13 -> 464684 | T13: =S13*1 -> 464684 | V13: 1508.8676 | W13: =$D$10*V13 -> 66390.174 | X13: =W13*1 -> 66390.174 | Z13: 10561 | AA13: =$D$10*Z13 -> 464684 | AB13: =AA13*1 -> 464684 | AD13: 1 | AE13: =$D$10*AD13 -> 44 | AF13: =AE13*1 -> 44 | AH13: 7545 | AI13: =$D$10*AH13 -> 331980 | AJ13: =AI13*1 -> 331980 | AL13: 12070 | AM13: =$D$10*AL13 -> 531080 | AN13: =AM13*1 -> 531080 | AP13: 7545 | AQ13: =$D$10*AP13 -> 331980 | AR13: =AQ13*1 -> 331980 | AT13: 12070 | AU13: =$D$10*AT13 -> 531080 | AV13: =AU13*1 -> 531080 | AX13: 12070 | AY13: =$D$10*AX13 -> 531080 | AZ13: =AY13*1 -> 531080 | BB13: 14787 | BC13: =$D$10*BB13 -> 650628 | BD13: =BC13*1 -> 650628 | BF13: 13545 | BG13: =$D$10*BF13 -> 595980 | BH13: =BG13*1 -> 595980 | BJ13: 0 | BK13: =$D$10*BJ13 -> 0 | BL13: =BK13*1 -> 0 | BN13: 12825 | BO13: =$D$10*BN13 -> 564300 | BP13: =BO13*1 -> 564300 | BR13: 15087 | BS13: =$D$10*BR13 -> 663828 | BT13: =BS13*1 -> 663828 | BV13: 12070 | BW13: =$D$10*BV13 -> 531080 | BX13: =BW13*1 -> 531080 | BZ13: 11165 | CA13: =$D$10*BZ13 -> 491260 | CB13: =CA13*1 -> 491260 | CD13: 1 | CE13: =$D$10*CD13 -> 44 | CF13: =CE13*1 -> 44 | CH13: 11316 | CI13: =$D$10*CH13 -> 497904 | CJ13: =CI13*1 -> 497904 | CL13: 12825 | CM13: =$D$10*CL13 -> 564300 | CN13: =CM13*1 -> 564300 | CP13: =AVERAGE(J13,N13,R13,Z13,AH13,AL13,AP13,AT13,AX13,BN13,BV13,BZ13,CH13,CL13) -> 11200.857 | CR13: =CP13*1.0324 -> 11563.765
A14: 5 | B14: GRABADOR DE 8/16/32 CANALES PENTAHIBRIDO 8/16/32 Canales Pentahibrido. Video Grabador Digital. Procesador Embebido Compresión de Video H.265+/H.265/H.264+. Entradas de video Max 10/16/32 canales IP. Cada canal hasta 5MP Min. Ancho de Banda 200/260Mbps. Búsqueda Inteligente. Función RAID 0, RAID 1, RAID 5, RAID 6 and RAID 10. Puerto de red Rj45 10M/100M/1000M Ethernet. 4 bahías SATA con soporte de discos hasta de 10TB por cada disco. LA CANTIDAD DE CANALES DE ENTRADA DEPENDERÁ DE LA SEDE EN LA QUE SE INSTALE EL EQUIPO. (DE AUERDO CON LA CANTIDAD DE CÁMARAS). | C14: CONFORME A LO ESPECIFICADO EN LA FICHA TECNICA | D14: 39 | F14: 14319 | G14: =$D$10*F14 -> 630036 | H14: =G14*1 -> 630036 | J14: 13320 | K14: =$D$10*J14 -> 586080 | L14: =K14*1 -> 586080 | N14: 13320 | O14: =$D$10*N14 -> 586080 | P14: =O14*1 -> 586080 | R14: 11655 | S14: =$D$10*R14 -> 512820 | T14: =S14*1 -> 512820 | V14: 1664.995 | W14: =$D$10*V14 -> 73259.78 | X14: =W14*1 -> 73259.78 | Z14: 11655 | AA14: =$D$10*Z14 -> 512820 | AB14: =AA14*1 -> 512820 | AD14: 1 | AE14: =$D$10*AD14 -> 44 | AF14: =AE14*1 -> 44 | AH14: 8325 | AI14: =$D$10*AH14 -> 366300 | AJ14: =AI14*1 -> 366300 | AL14: 13320 | AM14: =$D$10*AL14 -> 586080 | AN14: =AM14*1 -> 586080 | AP14: 8325 | AQ14: =$D$10*AP14 -> 366300 | AR14: =AQ14*1 -> 366300 | AT14: 13320 | AU14: =$D$10*AT14 -> 586080 | AV14: =AU14*1 -> 586080 | AX14: 13320 | AY14: =$D$10*AX14 -> 586080 | AZ14: =AY14*1 -> 586080 | BB14: 16317 | BC14: =$D$10*BB14 -> 717948 | BD14: =BC14*1 -> 717948 | BF14: 14947 | BG14: =$D$10*BF14 -> 657668 | BH14: =BG14*1 -> 657668 | BJ14: 0 | BK14: =$D$10*BJ14 -> 0 | BL14: =BK14*1 -> 0 | BN14: 14152 | BO14: =$D$10*BN14 -> 622688 | BP14: =BO14*1 -> 622688 | BR14: 16650 | BS14: =$D$10*BR14 -> 732600 | BT14: =BS14*1 -> 732600 | BV14: 13320 | BW14: =$D$10*BV14 -> 586080 | BX14: =BW14*1 -> 586080 | BZ14: 12321 | CA14: =$D$10*BZ14 -> 542124 | CB14: =CA14*1 -> 542124 | CD14: 1 | CE14: =$D$10*CD14 -> 44 | CF14: =CE14*1 -> 44 | CH14: 12488 | CI14: =$D$10*CH14 -> 549472 | CJ14: =CI14*1 -> 549472 | CL14: 14152 | CM14: =$D$10*CL14 -> 622688 | CN14: =CM14*1 -> 622688 | CP14: =AVERAGE(J14,N14,R14,Z14,AH14,AL14,AP14,AT14,AX14,BN14,BV14,BZ14,CH14,CL14) -> 12356.643 | CR14: =CP14*1.0324 -> 12756.998
A15: 6 | B15: CONTROL JOYSTICK. Joystick tridimensional para el control de Cámaras PTZ. Funciones: Posición Predeterminada, Auto Scan, Auto Pan, Auto Tour. | C15: CONFORME A LO ESPECIFICADO EN LA FICHA TECNICA | D15: 13 | F15: 8922 | G15: =$D$10*F15 -> 392568 | H15: =G15*1 -> 392568 | J15: 8300 | K15: =$D$10*J15 -> 365200 | L15: =K15*1 -> 365200 | N15: 8298 | O15: =$D$10*N15 -> 365112 | P15: =O15*1 -> 365112 | R15: 7262 | S15: =$D$10*R15 -> 319528 | T15: =S15*1 -> 319528 | V15: 1037.21 | W15: =$D$10*V15 -> 45637.24 | X15: =W15*1 -> 45637.24 | Z15: 7262 | AA15: =$D$10*Z15 -> 319528 | AB15: =AA15*1 -> 319528 | AD15: 1 | AE15: =$D$10*AD15 -> 44 | AF15: =AE15*1 -> 44 | AH15: 5187 | AI15: =$D$10*AH15 -> 228228 | AJ15: =AI15*1 -> 228228 | AL15: 8300 | AM15: =$D$10*AL15 -> 365200 | AN15: =AM15*1 -> 365200 | AP15: 5187 | AQ15: =$D$10*AP15 -> 228228 | AR15: =AQ15*1 -> 228228 | AT15: 8300 | AU15: =$D$10*AT15 -> 365200 | AV15: =AU15*1 -> 365200 | AX15: 8300 | AY15: =$D$10*AX15 -> 365200 | AZ15: =AY15*1 -> 365200 | BB15: 10167 | BC15: =$D$10*BB15 -> 447348 | BD15: =BC15*1 -> 447348 | BF15: 9313 | BG15: =$D$10*BF15 -> 409772 | BH15: =BG15*1 -> 409772 | BJ15: 0 | BK15: =$D$10*BJ15 -> 0 | BL15: =BK15*1 -> 0 | BN15: 8818 | BO15: =$D$10*BN15 -> 387992 | BP15: =BO15*1 -> 387992 | BR15: 10374 | BS15: =$D$10*BR15 -> 456456 | BT15: =BS15*1 -> 456456 | BV15: 8300 | BW15: =$D$10*BV15 -> 365200 | BX15: =BW15*1 -> 365200 | BZ15: 7677 | CA15: =$D$10*BZ15 -> 337788 | CB15: =CA15*1 -> 337788 | CD15: 1 | CE15: =$D$10*CD15 -> 44 | CF15: =CE15*1 -> 44 | CH15: 7782 | CI15: =$D$10*CH15 -> 342408 | CJ15: =CI15*1 -> 342408 | CL15: 8818 | CM15: =$D$10*CL15 -> 387992 | CN15: =CM15*1 -> 387992 | CP15: =AVERAGE(J15,N15,R15,Z15,AH15,AL15,AP15,AT15,AX15,BN15,BV15,BZ15,CH15,CL15) -> 7699.3571 | CR15: =CP15*1.0324 -> 7948.8163
A16: 7 | B16: SISTEMA DE IDENTIFICACIÓN BIOMÉTRICA PARA INGRESO DE FUNCIONARIOS. Lectores duales Biométrico y RFID (lectora de tarjetas de proximidad). Debe soportar tarjetas con el protocolo MIFARE PLUS X 4K (Carné Institucional). Software de administración y configuración del sistema. El software debe permitir la generación de reportes tanto de ingreso como de salida. El sistema debe soportar hasta 20.000 plantillas de huellas digitales, 60.000 tarjetas y almacenar hasta 100.000 eventos y transacciones. La información debe permanecer guardada en la memoria interna en caso de pérdida de energía. El controlador deberá continuar operando aún si se interrumpe la conexión de red. Deberá incluir: panel gabinete, batería transformador, lectoras requeridas para el bloqueo de puertas, electroimán de 350lb, brazo, anti remanente y pulsador. El sistema debe contar con una UPS de respaldo de energía diferente a la del sistema de CCTV. | C16: CONFORME A LO ESPECIFICADO EN LA FICHA TECNICA | D16: 2 | F16: 16062 | G16: =$D$10*F16 -> 706728 | H16: =G16*1 -> 706728 | J16: 14941 | K16: =$D$10*J16 -> 657404 | L16: =K16*1 -> 657404 | N16: 14958 | O16: =$D$10*N16 -> 658152 | P16: =O16*1 -> 658152 | R16: 13073 | S16: =$D$10*R16 -> 575212 | T16: =S16*1 -> 575212 | V16: 1868.0698 | W16: =$D$10*V16 -> 82195.071 | X16: =W16*1 -> 82195.071 | Z16: 13073 | AA16: =$D$10*Z16 -> 575212 | AB16: =AA16*1 -> 575212 | AD16: 1 | AE16: =$D$10*AD16 -> 44 | AF16: =AE16*1 -> 44 | AH16: 9338 | AI16: =$D$10*AH16 -> 410872 | AJ16: =AI16*1 -> 410872 | AL16: 14941 | AM16: =$D$10*AL16 -> 657404 | AN16: =AM16*1 -> 657404 | AP16: 9338 | AQ16: =$D$10*AP16 -> 410872 | AR16: =AQ16*1 -> 410872 | AT16: 14941 | AU16: =$D$10*AT16 -> 657404 | AV16: =AU16*1 -> 657404 | AX16: 14941 | AY16: =$D$10*AX16 -> 657404 | AZ16: =AY16*1 -> 657404 | BB16: 18303 | BC16: =$D$10*BB16 -> 805332 | BD16: =BC16*1 -> 805332 | BF16: 16766 | BG16: =$D$10*BF16 -> 737704 | BH16: =BG16*1 -> 737704 | BJ16: 0 | BK16: =$D$10*BJ16 -> 0 | BL16: =BK16*1 -> 0 | BN16: 15875 | BO16: =$D$10*BN16 -> 698500 | BP16: =BO16*1 -> 698500 | BR16: 18676 | BS16: =$D$10*BR16 -> 821744 | BT16: =BS16*1 -> 821744 | BV16: 14941 | BW16: =$D$10*BV16 -> 657404 | BX16: =BW16*1 -> 657404 | BZ16: 13821 | CA16: =$D$10*BZ16 -> 608124 | CB16: =CA16*1 -> 608124 | CD16: 1 | CE16: =$D$10*CD16 -> 44 | CF16: =CE16*1 -> 44 | CH16: 14008 | CI16: =$D$10*CH16 -> 616352 | CJ16: =CI16*1 -> 616352 | CL16: 15875 | CM16: =$D$10*CL16 -> 698500 | CN16: =CM16*1 -> 698500 | CP16: =AVERAGE(J16,N16,R16,Z16,AH16,AL16,AP16,AT16,AX16,BN16,BV16,BZ16,CH16,CL16) -> 13861.714 | CR16: =CP16*1.0324 -> 14310.834
A17: 8 | B17: SISTEMA DE REGISTRO Y CONTROL DE ACCESO DE VISITANTES. Estación de registro. (En sedes principales se debe contar con mínimo dos (2) estaciones de registro). Lector de Cédula de ciudadanía. Cámara para registro fotográfico. Capturador Biométrico de huella. Software Licenciado Y Operativo. Debe permitir la generación de reportes tanto de ingreso como de salida. El sistema debe contar con una UPS de respaldo de energía diferente a la del sistema de CCTV. | C17: CONFORME A LO ESPECIFICADO EN LA FICHA TECNICA | D17: 2 | F17: 32122 | G17: =$D$10*F17 -> 1413368 | H17: =G17*1 -> 1413368 | J17: 29881 | K17: =$D$10*J17 -> 1314764 | L17: =K17*1 -> 1314764 | N17: 29915 | O17: =$D$10*N17 -> 1316260 | P17: =O17*1 -> 1316260 | R17: 26147 | S17: =$D$10*R17 -> 1150468 | T17: =S17*1 -> 1150468 | V17: 3735.0478 | W17: =$D$10*V17 -> 164342.1 | X17: =W17*1 -> 164342.1 | Z17: 26147 | AA17: =$D$10*Z17 -> 1150468 | AB17: =AA17*1 -> 1150468 | AD17: 1 | AE17: =$D$10*AD17 -> 44 | AF17: =AE17*1 -> 44 | AH17: 18676 | AI17: =$D$10*AH17 -> 821744 | AJ17: =AI17*1 -> 821744 | AL17: 29881 | AM17: =$D$10*AL17 -> 1314764 | AN17: =AM17*1 -> 1314764 | AP17: 18676 | AQ17: =$D$10*AP17 -> 821744 | AR17: =AQ17*1 -> 821744 | AT17: 29881 | AU17: =$D$10*AT17 -> 1314764 | AV17: =AU17*1 -> 1314764 | AX17: 29881 | AY17: =$D$10*AX17 -> 1314764 | AZ17: =AY17*1 -> 1314764 | BB17: 36605 | BC17: =$D$10*BB17 -> 1610620 | BD17: =BC17*1 -> 1610620 | BF17: 33532 | BG17: =$D$10*BF17 -> 1475408 | BH17: =BG17*1 -> 1475408 | BJ17: 0 | BK17: =$D$10*BJ17 -> 0 | BL17: =BK17*1 -> 0 | BN17: 31749 | BO17: =$D$10*BN17 -> 1396956 | BP17: =BO17*1 -> 1396956 | BR17: 37352 | BS17: =$D$10*BR17 -> 1643488 | BT17: =BS17*1 -> 1643488 | BV17: 29881 | BW17: =$D$10*BV17 -> 1314764 | BX17: =BW17*1 -> 1314764 | BZ17: 27640 | CA17: =$D$10*BZ17 -> 1216160 | CB17: =CA17*1 -> 1216160 | CD17: 1 | CE17: =$D$10*CD17 -> 44 | CF17: =CE17*1 -> 44 | CH17: 28013 | CI17: =$D$10*CH17 -> 1232572 | CJ17: =CI17*1 -> 1232572 | CL17: 31749 | CM17: =$D$10*CL17 -> 1396956 | CN17: =CM17*1 -> 1396956 | CP17: =AVERAGE(J17,N17,R17,Z17,AH17,AL17,AP17,AT17,AX17,BN17,BV17,BZ17,CH17,CL17) -> 27722.643 | CR17: =CP17*1.0324 -> 28620.856
A18: 9 | B18: UPS RESPALDO DE ENERGIA DE 3KVA PARA SOPORTAR SISTEMA DE CCTV • Doble conversión en línea. Entrada y salida monofásica. Alto Factor de potencia de Entrada 0.98 y salida 0.9. Alta confiabilidad y Eficiencia > 95%. Función ECO ahorrador de energía. Apagado de emergencia EPO. Conexión de batería externa. UPS ONLINE con tipo control micro-procesado por DSP, Bypass automático. Certificación RETIE. DEBE SOPORTAR TODO EL SISTEMA DE CCTV, INCLUYENDO LAS CÁMARAS DE VIDEO POR UN PERIODO DE TIEMPO MÍNIMO DE DOS (2) HORAS EN CASO DE PÉRDIDA DEL FUIDO ELÉCTRICO. | C18: CONFORME A LO ESPECIFICADO EN LA FICHA TECNICA | D18: 37 | F18: 20653 | G18: =$D$10*F18 -> 908732 | H18: =G18*1 -> 908732 | J18: 19212 | K18: =$D$10*J18 -> 845328 | L18: =K18*1 -> 845328 | N18: 19216 | O18: =$D$10*N18 -> 845504 | P18: =O18*1 -> 845504 | R18: 16811 | S18: =$D$10*R18 -> 739684 | T18: =S18*1 -> 739684 | V18: 2401.96 | W18: =$D$10*V18 -> 105686.24 | X18: =W18*1 -> 105686.24 | Z18: 16811 | AA18: =$D$10*Z18 -> 739684 | AB18: =AA18*1 -> 739684 | AD18: 1 | AE18: =$D$10*AD18 -> 44 | AF18: =AE18*1 -> 44 | AH18: 12008 | AI18: =$D$10*AH18 -> 528352 | AJ18: =AI18*1 -> 528352 | AL18: 19212 | AM18: =$D$10*AL18 -> 845328 | AN18: =AM18*1 -> 845328 | AP18: 12008 | AQ18: =$D$10*AP18 -> 528352 | AR18: =AQ18*1 -> 528352 | AT18: 19212 | AU18: =$D$10*AT18 -> 845328 | AV18: =AU18*1 -> 845328 | AX18: 19212 | AY18: =$D$10*AX18 -> 845328 | AZ18: =AY18*1 -> 845328 | BB18: 23533 | BC18: =$D$10*BB18 -> 1035452 | BD18: =BC18*1 -> 1035452 | BF18: 21558 | BG18: =$D$10*BF18 -> 948552 | BH18: =BG18*1 -> 948552 | BJ18: 0 | BK18: =$D$10*BJ18 -> 0 | BL18: =BK18*1 -> 0 | BN18: 20412 | BO18: =$D$10*BN18 -> 898128 | BP18: =BO18*1 -> 898128 | BR18: 24014 | BS18: =$D$10*BR18 -> 1056616 | BT18: =BS18*1 -> 1056616 | BV18: 19212 | BW18: =$D$10*BV18 -> 845328 | BX18: =BW18*1 -> 845328 | BZ18: 17771 | CA18: =$D$10*BZ18 -> 781924 | CB18: =CA18*1 -> 781924 | CD18: 1 | CE18: =$D$10*CD18 -> 44 | CF18: =CE18*1 -> 44 | CH18: 18011 | CI18: =$D$10*CH18 -> 792484 | CJ18: =CI18*1 -> 792484 | CL18: 20412 | CM18: =$D$10*CL18 -> 898128 | CN18: =CM18*1 -> 898128 | CP18: =AVERAGE(J18,N18,R18,Z18,AH18,AL18,AP18,AT18,AX18,BN18,BV18,BZ18,CH18,CL18) -> 17822.857 | CR18: =CP18*1.0324 -> 18400.318
A19: 13662 | B19: RACK DE PISO O EMPOTRABLE DE 20 UNIDADES, Material metálico cold rolled. Pintura electrostática. Ruedas o tornillos de nivelación. Puerta frontal con llave. Las Dimensiones deben ser las adecuadas y que permitan salvaguardar la UPS, el cableado y los demás equipos del sistema de CCTV. EL RACK USADO DEPENDERÁ DEL TAMAÑO DE LA SEDE EN LA QUE SE VA A INSTALAR. | C19: CONFORME A LO ESPECIFICADO EN LA FICHA TECNICA | D19: 37 | F19: 3808 | G19: =$D$10*F19 -> 167552 | H19: =G19*1 -> 167552 | J19: 3543 | K19: =$D$10*J19 -> 155892 | L19: =K19*1 -> 155892 | N19: 3494 | O19: =$D$10*N19 -> 153736 | P19: =O19*1 -> 153736 | R19: 3099 | S19: =$D$10*R19 -> 136356 | T19: =S19*1 -> 136356 | V19: 443.2708 | W19: =$D$10*V19 -> 19503.915 | X19: =W19*1 -> 19503.915 | Z19: 3099 | AA19: =$D$10*Z19 -> 136356 | AB19: =AA19*1 -> 136356 | AD19: 1 | AE19: =$D$10*AD19 -> 44 | AF19: =AE19*1 -> 44 | AH19: 2215 | AI19: =$D$10*AH19 -> 97460 | AJ19: =AI19*1 -> 97460 | AL19: 3543 | AM19: =$D$10*AL19 -> 155892 | AN19: =AM19*1 -> 155892 | AP19: 2215 | AQ19: =$D$10*AP19 -> 97460 | AR19: =AQ19*1 -> 97460 | AT19: 3543 | AU19: =$D$10*AT19 -> 155892 | AV19: =AU19*1 -> 155892 | AX19: 3543 | AY19: =$D$10*AX19 -> 155892 | AZ19: =AY19*1 -> 155892 | BB19: 4340 | BC19: =$D$10*BB19 -> 190960 | BD19: =BC19*1 -> 190960 | BF19: 3976 | BG19: =$D$10*BF19 -> 174944 | BH19: =BG19*1 -> 174944 | BJ19: 0 | BK19: =$D$10*BJ19 -> 0 | BL19: =BK19*1 -> 0 | BN19: 3764 | BO19: =$D$10*BN19 -> 165616 | BP19: =BO19*1 -> 165616 | BR19: 4428 | BS19: =$D$10*BR19 -> 194832 | BT19: =BS19*1 -> 194832 | BV19: 3543 | BW19: =$D$10*BV19 -> 155892 | BX19: =BW19*1 -> 155892 | BZ19: 3277 | CA19: =$D$10*BZ19 -> 144188 | CB19: =CA19*1 -> 144188 | CD19: 1 | CE19: =$D$10*CD19 -> 44 | CF19: =CE19*1 -> 44 | CH19: 3322 | CI19: =$D$10*CH19 -> 146168 | CJ19: =CI19*1 -> 146168 | CL19: 3764 | CM19: =$D$10*CL19 -> 165616 | CN19: =CM19*1 -> 165616 | CP19: =AVERAGE(J19,N19,R19,Z19,AH19,AL19,AP19,AT19,AX19,BN19,BV19,BZ19,CH19,CL19) -> 3283.1429 | CR19: =CP19*1.0324 -> 3389.5167
A20: 11 | B20: DISCO DURO MULTIMARCA QUE SOPORTE FUNCION RAID PARA CCTV. | C20: CONFORME A LO ESPECIFICADO EN LA FICHA TECNICA | D20: 164 | F20: 3190 | G20: =$D$10*F20 -> 140360 | H20: =G20*1 -> 140360 | J20: 2967 | K20: =$D$10*J20 -> 130548 | L20: =K20*1 -> 130548 | N20: 2948 | O20: =$D$10*N20 -> 129712 | P20: =O20*1 -> 129712 | R20: 2598 | S20: =$D$10*R20 -> 114312 | T20: =S20*1 -> 114312 | V20: 371.212 | W20: =$D$10*V20 -> 16333.328 | X20: =W20*1 -> 16333.328 | Z20: 2598 | AA20: =$D$10*Z20 -> 114312 | AB20: =AA20*1 -> 114312 | AD20: 1 | AE20: =$D$10*AD20 -> 44 | AF20: =AE20*1 -> 44 | AH20: 1855 | AI20: =$D$10*AH20 -> 81620 | AJ20: =AI20*1 -> 81620 | AL20: 2967 | AM20: =$D$10*AL20 -> 130548 | AN20: =AM20*1 -> 130548 | AP20: 1855 | AQ20: =$D$10*AP20 -> 81620 | AR20: =AQ20*1 -> 81620 | AT20: 2967 | AU20: =$D$10*AT20 -> 130548 | AV20: =AU20*1 -> 130548 | AX20: 2967 | AY20: =$D$10*AX20 -> 130548 | AZ20: =AY20*1 -> 130548 | BB20: 3636 | BC20: =$D$10*BB20 -> 159984 | BD20: =BC20*1 -> 159984 | BF20: 3330 | BG20: =$D$10*BF20 -> 146520 | BH20: =BG20*1 -> 146520 | BJ20: 0 | BK20: =$D$10*BJ20 -> 0 | BL20: =BK20*1 -> 0 | BN20: 3154 | BO20: =$D$10*BN20 -> 138776 | BP20: =BO20*1 -> 138776 | BR20: 3710 | BS20: =$D$10*BR20 -> 163240 | BT20: =BS20*1 -> 163240 | BV20: 2967 | BW20: =$D$10*BV20 -> 130548 | BX20: =BW20*1 -> 130548 | BZ20: 2745 | CA20: =$D$10*BZ20 -> 120780 | CB20: =CA20*1 -> 120780 | CD20: 1 | CE20: =$D$10*CD20 -> 44 | CF20: =CE20*1 -> 44 | CH20: 2783 | CI20: =$D$10*CH20 -> 122452 | CJ20: =CI20*1 -> 122452 | CL20: 3154 | CM20: =$D$10*CL20 -> 138776 | CN20: =CM20*1 -> 138776 | CP20: =AVERAGE(J20,N20,R20,Z20,AH20,AL20,AP20,AT20,AX20,BN20,BV20,BZ20,CH20,CL20) -> 2751.7857 | CR20: =CP20*1.0324 -> 2840.9436
A21: 12 | B21: SWITCH DE 8/16/32 PUERTOS POE Puertos giga. Full poe ,700w. 2 puertos SFP. Apilable, QOS, ESTANDARES: IEEE 802.3 10BASE-T Ethernet, IEEE 802.3u 100BASE-TX Fast Ethernet, IEEE 802.3ab 1000BASE- T Gigabit Ethernet. DEBE INCLUIR PATCH PANEL MINIMO CAT 6, ORGANIZADORES DE CABLES, ACCESORIOS Y TORNILLERIA PARA MONTAJE EN RACK. | C21: CONFORME A LO ESPECIFICADO EN LA FICHA TECNICA | D21: 40 | F21: 11624 | G21: =$D$10*F21 -> 511456 | H21: =G21*1 -> 511456 | J21: 10812 | K21: =$D$10*J21 -> 475728 | L21: =K21*1 -> 475728 | N21: 10809 | O21: =$D$10*N21 -> 475596 | P21: =O21*1 -> 475596 | R21: 9461 | S21: =$D$10*R21 -> 416284 | T21: =S21*1 -> 416284 | V21: 1351.6484 | W21: =$D$10*V21 -> 59472.53 | X21: =W21*1 -> 59472.53 | Z21: 9461 | AA21: =$D$10*Z21 -> 416284 | AB21: =AA21*1 -> 416284 | AD21: 1 | AE21: =$D$10*AD21 -> 44 | AF21: =AE21*1 -> 44 | AH21: 6758 | AI21: =$D$10*AH21 -> 297352 | AJ21: =AI21*1 -> 297352 | AL21: 10812 | AM21: =$D$10*AL21 -> 475728 | AN21: =AM21*1 -> 475728 | AP21: 6758 | AQ21: =$D$10*AP21 -> 297352 | AR21: =AQ21*1 -> 297352 | AT21: 10812 | AU21: =$D$10*AT21 -> 475728 | AV21: =AU21*1 -> 475728 | AX21: 10812 | AY21: =$D$10*AX21 -> 475728 | AZ21: =AY21*1 -> 475728 | BB21: 13245 | BC21: =$D$10*BB21 -> 582780 | BD21: =BC21*1 -> 582780 | BF21: 12133 | BG21: =$D$10*BF21 -> 533852 | BH21: =BG21*1 -> 533852 | BJ21: 0 | BK21: =$D$10*BJ21 -> 0 | BL21: =BK21*1 -> 0 | BN21: 11488 | BO21: =$D$10*BN21 -> 505472 | BP21: =BO21*1 -> 505472 | BR21: 13516 | BS21: =$D$10*BR21 -> 594704 | BT21: =BS21*1 -> 594704 | BV21: 10812 | BW21: =$D$10*BV21 -> 475728 | BX21: =BW21*1 -> 475728 | BZ21: 10001 | CA21: =$D$10*BZ21 -> 440044 | CB21: =CA21*1 -> 440044 | CD21: 1 | CE21: =$D$10*CD21 -> 44 | CF21: =CE21*1 -> 44 | CH21: 10136 | CI21: =$D$10*CH21 -> 445984 | CJ21: =CI21*1 -> 445984 | CL21: 11488 | CM21: =$D$10*CL21 -> 505472 | CN21: =CM21*1 -> 505472 | CP21: =AVERAGE(J21,N21,R21,Z21,AH21,AL21,AP21,AT21,AX21,BN21,BV21,BZ21,CH21,CL21) -> 10030 | CR21: =CP21*1.0324 -> 10354.972
A22: SUBTOTAL SECCIONAL CUNDINAMARCA - AMAZONAS | D22: =SUM(D10:D21) -> 749 | H22: =ROUND(SUM(H10:H21),2) -> 6716204 | L22: =ROUND(SUM(L10:L21),2) -> 6247604 | P22: =ROUND(SUM(P10:P21),2) -> 6249980 | T22: =ROUND(SUM(T10:T21),2) -> 5466736 | X22: =ROUND(SUM(X10:X21),2) -> 781021.31 | AB22: =ROUND(SUM(AB10:AB21),2) -> 5466736 | AF22: =ROUND(SUM(AF10:AF21),2) -> 528 | AJ22: =ROUND(SUM(AJ10:AJ21),2) -> 3904912 | AN22: =ROUND(SUM(AN10:AN21),2) -> 6247604 | AR22: =ROUND(SUM(AR10:AR21),2) -> 3904912 | AV22: =ROUND(SUM(AV10:AV21),2) -> 6247604 | AZ22: =ROUND(SUM(AZ10:AZ21),2) -> 6247604 | BD22: =ROUND(SUM(BD10:BD21),2) -> 7653448 | BH22: =ROUND(SUM(BH10:BH21),2) -> 7010784 | BL22: =ROUND(SUM(BL10:BL21),2) -> 0 | BP22: =ROUND(SUM(BP10:BP21),2) -> 6638104 | BT22: =ROUND(SUM(BT10:BT21),2) -> 7809472 | BX22: =ROUND(SUM(BX10:BX21),2) -> 6247604 | CB22: =ROUND(SUM(CB10:CB21),2) -> 5779048 | CF22: =ROUND(SUM(CF10:CF21),2) -> 528 | CJ22: =ROUND(SUM(CJ10:CJ21),2) -> 5857236 | CN22: =ROUND(SUM(CN10:CN21),2) -> 6638104 | CP22: =SUM(CP10:CP21) -> 131726.93 | CR22: =SUM(CR9:CR21) -> 135994.91
A23: SECCIONAL BOYACÁ
A24: 1 | B24: MONITOR DE 43" LED FULL HD, Resolución: Full HD 1920x1080, Brillo de 400 cd/m2, Entradas HDMI, VGA, USB. Salida de audio. Capacidad de trabajo 7/24. | C24: CONFORME A LO ESPECIFICADO EN LA FICHA TECNICA | D24: 4 | F24: 13662 | G24: =$D$24*F24 -> 54648 | H24: =G24*1 -> 54648 | J24: 12708 | K24: =$D$24*J24 -> 50832 | L24: =K24*1 -> 50832 | N24: 12665 | O24: =$D$24*N24 -> 50660 | P24: =O24*1 -> 50660 | R24: 11120 | S24: =$D$24*R24 -> 44480 | T24: =S24*1 -> 44480 | V24: 1588.569 | W24: =$D$24*V24 -> 6354.276 | X24: =W24*1 -> 6354.276 | Z24: 11120 | AA24: =$D$24*Z24 -> 44480 | AB24: =AA24*1 -> 44480 | AD24: 1 | AE24: =$D$24*AD24 -> 4 | AF24: =AE24*1 -> 4 | AH24: 7943 | AI24: =$D$24*AH24 -> 31772 | AJ24: =AI24*1 -> 31772 | AL24: 12708 | AM24: =$D$24*AL24 -> 50832 | AN24: =AM24*1 -> 50832 | AP24: 7943 | AQ24: =$D$24*AP24 -> 31772 | AR24: =AQ24*1 -> 31772 | AT24: 12708 | AU24: =$D$24*AT24 -> 50832 | AV24: =AU24*1 -> 50832 | AX24: 12708 | AY24: =$D$24*AX24 -> 50832 | AZ24: =AY24*1 -> 50832 | BB24: 15568 | BC24: =$D$24*BB24 -> 62272 | BD24: =BC24*1 -> 62272 | BF24: 14260.981 | BG24: =$D$24*BF24 -> 57043.924 | BH24: =BG24*1 -> 57043.924 | BJ24: 0 | BK24: =$D$24*BJ24 -> 0 | BL24: =BK24*1 -> 0 | BN24: 13503 | BO24: =$D$24*BN24 -> 54012 | BP24: =BO24*1 -> 54012 | BR24: 15886 | BS24: =$D$24*BR24 -> 63544 | BT24: =BS24*1 -> 63544 | BV24: 12708 | BW24: =$D$24*BV24 -> 50832 | BX24: =BW24*1 -> 50832 | BZ24: 11755 | CA24: =$D$24*BZ24 -> 47020 | CB24: =CA24*1 -> 47020 | CD24: 1 | CE24: =$D$24*CD24 -> 4 | CF24: =CE24*1 -> 4 | CH24: 11915 | CI24: =$D$24*CH24 -> 47660 | CJ24: =CI24*1 -> 47660 | CL24: 13503 | CM24: =$D$24*CL24 -> 54012 | CN24: =CM24*1 -> 54012 | CP24: =AVERAGE(J24,N24,R24,Z24,AH24,AL24,AP24,AT24,AX24,BN24,BV24,BZ24,CH24,CL24) -> 11786.214 | CR24: =CP24*1.0324 -> 12168.088
A25: 2 | B25: MONITOR DE 32" LED FULL HD, Resolución: Full HD 1920x1080, Brillo de 400 cd/m2, Entradas HDMI, VGA, USB. Salida de audio. Capacidad de trabajo 7/24. | C25: CONFORME A LO ESPECIFICADO EN LA FICHA TECNICA | D25: 17 | F25: =F10 -> 18200 | G25: =$D$24*F25 -> 72800 | H25: =G25*1 -> 72800 | J25: =J10 -> 16930 | K25: =$D$24*J25 -> 67720 | L25: =K25*1 -> 67720 | N25: =N10 -> 16923 | O25: =$D$24*N25 -> 67692 | P25: =O25*1 -> 67692 | R25: =R10 -> 14814 | S25: =$D$24*R25 -> 59256 | T25: =S25*1 -> 59256 | V25: =V10 -> 2115.9084 | W25: =$D$24*V25 -> 8463.6336 | X25: =W25*1 -> 8463.6336 | Z25: =Z10 -> 14814 | AA25: =$D$24*Z25 -> 59256 | AB25: =AA25*1 -> 59256 | AD25: =AD10 -> 1 | AE25: =$D$24*AD25 -> 4 | AF25: =AE25*1 -> 4 | AH25: =AH10 -> 10582 | AI25: =$D$24*AH25 -> 42328 | AJ25: =AI25*1 -> 42328 | AL25: =AL10 -> 16930 | AM25: =$D$24*AL25 -> 67720 | AN25: =AM25*1 -> 67720 | AP25: =AP10 -> 10582 | AQ25: =$D$24*AP25 -> 42328 | AR25: =AQ25*1 -> 42328 | AT25: =AT10 -> 16930 | AU25: =$D$24*AT25 -> 67720 | AV25: =AU25*1 -> 67720 | AX25: =AX10 -> 16930 | AY25: =$D$24*AX25 -> 67720 | AZ25: =AY25*1 -> 67720 | BB25: =BB10 -> 20740 | BC25: =$D$24*BB25 -> 82960 | BD25: =BC25*1 -> 82960 | BF25: =BF10 -> 18999 | BG25: =$D$24*BF25 -> 75996 | BH25: =BG25*1 -> 75996 | BJ25: =BJ10 -> 0 | BK25: =$D$24*BJ25 -> 0 | BL25: =BK25*1 -> 0 | BN25: =BN10 -> 17989 | BO25: =$D$24*BN25 -> 71956 | BP25: =BO25*1 -> 71956 | BR25: =BR10 -> 21163 | BS25: =$D$24*BR25 -> 84652 | BT25: =BS25*1 -> 84652 | BV25: =BV10 -> 16930 | BW25: =$D$24*BV25 -> 67720 | BX25: =BW25*1 -> 67720 | BZ25: =BZ10 -> 15661 | CA25: =$D$24*BZ25 -> 62644 | CB25: =CA25*1 -> 62644 | CD25: =CD10 -> 1 | CE25: =$D$24*CD25 -> 4 | CF25: =CE25*1 -> 4 | CH25: =CH10 -> 15872 | CI25: =$D$24*CH25 -> 63488 | CJ25: =CI25*1 -> 63488 | CL25: =CL10 -> 17989 | CM25: =$D$24*CL25 -> 71956 | CN25: =CM25*1 -> 71956 | CP25: =AVERAGE(J25,N25,R25,Z25,AH25,AL25,AP25,AT25,AX25,BN25,BV25,BZ25,CH25,CL25) -> 15705.429 | CR25: =CP25*1.0324 -> 16214.284
A26: 3 | B26: CAMARAS FIJA TIPO MINI DOMO IP Resolución (4 Megapíxeles 30 fps 2688x1520), Iluminación mínima 0.01lux B/N 0 Lux, Día/Noche Real con filtro ICR, Distancia Focal 2.8 mm/4mm/6mm, Iluminación IR 30 mts Compresión de video H264+/H265, Detección de movimiento. Protección Ip67, Puerto de red RJ45 10M/100M/1000M, PoE (Power over Ethernet), Protocolos TCP/IP, ICMP, HTTP, HTTPS, DHCP, DNS, RTP, RTSP, RTCP, NTP, IGMP, QoS, UDP. EL TIPO DE CÁMARA DEPENDERÁ DEL SITIO EN EL QUE SE INSTALARÁ (DOMO INTERIORES, BALA EXTERIORES). | C26: CONFORME A LO ESPECIFICADO EN LA FICHA TECNICA | D26: 98 | F26: =F11 -> 7643 | G26: =$D$24*F26 -> 30572 | H26: =G26*1 -> 30572 | J26: =J11 -> 7110 | K26: =$D$24*J26 -> 28440 | L26: =K26*1 -> 28440 | N26: =N11 -> 7097 | O26: =$D$24*N26 -> 28388 | P26: =O26*1 -> 28388 | R26: =R11 -> 6221 | S26: =$D$24*R26 -> 24884 | T26: =S26*1 -> 24884 | V26: =V11 -> 888.7252 | W26: =$D$24*V26 -> 3554.9008 | X26: =W26*1 -> 3554.9008 | Z26: =Z11 -> 6221 | AA26: =$D$24*Z26 -> 24884 | AB26: =AA26*1 -> 24884 | AD26: =AD11 -> 1 | AE26: =$D$24*AD26 -> 4 | AF26: =AE26*1 -> 4 | AH26: =AH11 -> 4443 | AI26: =$D$24*AH26 -> 17772 | AJ26: =AI26*1 -> 17772 | AL26: =AL11 -> 7110 | AM26: =$D$24*AL26 -> 28440 | AN26: =AM26*1 -> 28440 | AP26: =AP11 -> 4443 | AQ26: =$D$24*AP26 -> 17772 | AR26: =AQ26*1 -> 17772 | AT26: =AT11 -> 7110 | AU26: =$D$24*AT26 -> 28440 | AV26: =AU26*1 -> 28440 | AX26: =AX11 -> 7110 | AY26: =$D$24*AX26 -> 28440 | AZ26: =AY26*1 -> 28440 | BB26: =BB11 -> 8710 | BC26: =$D$24*BB26 -> 34840 | BD26: =BC26*1 -> 34840 | BF26: =BF11 -> 7978 | BG26: =$D$24*BF26 -> 31912 | BH26: =BG26*1 -> 31912 | BJ26: =BJ11 -> 0 | BK26: =$D$24*BJ26 -> 0 | BL26: =BK26*1 -> 0 | BN26: =BN11 -> 7554 | BO26: =$D$24*BN26 -> 30216 | BP26: =BO26*1 -> 30216 | BR26: =BR11 -> 8887 | BS26: =$D$24*BR26 -> 35548 | BT26: =BS26*1 -> 35548 | BV26: =BV11 -> 7110 | BW26: =$D$24*BV26 -> 28440 | BX26: =BW26*1 -> 28440 | BZ26: =BZ11 -> 6577 | CA26: =$D$24*BZ26 -> 26308 | CB26: =CA26*1 -> 26308 | CD26: =CD11 -> 1 | CE26: =$D$24*CD26 -> 4 | CF26: =CE26*1 -> 4 | CH26: =CH11 -> 6665 | CI26: =$D$24*CH26 -> 26660 | CJ26: =CI26*1 -> 26660 | CL26: =CL11 -> 7554 | CM26: =$D$24*CL26 -> 30216 | CN26: =CM26*1 -> 30216 | CP26: =AVERAGE(J26,N26,R26,Z26,AH26,AL26,AP26,AT26,AX26,BN26,BV26,BZ26,CH26,CL26) -> 6594.6429 | CR26: =CP26*1.0324 -> 6808.3093
A27: 4 | B27: CAMARAS IP TIPO BALA Resolución (4 Megapíxeles 30 fps 2688x1520), Iluminación mínima 0.01lux B/N 0 Lux, Día/Noche Real con filtro ICR, Distancia Focal 2.8 mm/4mm, Iluminación IR 30 m, Compresión de video H264+/H265, Detección de movimiento. Protección Ip67, Puerto de red RJ45 10M/100M/1000M, PoE (Power over Ethernet) Protocolos TCP/IP, ICMP, HTTP, HTTPS, DHCP, DNS, RTP, RTSP, RTCP, NTP, IGMP, QoS, UDP. | C27: CONFORME A LO ESPECIFICADO EN LA FICHA TECNICA | D27: 71 | F27: =F12 -> 3123 | G27: =$D$24*F27 -> 12492 | H27: =G27*1 -> 12492 | J27: =J12 -> 2905 | K27: =$D$24*J27 -> 11620 | L27: =K27*1 -> 11620 | N27: =N12 -> 2948 | O27: =$D$24*N27 -> 11792 | P27: =O27*1 -> 11792 | R27: =R12 -> 2542 | S27: =$D$24*R27 -> 10168 | T27: =S27*1 -> 10168 | V27: =V12 -> 363.5694 | W27: =$D$24*V27 -> 1454.2776 | X27: =W27*1 -> 1454.2776 | Z27: =Z12 -> 2542 | AA27: =$D$24*Z27 -> 10168 | AB27: =AA27*1 -> 10168 | AD27: =AD12 -> 1 | AE27: =$D$24*AD27 -> 4 | AF27: =AE27*1 -> 4 | AH27: =AH12 -> 1816 | AI27: =$D$24*AH27 -> 7264 | AJ27: =AI27*1 -> 7264 | AL27: =AL12 -> 2905 | AM27: =$D$24*AL27 -> 11620 | AN27: =AM27*1 -> 11620 | AP27: =AP12 -> 1816 | AQ27: =$D$24*AP27 -> 7264 | AR27: =AQ27*1 -> 7264 | AT27: =AT12 -> 2905 | AU27: =$D$24*AT27 -> 11620 | AV27: =AU27*1 -> 11620 | AX27: =AX12 -> 2905 | AY27: =$D$24*AX27 -> 11620 | AZ27: =AY27*1 -> 11620 | BB27: =BB12 -> 3559 | BC27: =$D$24*BB27 -> 14236 | BD27: =BC27*1 -> 14236 | BF27: =BF12 -> 3259 | BG27: =$D$24*BF27 -> 13036 | BH27: =BG27*1 -> 13036 | BJ27: =BJ12 -> 0 | BK27: =$D$24*BJ27 -> 0 | BL27: =BK27*1 -> 0 | BN27: =BN12 -> 3086 | BO27: =$D$24*BN27 -> 12344 | BP27: =BO27*1 -> 12344 | BR27: =BR12 -> 3631 | BS27: =$D$24*BR27 -> 14524 | BT27: =BS27*1 -> 14524 | BV27: =BV12 -> 2905 | BW27: =$D$24*BV27 -> 11620 | BX27: =BW27*1 -> 11620 | BZ27: =BZ12 -> 2686 | CA27: =$D$24*BZ27 -> 10744 | CB27: =CA27*1 -> 10744 | CD27: =CD12 -> 1 | CE27: =$D$24*CD27 -> 4 | CF27: =CE27*1 -> 4 | CH27: =CH12 -> 2723 | CI27: =$D$24*CH27 -> 10892 | CJ27: =CI27*1 -> 10892 | CL27: =CL12 -> 3086 | CM27: =$D$24*CL27 -> 12344 | CN27: =CM27*1 -> 12344 | CP27: =AVERAGE(J27,N27,R27,Z27,AH27,AL27,AP27,AT27,AX27,BN27,BV27,BZ27,CH27,CL27) -> 2697.8571 | CR27: =CP27*1.0324 -> 2785.2677
A28: 5 | B28: CIBERDOMO IP PTZ cámara Tipo Domo IP Resolución (2 Megapíxeles 1920x1080). Iluminación IR 150 m, zoom óptico de 25x, Zoom digital 16x, Sensor de imagen 1/2.8”, Distancia focal 4.8mm a 120mm, Sistema de señal PAL/NTSC, Balance de blancos: Auto/Manual ATW/interior/ exterior/Día/Noche ICR, Compresión de video H264+/H265, Puerto de red Rj45 10M/100M/1000M Ethernet PoE+, Alimentación 24VAC & PoE. Protección Ip66 • Incluye fuente y soporte para pared. | C28: CONFORME A LO ESPECIFICADO EN LA FICHA TECNICA | D28: 2 | F28: =F13 -> 12975 | G28: =$D$24*F28 -> 51900 | H28: =G28*1 -> 51900 | J28: =J13 -> 12070 | K28: =$D$24*J28 -> 48280 | L28: =K28*1 -> 48280 | N28: =N13 -> 12119 | O28: =$D$24*N28 -> 48476 | P28: =O28*1 -> 48476 | R28: =R13 -> 10561 | S28: =$D$24*R28 -> 42244 | T28: =S28*1 -> 42244 | V28: =V13 -> 1508.8676 | W28: =$D$24*V28 -> 6035.4704 | X28: =W28*1 -> 6035.4704 | Z28: =Z13 -> 10561 | AA28: =$D$24*Z28 -> 42244 | AB28: =AA28*1 -> 42244 | AD28: =AD13 -> 1 | AE28: =$D$24*AD28 -> 4 | AF28: =AE28*1 -> 4 | AH28: =AH13 -> 7545 | AI28: =$D$24*AH28 -> 30180 | AJ28: =AI28*1 -> 30180 | AL28: =AL13 -> 12070 | AM28: =$D$24*AL28 -> 48280 | AN28: =AM28*1 -> 48280 | AP28: =AP13 -> 7545 | AQ28: =$D$24*AP28 -> 30180 | AR28: =AQ28*1 -> 30180 | AT28: =AT13 -> 12070 | AU28: =$D$24*AT28 -> 48280 | AV28: =AU28*1 -> 48280 | AX28: =AX13 -> 12070 | AY28: =$D$24*AX28 -> 48280 | AZ28: =AY28*1 -> 48280 | BB28: =BB13 -> 14787 | BC28: =$D$24*BB28 -> 59148 | BD28: =BC28*1 -> 59148 | BF28: =BF13 -> 13545 | BG28: =$D$24*BF28 -> 54180 | BH28: =BG28*1 -> 54180 | BJ28: =BJ13 -> 0 | BK28: =$D$24*BJ28 -> 0 | BL28: =BK28*1 -> 0 | BN28: =BN13 -> 12825 | BO28: =$D$24*BN28 -> 51300 | BP28: =BO28*1 -> 51300 | BR28: =BR13 -> 15087 | BS28: =$D$24*BR28 -> 60348 | BT28: =BS28*1 -> 60348 | BV28: =BV13 -> 12070 | BW28: =$D$24*BV28 -> 48280 | BX28: =BW28*1 -> 48280 | BZ28: =BZ13 -> 11165 | CA28: =$D$24*BZ28 -> 44660 | CB28: =CA28*1 -> 44660 | CD28: =CD13 -> 1 | CE28: =$D$24*CD28 -> 4 | CF28: =CE28*1 -> 4 | CH28: =CH13 -> 11316 | CI28: =$D$24*CH28 -> 45264 | CJ28: =CI28*1 -> 45264 | CL28: =CL13 -> 12825 | CM28: =$D$24*CL28 -> 51300 | CN28: =CM28*1 -> 51300 | CP28: =AVERAGE(J28,N28,R28,Z28,AH28,AL28,AP28,AT28,AX28,BN28,BV28,BZ28,CH28,CL28) -> 11200.857 | CR28: =CP28*1.0324 -> 11563.765
A29: 6 | B29: GRABADOR DE 8/16/32 CANALES PENTAHIBRIDO 8/16/32 Canales Pentahibrido. Video Grabador Digital. Procesador Embebido Compresión de Video H.265+/H.265/H.264+. Entradas de video Max 10/16/32 canales IP. Cada canal hasta 5MP Min. Ancho de Banda 200/260Mbps. Búsqueda Inteligente. Función RAID 0, RAID 1, RAID 5, RAID 6 and RAID 10. Puerto de red Rj45 10M/100M/1000M Ethernet. 4 bahías SATA con soporte de discos hasta de 10TB por cada disco. LA CANTIDAD DE CANALES DE ENTRADA DEPENDERÁ DE LA SEDE EN LA QUE SE INSTALE EL EQUIPO. (DE AUERDO CON LA CANTIDAD DE CÁMARAS). | C29: CONFORME A LO ESPECIFICADO EN LA FICHA TECNICA | D29: 18 | F29: =F14 -> 14319 | G29: =$D$24*F29 -> 57276 | H29: =G29*1 -> 57276 | J29: =J14 -> 13320 | K29: =$D$24*J29 -> 53280 | L29: =K29*1 -> 53280 | N29: =N14 -> 13320 | O29: =$D$24*N29 -> 53280 | P29: =O29*1 -> 53280 | R29: =R14 -> 11655 | S29: =$D$24*R29 -> 46620 | T29: =S29*1 -> 46620 | V29: =V14 -> 1664.995 | W29: =$D$24*V29 -> 6659.98 | X29: =W29*1 -> 6659.98 | Z29: =Z14 -> 11655 | AA29: =$D$24*Z29 -> 46620 | AB29: =AA29*1 -> 46620 | AD29: =AD14 -> 1 | AE29: =$D$24*AD29 -> 4 | AF29: =AE29*1 -> 4 | AH29: =AH14 -> 8325 | AI29: =$D$24*AH29 -> 33300 | AJ29: =AI29*1 -> 33300 | AL29: =AL14 -> 13320 | AM29: =$D$24*AL29 -> 53280 | AN29: =AM29*1 -> 53280 | AP29: =AP14 -> 8325 | AQ29: =$D$24*AP29 -> 33300 | AR29: =AQ29*1 -> 33300 | AT29: =AT14 -> 13320 | AU29: =$D$24*AT29 -> 53280 | AV29: =AU29*1 -> 53280 | AX29: =AX14 -> 13320 | AY29: =$D$24*AX29 -> 53280 | AZ29: =AY29*1 -> 53280 | BB29: =BB14 -> 16317 | BC29: =$D$24*BB29 -> 65268 | BD29: =BC29*1 -> 65268 | BF29: =BF14 -> 14947 | BG29: =$D$24*BF29 -> 59788 | BH29: =BG29*1 -> 59788 | BJ29: =BJ14 -> 0 | BK29: =$D$24*BJ29 -> 0 | BL29: =BK29*1 -> 0 | BN29: =BN14 -> 14152 | BO29: =$D$24*BN29 -> 56608 | BP29: =BO29*1 -> 56608 | BR29: =BR14 -> 16650 | BS29: =$D$24*BR29 -> 66600 | BT29: =BS29*1 -> 66600 | BV29: =BV14 -> 13320 | BW29: =$D$24*BV29 -> 53280 | BX29: =BW29*1 -> 53280 | BZ29: =BZ14 -> 12321 | CA29: =$D$24*BZ29 -> 49284 | CB29: =CA29*1 -> 49284 | CD29: =CD14 -> 1 | CE29: =$D$24*CD29 -> 4 | CF29: =CE29*1 -> 4 | CH29: =CH14 -> 12488 | CI29: =$D$24*CH29 -> 49952 | CJ29: =CI29*1 -> 49952 | CL29: =CL14 -> 14152 | CM29: =$D$24*CL29 -> 56608 | CN29: =CM29*1 -> 56608 | CP29: =AVERAGE(J29,N29,R29,Z29,AH29,AL29,AP29,AT29,AX29,BN29,BV29,BZ29,CH29,CL29) -> 12356.643 | CR29: =CP29*1.0324 -> 12756.998
A30: 7 | B30: CONTROL JOYSTICK. Joystick tridimensional para el control de Cámaras PTZ. Funciones: Posición Predeterminada, Auto Scan, Auto Pan, Auto Tour. | C30: CONFORME A LO ESPECIFICADO EN LA FICHA TECNICA | D30: 2 | F30: =F15 -> 8922 | G30: =$D$24*F30 -> 35688 | H30: =G30*1 -> 35688 | J30: =J15 -> 8300 | K30: =$D$24*J30 -> 33200 | L30: =K30*1 -> 33200 | N30: =N15 -> 8298 | O30: =$D$24*N30 -> 33192 | P30: =O30*1 -> 33192 | R30: =R15 -> 7262 | S30: =$D$24*R30 -> 29048 | T30: =S30*1 -> 29048 | V30: =V15 -> 1037.21 | W30: =$D$24*V30 -> 4148.84 | X30: =W30*1 -> 4148.84 | Z30: =Z15 -> 7262 | AA30: =$D$24*Z30 -> 29048 | AB30: =AA30*1 -> 29048 | AD30: =AD15 -> 1 | AE30: =$D$24*AD30 -> 4 | AF30: =AE30*1 -> 4 | AH30: =AH15 -> 5187 | AI30: =$D$24*AH30 -> 20748 | AJ30: =AI30*1 -> 20748 | AL30: =AL15 -> 8300 | AM30: =$D$24*AL30 -> 33200 | AN30: =AM30*1 -> 33200 | AP30: =AP15 -> 5187 | AQ30: =$D$24*AP30 -> 20748 | AR30: =AQ30*1 -> 20748 | AT30: =AT15 -> 8300 | AU30: =$D$24*AT30 -> 33200 | AV30: =AU30*1 -> 33200 | AX30: =AX15 -> 8300 | AY30: =$D$24*AX30 -> 33200 | AZ30: =AY30*1 -> 33200 | BB30: =BB15 -> 10167 | BC30: =$D$24*BB30 -> 40668 | BD30: =BC30*1 -> 40668 | BF30: =BF15 -> 9313 | BG30: =$D$24*BF30 -> 37252 | BH30: =BG30*1 -> 37252 | BJ30: =BJ15 -> 0 | BK30: =$D$24*BJ30 -> 0 | BL30: =BK30*1 -> 0 | BN30: =BN15 -> 8818 | BO30: =$D$24*BN30 -> 35272 | BP30: =BO30*1 -> 35272 | BR30: =BR15 -> 10374 | BS30: =$D$24*BR30 -> 41496 | BT30: =BS30*1 -> 41496 | BV30: =BV15 -> 8300 | BW30: =$D$24*BV30 -> 33200 | BX30: =BW30*1 -> 33200 | BZ30: =BZ15 -> 7677 | CA30: =$D$24*BZ30 -> 30708 | CB30: =CA30*1 -> 30708 | CD30: =CD15 -> 1 | CE30: =$D$24*CD30 -> 4 | CF30: =CE30*1 -> 4 | CH30: =CH15 -> 7782 | CI30: =$D$24*CH30 -> 31128 | CJ30: =CI30*1 -> 31128 | CL30: =CL15 -> 8818 | CM30: =$D$24*CL30 -> 35272 | CN30: =CM30*1 -> 35272 | CP30: =AVERAGE(J30,N30,R30,Z30,AH30,AL30,AP30,AT30,AX30,BN30,BV30,BZ30,CH30,CL30) -> 7699.3571 | CR30: =CP30*1.0324 -> 7948.8163
A31: 8 | B31: SISTEMA DE IDENTIFICACIÓN BIOMÉTRICA PARA INGRESO DE FUNCIONARIOS. Lectores duales Biométrico y RFID (lectora de tarjetas de proximidad). Debe soportar tarjetas con el protocolo MIFARE PLUS X 4K (Carné Institucional). Software de administración y configuración del sistema. El software debe permitir la generación de reportes tanto de ingreso como de salida. El sistema debe soportar hasta 20.000 plantillas de huellas digitales, 60.000 tarjetas y almacenar hasta 100.000 eventos y transacciones. La información debe permanecer guardada en la memoria interna en caso de pérdida de energía. El controlador deberá continuar operando aún si se interrumpe la conexión de red. Deberá incluir: panel gabinete, batería transformador, lectoras requeridas para el bloqueo de puertas, electroimán de 350lb, brazo, anti remanente y pulsador. El sistema debe contar con una UPS de respaldo de energía diferente a la del sistema de CCTV. | C31: CONFORME A LO ESPECIFICADO EN LA FICHA TECNICA | D31: 11 | F31: =F16 -> 16062 | G31: =$D$24*F31 -> 64248 | H31: =G31*1 -> 64248 | J31: =J16 -> 14941 | K31: =$D$24*J31 -> 59764 | L31: =K31*1 -> 59764 | N31: =N16 -> 14958 | O31: =$D$24*N31 -> 59832 | P31: =O31*1 -> 59832 | R31: =R16 -> 13073 | S31: =$D$24*R31 -> 52292 | T31: =S31*1 -> 52292 | V31: =V16 -> 1868.0698 | W31: =$D$24*V31 -> 7472.2792 | X31: =W31*1 -> 7472.2792 | Z31: =Z16 -> 13073 | AA31: =$D$24*Z31 -> 52292 | AB31: =AA31*1 -> 52292 | AD31: =AD16 -> 1 | AE31: =$D$24*AD31 -> 4 | AF31: =AE31*1 -> 4 | AH31: =AH16 -> 9338 | AI31: =$D$24*AH31 -> 37352 | AJ31: =AI31*1 -> 37352 | AL31: =AL16 -> 14941 | AM31: =$D$24*AL31 -> 59764 | AN31: =AM31*1 -> 59764 | AP31: =AP16 -> 9338 | AQ31: =$D$24*AP31 -> 37352 | AR31: =AQ31*1 -> 37352 | AT31: =AT16 -> 14941 | AU31: =$D$24*AT31 -> 59764 | AV31: =AU31*1 -> 59764 | AX31: =AX16 -> 14941 | AY31: =$D$24*AX31 -> 59764 | AZ31: =AY31*1 -> 59764 | BB31: =BB16 -> 18303 | BC31: =$D$24*BB31 -> 73212 | BD31: =BC31*1 -> 73212 | BF31: =BF16 -> 16766 | BG31: =$D$24*BF31 -> 67064 | BH31: =BG31*1 -> 67064 | BJ31: =BJ16 -> 0 | BK31: =$D$24*BJ31 -> 0 | BL31: =BK31*1 -> 0 | BN31: =BN16 -> 15875 | BO31: =$D$24*BN31 -> 63500 | BP31: =BO31*1 -> 63500 | BR31: =BR16 -> 18676 | BS31: =$D$24*BR31 -> 74704 | BT31: =BS31*1 -> 74704 | BV31: =BV16 -> 14941 | BW31: =$D$24*BV31 -> 59764 | BX31: =BW31*1 -> 59764 | BZ31: =BZ16 -> 13821 | CA31: =$D$24*BZ31 -> 55284 | CB31: =CA31*1 -> 55284 | CD31: =CD16 -> 1 | CE31: =$D$24*CD31 -> 4 | CF31: =CE31*1 -> 4 | CH31: =CH16 -> 14008 | CI31: =$D$24*CH31 -> 56032 | CJ31: =CI31*1 -> 56032 | CL31: =CL16 -> 15875 | CM31: =$D$24*CL31 -> 63500 | CN31: =CM31*1 -> 63500 | CP31: =AVERAGE(J31,N31,R31,Z31,AH31,AL31,AP31,AT31,AX31,BN31,BV31,BZ31,CH31,CL31) -> 13861.714 | CR31: =CP31*1.0324 -> 14310.834
A32: 9 | B32: SISTEMA DE REGISTRO Y CONTROL DE ACCESO DE VISITANTES. Estación de registro. (En sedes principales se debe contar con mínimo dos (2) estaciones de registro). Lector de Cédula de ciudadanía. Cámara para registro fotográfico. Capturador Biométrico de huella. Software Licenciado Y Operativo. Debe permitir la generación de reportes tanto de ingreso como de salida. El sistema debe contar con una UPS de respaldo de energía diferente a la del sistema de CCTV. | C32: CONFORME A LO ESPECIFICADO EN LA FICHA TECNICA | D32: 10 | F32: =F17 -> 32122 | G32: =$D$24*F32 -> 128488 | H32: =G32*1 -> 128488 | J32: =J17 -> 29881 | K32: =$D$24*J32 -> 119524 | L32: =K32*1 -> 119524 | N32: =N17 -> 29915 | O32: =$D$24*N32 -> 119660 | P32: =O32*1 -> 119660 | R32: =R17 -> 26147 | S32: =$D$24*R32 -> 104588 | T32: =S32*1 -> 104588 | V32: =V17 -> 3735.0478 | W32: =$D$24*V32 -> 14940.191 | X32: =W32*1 -> 14940.191 | Z32: =Z17 -> 26147 | AA32: =$D$24*Z32 -> 104588 | AB32: =AA32*1 -> 104588 | AD32: =AD17 -> 1 | AE32: =$D$24*AD32 -> 4 | AF32: =AE32*1 -> 4 | AH32: =AH17 -> 18676 | AI32: =$D$24*AH32 -> 74704 | AJ32: =AI32*1 -> 74704 | AL32: =AL17 -> 29881 | AM32: =$D$24*AL32 -> 119524 | AN32: =AM32*1 -> 119524 | AP32: =AP17 -> 18676 | AQ32: =$D$24*AP32 -> 74704 | AR32: =AQ32*1 -> 74704 | AT32: =AT17 -> 29881 | AU32: =$D$24*AT32 -> 119524 | AV32: =AU32*1 -> 119524 | AX32: =AX17 -> 29881 | AY32: =$D$24*AX32 -> 119524 | AZ32: =AY32*1 -> 119524 | BB32: =BB17 -> 36605 | BC32: =$D$24*BB32 -> 146420 | BD32: =BC32*1 -> 146420 | BF32: =BF17 -> 33532 | BG32: =$D$24*BF32 -> 134128 | BH32: =BG32*1 -> 134128 | BJ32: =BJ17 -> 0 | BK32: =$D$24*BJ32 -> 0 | BL32: =BK32*1 -> 0 | BN32: =BN17 -> 31749 | BO32: =$D$24*BN32 -> 126996 | BP32: =BO32*1 -> 126996 | BR32: =BR17 -> 37352 | BS32: =$D$24*BR32 -> 149408 | BT32: =BS32*1 -> 149408 | BV32: =BV17 -> 29881 | BW32: =$D$24*BV32 -> 119524 | BX32: =BW32*1 -> 119524 | BZ32: =BZ17 -> 27640 | CA32: =$D$24*BZ32 -> 110560 | CB32: =CA32*1 -> 110560 | CD32: =CD17 -> 1 | CE32: =$D$24*CD32 -> 4 | CF32: =CE32*1 -> 4 | CH32: =CH17 -> 28013 | CI32: =$D$24*CH32 -> 112052 | CJ32: =CI32*1 -> 112052 | CL32: =CL17 -> 31749 | CM32: =$D$24*CL32 -> 126996 | CN32: =CM32*1 -> 126996 | CP32: =AVERAGE(J32,N32,R32,Z32,AH32,AL32,AP32,AT32,AX32,BN32,BV32,BZ32,CH32,CL32) -> 27722.643 | CR32: =CP32*1.0324 -> 28620.856
A33: 10 | B33: ARCO DETECTOR DE METALES 18 zonas de detección interconectadas en diferentes áreas y alarma simultánea de múltiples zonas. Pantalla LCD 5.7”. Sensibilidad ajustable: Cada zona tiene 256 niveles de sensibilidad. Control remoto. Alarma de sonido y LED´s para indicar la zona del metal detectado. Conteo automático de personas y alarmas. Intensidad de alarma mostrada en el panel. Diseñado con material de alta densidad anti-inflamable. Función de autodiagnóstico al encenderse, sin necesidad de calibración inicial o periódica. Batería de respaldo con duración de 4-8 horas. Inofensivo para el cuerpo humano, personas con marcapasos, colgantes magnéticos, prótesis, mujeres embarazadas, etc. | C33: CONFORME A LO ESPECIFICADO EN LA FICHA TECNICA | D33: 4 | F33: 22207 | G33: =$D$24*F33 -> 88828 | H33: =G33*1 -> 88828 | J33: 20658 | K33: =$D$24*J33 -> 82632 | L33: =K33*1 -> 82632 | N33: 20635 | O33: =$D$24*N33 -> 82540 | P33: =O33*1 -> 82540 | R33: 18075 | S33: =$D$24*R33 -> 72300 | T33: =S33*1 -> 72300 | V33: 2582.107 | W33: =$D$24*V33 -> 10328.428 | X33: =W33*1 -> 10328.428 | Z33: 18075 | AA33: =$D$24*Z33 -> 72300 | AB33: =AA33*1 -> 72300 | AD33: 1 | AE33: =$D$24*AD33 -> 4 | AF33: =AE33*1 -> 4 | AH33: 12912 | AI33: =$D$24*AH33 -> 51648 | AJ33: =AI33*1 -> 51648 | AL33: 20658 | AM33: =$D$24*AL33 -> 82632 | AN33: =AM33*1 -> 82632 | AP33: 12912 | AQ33: =$D$24*AP33 -> 51648 | AR33: =AQ33*1 -> 51648 | AT33: 20658 | AU33: =$D$24*AT33 -> 82632 | AV33: =AU33*1 -> 82632 | AX33: 20658 | AY33: =$D$24*AX33 -> 82632 | AZ33: =AY33*1 -> 82632 | BB33: 25306 | BC33: =$D$24*BB33 -> 101224 | BD33: =BC33*1 -> 101224 | BF33: 23181 | BG33: =$D$24*BF33 -> 92724 | BH33: =BG33*1 -> 92724 | BJ33: 0 | BK33: =$D$24*BJ33 -> 0 | BL33: =BK33*1 -> 0 | BN33: 21949 | BO33: =$D$24*BN33 -> 87796 | BP33: =BO33*1 -> 87796 | BR33: 25822 | BS33: =$D$24*BR33 -> 103288 | BT33: =BS33*1 -> 103288 | BV33: 20658 | BW33: =$D$24*BV33 -> 82632 | BX33: =BW33*1 -> 82632 | BZ33: 19109 | CA33: =$D$24*BZ33 -> 76436 | CB33: =CA33*1 -> 76436 | CD33: 1 | CE33: =$D$24*CD33 -> 4 | CF33: =CE33*1 -> 4 | CH33: 19366 | CI33: =$D$24*CH33 -> 77464 | CJ33: =CI33*1 -> 77464 | CL33: 21949 | CM33: =$D$24*CL33 -> 87796 | CN33: =CM33*1 -> 87796 | CP33: =AVERAGE(J33,N33,R33,Z33,AH33,AL33,AP33,AT33,AX33,BN33,BV33,BZ33,CH33,CL33) -> 19162.286 | CR33: =CP33*1.0324 -> 19783.144
A34: 11 | B34: UPS RESPALDO DE ENERGIA DE 3KVA PARA SOPORTAR SISTEMA DE CCTV • Doble conversión en línea. Entrada y salida monofásica. Alto Factor de potencia de Entrada 0.98 y salida 0.9. Alta confiabilidad y Eficiencia > 95%. Función ECO ahorrador de energía. Apagado de emergencia EPO. Conexión de batería externa. UPS ONLINE con tipo control micro-procesado por DSP, Bypass automático. Certificación RETIE. DEBE SOPORTAR TODO EL SISTEMA DE CCTV, INCLUYENDO LAS CÁMARAS DE VIDEO POR UN PERIODO DE TIEMPO MÍNIMO DE DOS (2) HORAS EN CASO DE PÉRDIDA DEL FUIDO ELÉCTRICO. | C34: CONFORME A LO ESPECIFICADO EN LA FICHA TECNICA | D34: 18 | F34: =F18 -> 20653 | G34: =$D$24*F34 -> 82612 | H34: =G34*1 -> 82612 | J34: =J18 -> 19212 | K34: =$D$24*J34 -> 76848 | L34: =K34*1 -> 76848 | N34: =N18 -> 19216 | O34: =$D$24*N34 -> 76864 | P34: =O34*1 -> 76864 | R34: =R18 -> 16811 | S34: =$D$24*R34 -> 67244 | T34: =S34*1 -> 67244 | V34: =V18 -> 2401.96 | W34: =$D$24*V34 -> 9607.84 | X34: =W34*1 -> 9607.84 | Z34: =Z18 -> 16811 | AA34: =$D$24*Z34 -> 67244 | AB34: =AA34*1 -> 67244 | AD34: =AD18 -> 1 | AE34: =$D$24*AD34 -> 4 | AF34: =AE34*1 -> 4 | AH34: =AH18 -> 12008 | AI34: =$D$24*AH34 -> 48032 | AJ34: =AI34*1 -> 48032 | AL34: =AL18 -> 19212 | AM34: =$D$24*AL34 -> 76848 | AN34: =AM34*1 -> 76848 | AP34: =AP18 -> 12008 | AQ34: =$D$24*AP34 -> 48032 | AR34: =AQ34*1 -> 48032 | AT34: =AT18 -> 19212 | AU34: =$D$24*AT34 -> 76848 | AV34: =AU34*1 -> 76848 | AX34: =AX18 -> 19212 | AY34: =$D$24*AX34 -> 76848 | AZ34: =AY34*1 -> 76848 | BB34: =BB18 -> 23533 | BC34: =$D$24*BB34 -> 94132 | BD34: =BC34*1 -> 94132 | BF34: =BF18 -> 21558 | BG34: =$D$24*BF34 -> 86232 | BH34: =BG34*1 -> 86232 | BJ34: =BJ18 -> 0 | BK34: =$D$24*BJ34 -> 0 | BL34: =BK34*1 -> 0 | BN34: =BN18 -> 20412 | BO34: =$D$24*BN34 -> 81648 | BP34: =BO34*1 -> 81648 | BR34: =BR18 -> 24014 | BS34: =$D$24*BR34 -> 96056 | BT34: =BS34*1 -> 96056 | BV34: =BV18 -> 19212 | BW34: =$D$24*BV34 -> 76848 | BX34: =BW34*1 -> 76848 | BZ34: =BZ18 -> 17771 | CA34: =$D$24*BZ34 -> 71084 | CB34: =CA34*1 -> 71084 | CD34: =CD18 -> 1 | CE34: =$D$24*CD34 -> 4 | CF34: =CE34*1 -> 4 | CH34: =CH18 -> 18011 | CI34: =$D$24*CH34 -> 72044 | CJ34: =CI34*1 -> 72044 | CL34: =CL18 -> 20412 | CM34: =$D$24*CL34 -> 81648 | CN34: =CM34*1 -> 81648 | CP34: =AVERAGE(J34,N34,R34,Z34,AH34,AL34,AP34,AT34,AX34,BN34,BV34,BZ34,CH34,CL34) -> 17822.857 | CR34: =CP34*1.0324 -> 18400.318
A35: 12 | B35: RACK DE PISO O EMPOTRABLE DE 20 UNIDADES, Material metálico cold rolled. Pintura electrostática. Ruedas o tornillos de nivelación. Puerta frontal con llave. Las Dimensiones deben ser las adecuadas y que permitan salvaguardar la UPS, el cableado y los demás equipos del sistema de CCTV. EL RACK USADO DEPENDERÁ DEL TAMAÑO DE LA SEDE EN LA QUE SE VA A INSTALAR. | C35: CONFORME A LO ESPECIFICADO EN LA FICHA TECNICA | D35: 18 | F35: =F19 -> 3808 | G35: =$D$24*F35 -> 15232 | H35: =G35*1 -> 15232 | J35: =J19 -> 3543 | K35: =$D$24*J35 -> 14172 | L35: =K35*1 -> 14172 | N35: =N19 -> 3494 | O35: =$D$24*N35 -> 13976 | P35: =O35*1 -> 13976 | R35: =R19 -> 3099 | S35: =$D$24*R35 -> 12396 | T35: =S35*1 -> 12396 | V35: =V19 -> 443.2708 | W35: =$D$24*V35 -> 1773.0832 | X35: =W35*1 -> 1773.0832 | Z35: =Z19 -> 3099 | AA35: =$D$24*Z35 -> 12396 | AB35: =AA35*1 -> 12396 | AD35: =AD19 -> 1 | AE35: =$D$24*AD35 -> 4 | AF35: =AE35*1 -> 4 | AH35: =AH19 -> 2215 | AI35: =$D$24*AH35 -> 8860 | AJ35: =AI35*1 -> 8860 | AL35: =AL19 -> 3543 | AM35: =$D$24*AL35 -> 14172 | AN35: =AM35*1 -> 14172 | AP35: =AP19 -> 2215 | AQ35: =$D$24*AP35 -> 8860 | AR35: =AQ35*1 -> 8860 | AT35: =AT19 -> 3543 | AU35: =$D$24*AT35 -> 14172 | AV35: =AU35*1 -> 14172 | AX35: =AX19 -> 3543 | AY35: =$D$24*AX35 -> 14172 | AZ35: =AY35*1 -> 14172 | BB35: =BB19 -> 4340 | BC35: =$D$24*BB35 -> 17360 | BD35: =BC35*1 -> 17360 | BF35: =BF19 -> 3976 | BG35: =$D$24*BF35 -> 15904 | BH35: =BG35*1 -> 15904 | BJ35: =BJ19 -> 0 | BK35: =$D$24*BJ35 -> 0 | BL35: =BK35*1 -> 0 | BN35: =BN19 -> 3764 | BO35: =$D$24*BN35 -> 15056 | BP35: =BO35*1 -> 15056 | BR35: =BR19 -> 4428 | BS35: =$D$24*BR35 -> 17712 | BT35: =BS35*1 -> 17712 | BV35: =BV19 -> 3543 | BW35: =$D$24*BV35 -> 14172 | BX35: =BW35*1 -> 14172 | BZ35: =BZ19 -> 3277 | CA35: =$D$24*BZ35 -> 13108 | CB35: =CA35*1 -> 13108 | CD35: =CD19 -> 1 | CE35: =$D$24*CD35 -> 4 | CF35: =CE35*1 -> 4 | CH35: =CH19 -> 3322 | CI35: =$D$24*CH35 -> 13288 | CJ35: =CI35*1 -> 13288 | CL35: =CL19 -> 3764 | CM35: =$D$24*CL35 -> 15056 | CN35: =CM35*1 -> 15056 | CP35: =AVERAGE(J35,N35,R35,Z35,AH35,AL35,AP35,AT35,AX35,BN35,BV35,BZ35,CH35,CL35) -> 3283.1429 | CR35: =CP35*1.0324 -> 3389.5167
A36: 13 | B36: DISCO DURO MULTIMARCA QUE SOPORTE FUNCION RAID PARA CCTV. | C36: CONFORME A LO ESPECIFICADO EN LA FICHA TECNICA | D36: 20 | F36: =F20 -> 3190 | G36: =$D$24*F36 -> 12760 | H36: =G36*1 -> 12760 | J36: =J20 -> 2967 | K36: =$D$24*J36 -> 11868 | L36: =K36*1 -> 11868 | N36: =N20 -> 2948 | O36: =$D$24*N36 -> 11792 | P36: =O36*1 -> 11792 | R36: =R20 -> 2598 | S36: =$D$24*R36 -> 10392 | T36: =S36*1 -> 10392 | V36: =V20 -> 371.212 | W36: =$D$24*V36 -> 1484.848 | X36: =W36*1 -> 1484.848 | Z36: =Z20 -> 2598 | AA36: =$D$24*Z36 -> 10392 | AB36: =AA36*1 -> 10392 | AD36: =AD20 -> 1 | AE36: =$D$24*AD36 -> 4 | AF36: =AE36*1 -> 4 | AH36: =AH20 -> 1855 | AI36: =$D$24*AH36 -> 7420 | AJ36: =AI36*1 -> 7420 | AL36: =AL20 -> 2967 | AM36: =$D$24*AL36 -> 11868 | AN36: =AM36*1 -> 11868 | AP36: =AP20 -> 1855 | AQ36: =$D$24*AP36 -> 7420 | AR36: =AQ36*1 -> 7420 | AT36: =AT20 -> 2967 | AU36: =$D$24*AT36 -> 11868 | AV36: =AU36*1 -> 11868 | AX36: =AX20 -> 2967 | AY36: =$D$24*AX36 -> 11868 | AZ36: =AY36*1 -> 11868 | BB36: =BB20 -> 3636 | BC36: =$D$24*BB36 -> 14544 | BD36: =BC36*1 -> 14544 | BF36: =BF20 -> 3330 | BG36: =$D$24*BF36 -> 13320 | BH36: =BG36*1 -> 13320 | BJ36: =BJ20 -> 0 | BK36: =$D$24*BJ36 -> 0 | BL36: =BK36*1 -> 0 | BN36: =BN20 -> 3154 | BO36: =$D$24*BN36 -> 12616 | BP36: =BO36*1 -> 12616 | BR36: =BR20 -> 3710 | BS36: =$D$24*BR36 -> 14840 | BT36: =BS36*1 -> 14840 | BV36: =BV20 -> 2967 | BW36: =$D$24*BV36 -> 11868 | BX36: =BW36*1 -> 11868 | BZ36: =BZ20 -> 2745 | CA36: =$D$24*BZ36 -> 10980 | CB36: =CA36*1 -> 10980 | CD36: =CD20 -> 1 | CE36: =$D$24*CD36 -> 4 | CF36: =CE36*1 -> 4 | CH36: =CH20 -> 2783 | CI36: =$D$24*CH36 -> 11132 | CJ36: =CI36*1 -> 11132 | CL36: =CL20 -> 3154 | CM36: =$D$24*CL36 -> 12616 | CN36: =CM36*1 -> 12616 | CP36: =AVERAGE(J36,N36,R36,Z36,AH36,AL36,AP36,AT36,AX36,BN36,BV36,BZ36,CH36,CL36) -> 2751.7857 | CR36: =CP36*1.0324 -> 2840.9436
A37: 14 | B37: KIT DE ALARMA BASICO• Comunicación GPRS con reporte a central de monitoreo• Gabinete, batería de respaldo, transformador, sirena de 30watts• Panel de 32 zonas. • Sensores de movimiento (inmune a mascotas).• Sensores de humo. • Sensores magnéticos livianos (detector de apertura) Nota: Las cantidades de los sensores están sujetas a las características físicas de la sede en la que se instalarán. | C37: CONFORME A LO ESPECIFICADO EN LA FICHA TECNICA | D37: 9 | F37: 10834 | G37: =$D$24*F37 -> 43336 | H37: =G37*1 -> 43336 | J37: 10078 | K37: =$D$24*J37 -> 40312 | L37: =K37*1 -> 40312 | N37: 10045 | O37: =$D$24*N37 -> 40180 | P37: =O37*1 -> 40180 | R37: 8819 | S37: =$D$24*R37 -> 35276 | T37: =S37*1 -> 35276 | V37: 1259.9372 | W37: =$D$24*V37 -> 5039.7488 | X37: =W37*1 -> 5039.7488 | Z37: 8819 | AA37: =$D$24*Z37 -> 35276 | AB37: =AA37*1 -> 35276 | AD37: 1 | AE37: =$D$24*AD37 -> 4 | AF37: =AE37*1 -> 4 | AH37: 6298 | AI37: =$D$24*AH37 -> 25192 | AJ37: =AI37*1 -> 25192 | AL37: 10078 | AM37: =$D$24*AL37 -> 40312 | AN37: =AM37*1 -> 40312 | AP37: 6298 | AQ37: =$D$24*AP37 -> 25192 | AR37: =AQ37*1 -> 25192 | AT37: 10078 | AU37: =$D$24*AT37 -> 40312 | AV37: =AU37*1 -> 40312 | AX37: 10078 | AY37: =$D$24*AX37 -> 40312 | AZ37: =AY37*1 -> 40312 | BB37: 12345 | BC37: =$D$24*BB37 -> 49380 | BD37: =BC37*1 -> 49380 | BF37: 11308 | BG37: =$D$24*BF37 -> 45232 | BH37: =BG37*1 -> 45232 | BJ37: 0 | BK37: =$D$24*BJ37 -> 0 | BL37: =BK37*1 -> 0 | BN37: 10708 | BO37: =$D$24*BN37 -> 42832 | BP37: =BO37*1 -> 42832 | BR37: 12597 | BS37: =$D$24*BR37 -> 50388 | BT37: =BS37*1 -> 50388 | BV37: 10078 | BW37: =$D$24*BV37 -> 40312 | BX37: =BW37*1 -> 40312 | BZ37: 9322 | CA37: =$D$24*BZ37 -> 37288 | CB37: =CA37*1 -> 37288 | CD37: 1 | CE37: =$D$24*CD37 -> 4 | CF37: =CE37*1 -> 4 | CH37: 9448 | CI37: =$D$24*CH37 -> 37792 | CJ37: =CI37*1 -> 37792 | CL37: 10708 | CM37: =$D$24*CL37 -> 42832 | CN37: =CM37*1 -> 42832 | CP37: =AVERAGE(J37,N37,R37,Z37,AH37,AL37,AP37,AT37,AX37,BN37,BV37,BZ37,CH37,CL37) -> 9346.7857 | CR37: =CP37*1.0324 -> 9649.6216
A38: 15 | B38: SWITCH DE 8/16/32 PUERTOS POE Puertos giga. Full poe ,700w. 2 puertos SFP. Apilable, QOS, ESTANDARES: IEEE 802.3 10BASE-T Ethernet, IEEE 802.3u 100BASE-TX Fast Ethernet, IEEE 802.3ab 1000BASE- T Gigabit Ethernet. DEBE INCLUIR PATCH PANEL MINIMO CAT 6, ORGANIZADORES DE CABLES, ACCESORIOS Y TORNILLERIA PARA MONTAJE EN RACK. | C38: CONFORME A LO ESPECIFICADO EN LA FICHA TECNICA | D38: 21 | F38: =F21 -> 11624 | G38: =$D$24*F38 -> 46496 | H38: =G38*1 -> 46496 | J38: =J21 -> 10812 | K38: =$D$24*J38 -> 43248 | L38: =K38*1 -> 43248 | N38: =N21 -> 10809 | O38: =$D$24*N38 -> 43236 | P38: =O38*1 -> 43236 | R38: =R21 -> 9461 | S38: =$D$24*R38 -> 37844 | T38: =S38*1 -> 37844 | V38: =V21 -> 1351.6484 | W38: =$D$24*V38 -> 5406.5936 | X38: =W38*1 -> 5406.5936 | Z38: =Z21 -> 9461 | AA38: =$D$24*Z38 -> 37844 | AB38: =AA38*1 -> 37844 | AD38: =AD21 -> 1 | AE38: =$D$24*AD38 -> 4 | AF38: =AE38*1 -> 4 | AH38: =AH21 -> 6758 | AI38: =$D$24*AH38 -> 27032 | AJ38: =AI38*1 -> 27032 | AL38: =AL21 -> 10812 | AM38: =$D$24*AL38 -> 43248 | AN38: =AM38*1 -> 43248 | AP38: =AP21 -> 6758 | AQ38: =$D$24*AP38 -> 27032 | AR38: =AQ38*1 -> 27032 | AT38: =AT21 -> 10812 | AU38: =$D$24*AT38 -> 43248 | AV38: =AU38*1 -> 43248 | AX38: =AX21 -> 10812 | AY38: =$D$24*AX38 -> 43248 | AZ38: =AY38*1 -> 43248 | BB38: =BB21 -> 13245 | BC38: =$D$24*BB38 -> 52980 | BD38: =BC38*1 -> 52980 | BF38: =BF21 -> 12133 | BG38: =$D$24*BF38 -> 48532 | BH38: =BG38*1 -> 48532 | BJ38: =BJ21 -> 0 | BK38: =$D$24*BJ38 -> 0 | BL38: =BK38*1 -> 0 | BN38: =BN21 -> 11488 | BO38: =$D$24*BN38 -> 45952 | BP38: =BO38*1 -> 45952 | BR38: =BR21 -> 13516 | BS38: =$D$24*BR38 -> 54064 | BT38: =BS38*1 -> 54064 | BV38: =BV21 -> 10812 | BW38: =$D$24*BV38 -> 43248 | BX38: =BW38*1 -> 43248 | BZ38: =BZ21 -> 10001 | CA38: =$D$24*BZ38 -> 40004 | CB38: =CA38*1 -> 40004 | CD38: =CD21 -> 1 | CE38: =$D$24*CD38 -> 4 | CF38: =CE38*1 -> 4 | CH38: =CH21 -> 10136 | CI38: =$D$24*CH38 -> 40544 | CJ38: =CI38*1 -> 40544 | CL38: =CL21 -> 11488 | CM38: =$D$24*CL38 -> 45952 | CN38: =CM38*1 -> 45952 | CP38: =AVERAGE(J38,N38,R38,Z38,AH38,AL38,AP38,AT38,AX38,BN38,BV38,BZ38,CH38,CL38) -> 10030 | CR38: =CP38*1.0324 -> 10354.972
A39: SUBTOTAL SECCIONAL BOYACÁ | D39: =SUM(D24:D38) -> 323 | H39: =ROUND(SUM(H24:H38),2) -> 797376 | L39: =ROUND(SUM(L24:L38),2) -> 741740 | P39: =ROUND(SUM(P24:P38),2) -> 741560 | T39: =ROUND(SUM(T24:T38),2) -> 649032 | X39: =ROUND(SUM(X24:X38),2) -> 92724.39 | AB39: =ROUND(SUM(AB24:AB38),2) -> 649032 | AF39: =ROUND(SUM(AF24:AF38),2) -> 60 | AJ39: =ROUND(SUM(AJ24:AJ38),2) -> 463604 | AN39: =ROUND(SUM(AN24:AN38),2) -> 741740 | AR39: =ROUND(SUM(AR24:AR38),2) -> 463604 | AV39: =ROUND(SUM(AV24:AV38),2) -> 741740 | AZ39: =ROUND(SUM(AZ24:AZ38),2) -> 741740 | BD39: =ROUND(SUM(BD24:BD38),2) -> 908644 | BH39: =ROUND(SUM(BH24:BH38),2) -> 832343.92 | BL39: =ROUND(SUM(BL24:BL38),2) -> 0 | BP39: =ROUND(SUM(BP24:BP38),2) -> 788104 | BT39: =ROUND(SUM(BT24:BT38),2) -> 927172 | BX39: =ROUND(SUM(BX24:BX38),2) -> 741740 | CB39: =ROUND(SUM(CB24:CB38),2) -> 686112 | CF39: =ROUND(SUM(CF24:CF38),2) -> 60 | CJ39: =ROUND(SUM(CJ24:CJ38),2) -> 695392 | CN39: =ROUND(SUM(CN24:CN38),2) -> 788104 | CP39: =SUM(CP24:CP38) -> 172022.21 | CR39: =SUM(CR24:CR38) -> 177595.73
A41: TOTALES | D41: =D22+D39 -> 1072 | H41: =ROUND(H22+H39,2) -> 7513580 | L41: =ROUND(L22+L39,2) -> 6989344 | P41: =ROUND(P22+P39,2) -> 6991540 | T41: =ROUND(T22+T39,2) -> 6115768 | X41: =ROUND(X22+X39,2) -> 873745.7 | AB41: =ROUND(AB22+AB39,2) -> 6115768 | AF41: =ROUND(AF22+AF39,2) -> 588 | AJ41: =ROUND(AJ22+AJ39,2) -> 4368516 | AN41: =ROUND(AN22+AN39,2) -> 6989344 | AR41: =ROUND(AR22+AR39,2) -> 4368516 | AV41: =ROUND(AV22+AV39,2) -> 6989344 | AZ41: =ROUND(AZ22+AZ39,2) -> 6989344 | BD41: =ROUND(BD22+BD39,2) -> 8562092 | BH41: =ROUND(BH22+BH39,2) -> 7843127.9 | BL41: =ROUND(BL22+BL39,2) -> 0 | BP41: =ROUND(BP22+BP39,2) -> 7426208 | BT41: =ROUND(BT22+BT39,2) -> 8736644 | BX41: =ROUND(BX22+BX39,2) -> 6989344 | CB41: =ROUND(CB22+CB39,2) -> 6465160 | CF41: =ROUND(CF22+CF39,2) -> 588 | CJ41: =ROUND(CJ22+CJ39,2) -> 6552628 | CN41: =ROUND(CN22+CN39,2) -> 7426208 | CP41: =CP22+CP39 -> 303749.14 | CQ41: =CQ22+CQ39 -> 0 | CR41: =CR22+CR39 -> 313590.65
B44: Estudio del Sector: 0040
B45: Fecha de elaboración: 16/10/2026
B46: Fecha de modificación 1: DIA/ MES/ AÑO
B47: Fecha de modificación 2: DIA/ MES/ AÑO

Sheet 2.1 VR. DEFINITIVOS MED. TECNO.
A2: ANEXO 2.2 - ESTUDIO DEL SECTOR CONSOLIDADO MEDIOS TECNÓLOGICOS 2026-2028
C3: PRESTAR LOS SERVICIOS DE VIGILANCIA Y SEGURIDAD PRIVADA FIJA Y MOVIL, CON MEDIOS TECNOLÓGICOS Y PERSONAL UNIFORMADO CON Y SIN ARMAS, PARA LA ADECUADA PROTECCIÓN, CUSTODIA, AMPARO Y SALVAGUARDA DE LAS PERSONAS QUE LABORAN E INGRESAN A LAS INSTALACIONES Y LOS BIENES MUEBLES E INMUEBLES DE LA FISCALIA GENERAL DE LA NACIÓN Y DEL FONDO ESPECIAL PARA LA ADMINISTRACIÓN DE BIENES – F.E.A.B. DE LA FISCALIA GENERAL DE LA NACIÓN, DE LA REGIONAL CENTRAL, CONFORMADA POR LAS SECCIONALES: I) BOYACA, II) CUNDINAMARCA Y AMAZONAS.
A7: ITEM | B7: DESCRIPCION | C7: UBICACIÓN | D7: CANTIDAD | F7: VALORES DEFINITIVOS VIGENCIAS 2026-2028
F8: VALORES DEFINITIVOS 2026 INCLUIDO AIU E IVA | J8: VALORES DEFINITIVOS 2027 INCLUIDO AIU E IVA | N8: VALORES DEFINITIVOS 2028 INCLUIDO AIU E IVA
F9: MESES | H9: 1 | J9: MESES | K9: 12 | L9: 0.044 | N9: MESES | O9: 11 | P9: 0.033
F10: SUBTOTAL UNITARIO MENSUAL INCLUIDO AIU E IVA | G10: SUBTOTAL MES POR TOTALES REQUERIDOS INCLUIDO AIU E IVA | H10: VALOR TOTAL 1 MES INCLUIDO AIU E IVA | J10: SUBTOTAL UNITARIO MENSUAL INCLUIDO AIU E IVA | K10: SUBTOTAL MES POR TOTALES REQUERIDOS INCLUIDO AIU E IVA | L10: VALOR TOTAL 12 MESES INCLUIDO AIU E IVA | N10: SUBTOTAL UNITARIO MENSUAL INCLUIDO AIU E IVA | O10: SUBTOTAL MES POR TOTALES REQUERIDOS INCLUIDO AIU E IVA | P10: VALOR TOTAL 11 MESES INCLUIDO AIU E IVA
A11: SECCIONAL CUNDINAMARCA - AMAZONAS
A12: 1 | B12: MONITOR DE 32" LED FULL HD, Resolución: Full HD 1920x1080, Brillo de 400 cd/m2, Entradas HDMI, VGA, USB. Salida de audio. Capacidad de trabajo 7/24. | C12: CONFORME A LO ESPECIFICADO EN LA FICHA TECNICA | D12: 25 | F12: ='2 OFERTAS HISTORICO M. TEC.'!CR10 -> 16214.284 | G12: =ROUND(F12*$D12,2) -> 405357.11 | H12: =ROUND(G12*$H$9,2) -> 405357.11 | J12: =ROUND(F12+(F12*$L$9),2) -> 16927.71 | K12: =ROUND(J12*$D12,2) -> 423192.75 | L12: =ROUND(K12*$K$9,2) -> 5078313 | N12: =ROUND(J12+(J12*$P$9),2) -> 17486.32 | O12: =ROUND(N12*$D12,2) -> 437158 | P12: =ROUND(O12*$O$9,2) -> 4808738
A13: 2 | B13: CAMARAS FIJA TIPO MINI DOMO IP Resolución (4 Megapíxeles 30 fps 2688x1520), Iluminación mínima 0.01lux B/N 0 Lux, Día/Noche Real con filtro ICR, Distancia Focal 2.8 mm/4mm/6mm, Iluminación IR 30 mts Compresión de video H264+/H265, Detección de movimiento. Protección Ip67, Puerto de red RJ45 10M/100M/1000M, PoE (Power over Ethernet), Protocolos TCP/IP, ICMP, HTTP, HTTPS, DHCP, DNS, RTP, RTSP, RTCP, NTP, IGMP, QoS, UDP. EL TIPO DE CÁMARA DEPENDERÁ DEL SITIO EN EL QUE SE INSTALARÁ (DOMO INTERIORES, BALA EXTERIORES). | C13: CONFORME A LO ESPECIFICADO EN LA FICHA TECNICA | D13: 339 | F13: ='2 OFERTAS HISTORICO M. TEC.'!CR11 -> 6808.3093 | G13: =ROUND(F13*$D13,2) -> 2308016.9 | H13: =ROUND(G13*$H$9,2) -> 2308016.9 | J13: =ROUND(F13+(F13*$L$9),2) -> 7107.87 | K13: =ROUND(J13*$D13,2) -> 2409567.9 | L13: =ROUND(K13*$K$9,2) -> 28914815 | N13: =ROUND(J13+(J13*$P$9),2) -> 7342.43 | O13: =ROUND(N13*$D13,2) -> 2489083.8 | P13: =ROUND(O13*$O$9,2) -> 27379921
A14: 3 | B14: CAMARAS IP TIPO BALA Resolución (4 Megapíxeles 30 fps 2688x1520), Iluminación mínima 0.01lux B/N 0 Lux, Día/Noche Real con filtro ICR, Distancia Focal 2.8 mm/4mm, Iluminación IR 30 m, Compresión de video H264+/H265, Detección de movimiento. Protección Ip67, Puerto de red RJ45 10M/100M/1000M, PoE (Power over Ethernet) Protocolos TCP/IP, ICMP, HTTP, HTTPS, DHCP, DNS, RTP, RTSP, RTCP, NTP, IGMP, QoS, UDP. | C14: CONFORME A LO ESPECIFICADO EN LA FICHA TECNICA | D14: 18 | F14: ='2 OFERTAS HISTORICO M. TEC.'!CR12 -> 2785.2677 | G14: =ROUND(F14*$D14,2) -> 50134.82 | H14: =ROUND(G14*$H$9,2) -> 50134.82 | J14: =ROUND(F14+(F14*$L$9),2) -> 2907.82 | K14: =ROUND(J14*$D14,2) -> 52340.76 | L14: =ROUND(K14*$K$9,2) -> 628089.12 | N14: =ROUND(J14+(J14*$P$9),2) -> 3003.78 | O14: =ROUND(N14*$D14,2) -> 54068.04 | P14: =ROUND(O14*$O$9,2) -> 594748.44
A15: 4 | B15: CIBERDOMO IP PTZ cámara Tipo Domo IP Resolución (2 Megapíxeles 1920x1080). Iluminación IR 150 m, zoom óptico de 25x, Zoom digital 16x, Sensor de imagen 1/2.8”, Distancia focal 4.8mm a 120mm, Sistema de señal PAL/NTSC, Balance de blancos: Auto/Manual ATW/interior/ exterior/Día/Noche ICR, Compresión de video H264+/H265, Puerto de red Rj45 10M/100M/1000M Ethernet PoE+, Alimentación 24VAC & PoE. Protección Ip66 • Incluye fuente y soporte para pared. | C15: CONFORME A LO ESPECIFICADO EN LA FICHA TECNICA | D15: 26 | F15: ='2 OFERTAS HISTORICO M. TEC.'!CR13 -> 11563.765 | G15: =ROUND(F15*$D15,2) -> 300657.89 | H15: =ROUND(G15*$H$9,2) -> 300657.89 | J15: =ROUND(F15+(F15*$L$9),2) -> 12072.57 | K15: =ROUND(J15*$D15,2) -> 313886.82 | L15: =ROUND(K15*$K$9,2) -> 3766641.8 | N15: =ROUND(J15+(J15*$P$9),2) -> 12470.96 | O15: =ROUND(N15*$D15,2) -> 324244.96 | P15: =ROUND(O15*$O$9,2) -> 3566694.6
A16: 5 | B16: GRABADOR DE 8/16/32 CANALES PENTAHIBRIDO 8/16/32 Canales Pentahibrido. Video Grabador Digital. Procesador Embebido Compresión de Video H.265+/H.265/H.264+. Entradas de video Max 10/16/32 canales IP. Cada canal hasta 5MP Min. Ancho de Banda 200/260Mbps. Búsqueda Inteligente. Función RAID 0, RAID 1, RAID 5, RAID 6 and RAID 10. Puerto de red Rj45 10M/100M/1000M Ethernet. 4 bahías SATA con soporte de discos hasta de 10TB por cada disco. LA CANTIDAD DE CANALES DE ENTRADA DEPENDERÁ DE LA SEDE EN LA QUE SE INSTALE EL EQUIPO. (DE AUERDO CON LA CANTIDAD DE CÁMARAS). | C16: CONFORME A LO ESPECIFICADO EN LA FICHA TECNICA | D16: 16 | F16: ='2 OFERTAS HISTORICO M. TEC.'!CR14 -> 12756.998 | G16: =ROUND(F16*$D16,2) -> 204111.97 | H16: =ROUND(G16*$H$9,2) -> 204111.97 | J16: =ROUND(F16+(F16*$L$9),2) -> 13318.31 | K16: =ROUND(J16*$D16,2) -> 213092.96 | L16: =ROUND(K16*$K$9,2) -> 2557115.5 | N16: =ROUND(J16+(J16*$P$9),2) -> 13757.81 | O16: =ROUND(N16*$D16,2) -> 220124.96 | P16: =ROUND(O16*$O$9,2) -> 2421374.6
A17: 6 | B17: CONTROL JOYSTICK. Joystick tridimensional para el control de Cámaras PTZ. Funciones: Posición Predeterminada, Auto Scan, Auto Pan, Auto Tour. | C17: CONFORME A LO ESPECIFICADO EN LA FICHA TECNICA | D17: 16 | F17: ='2 OFERTAS HISTORICO M. TEC.'!CR15 -> 7948.8163 | G17: =ROUND(F17*$D17,2) -> 127181.06 | H17: =ROUND(G17*$H$9,2) -> 127181.06 | J17: =ROUND(F17+(F17*$L$9),2) -> 8298.56 | K17: =ROUND(J17*$D17,2) -> 132776.96 | L17: =ROUND(K17*$K$9,2) -> 1593323.5 | N17: =ROUND(J17+(J17*$P$9),2) -> 8572.41 | O17: =ROUND(N17*$D17,2) -> 137158.56 | P17: =ROUND(O17*$O$9,2) -> 1508744.2
A18: 7 | B18: SISTEMA DE IDENTIFICACIÓN BIOMÉTRICA PARA INGRESO DE FUNCIONARIOS. Lectores duales Biométrico y RFID (lectora de tarjetas de proximidad). Debe soportar tarjetas con el protocolo MIFARE PLUS X 4K (Carné Institucional). Software de administración y configuración del sistema. El software debe permitir la generación de reportes tanto de ingreso como de salida. El sistema debe soportar hasta 20.000 plantillas de huellas digitales, 60.000 tarjetas y almacenar hasta 100.000 eventos y transacciones. La información debe permanecer guardada en la memoria interna en caso de pérdida de energía. El controlador deberá continuar operando aún si se interrumpe la conexión de red. Deberá incluir: panel gabinete, batería transformador, lectoras requeridas para el bloqueo de puertas, electroimán de 350lb, brazo, anti remanente y pulsador. El sistema debe contar con una UPS de respaldo de energía diferente a la del sistema de CCTV. | C18: CONFORME A LO ESPECIFICADO EN LA FICHA TECNICA | D18: 29 | F18: ='2 OFERTAS HISTORICO M. TEC.'!CR16 -> 14310.834 | G18: =ROUND(F18*$D18,2) -> 415014.18 | H18: =ROUND(G18*$H$9,2) -> 415014.18 | J18: =ROUND(F18+(F18*$L$9),2) -> 14940.51 | K18: =ROUND(J18*$D18,2) -> 433274.79 | L18: =ROUND(K18*$K$9,2) -> 5199297.5 | N18: =ROUND(J18+(J18*$P$9),2) -> 15433.55 | O18: =ROUND(N18*$D18,2) -> 447572.95 | P18: =ROUND(O18*$O$9,2) -> 4923302.5
A19: 8 | B19: SISTEMA DE REGISTRO Y CONTROL DE ACCESO DE VISITANTES. Estación de registro. (En sedes principales se debe contar con mínimo dos (2) estaciones de registro). Lector de Cédula de ciudadanía. Cámara para registro fotográfico. Capturador Biométrico de huella. Software Licenciado Y Operativo. Debe permitir la generación de reportes tanto de ingreso como de salida. El sistema debe contar con una UPS de respaldo de energía diferente a la del sistema de CCTV. | C19: CONFORME A LO ESPECIFICADO EN LA FICHA TECNICA | D19: 100 | F19: ='2 OFERTAS HISTORICO M. TEC.'!CR17 -> 28620.856 | G19: =ROUND(F19*$D19,2) -> 2862085.6 | H19: =ROUND(G19*$H$9,2) -> 2862085.6 | J19: =ROUND(F19+(F19*$L$9),2) -> 29880.17 | K19: =ROUND(J19*$D19,2) -> 2988017 | L19: =ROUND(K19*$K$9,2) -> 35856204 | N19: =ROUND(J19+(J19*$P$9),2) -> 30866.22 | O19: =ROUND(N19*$D19,2) -> 3086622 | P19: =ROUND(O19*$O$9,2) -> 33952842
A20: 9 | B20: UPS RESPALDO DE ENERGIA DE 3KVA PARA SOPORTAR SISTEMA DE CCTV • Doble conversión en línea. Entrada y salida monofásica. Alto Factor de potencia de Entrada 0.98 y salida 0.9. Alta confiabilidad y Eficiencia > 95%. Función ECO ahorrador de energía. Apagado de emergencia EPO. Conexión de batería externa. UPS ONLINE con tipo control micro-procesado por DSP, Bypass automático. Certificación RETIE. DEBE SOPORTAR TODO EL SISTEMA DE CCTV, INCLUYENDO LAS CÁMARAS DE VIDEO POR UN PERIODO DE TIEMPO MÍNIMO DE DOS (2) HORAS EN CASO DE PÉRDIDA DEL FUIDO ELÉCTRICO. | C20: CONFORME A LO ESPECIFICADO EN LA FICHA TECNICA | D20: 5 | F20: ='2 OFERTAS HISTORICO M. TEC.'!CR18 -> 18400.318 | G20: =ROUND(F20*$D20,2) -> 92001.59 | H20: =ROUND(G20*$H$9,2) -> 92001.59 | J20: =ROUND(F20+(F20*$L$9),2) -> 19209.93 | K20: =ROUND(J20*$D20,2) -> 96049.65 | L20: =ROUND(K20*$K$9,2) -> 1152595.8 | N20: =ROUND(J20+(J20*$P$9),2) -> 19843.86 | O20: =ROUND(N20*$D20,2) -> 99219.3 | P20: =ROUND(O20*$O$9,2) -> 1091412.3
A21: 10 | B21: RACK DE PISO O EMPOTRABLE DE 20 UNIDADES, Material metálico cold rolled. Pintura electrostática. Ruedas o tornillos de nivelación. Puerta frontal con llave. Las Dimensiones deben ser las adecuadas y que permitan salvaguardar la UPS, el cableado y los demás equipos del sistema de CCTV. EL RACK USADO DEPENDERÁ DEL TAMAÑO DE LA SEDE EN LA QUE SE VA A INSTALAR. | C21: CONFORME A LO ESPECIFICADO EN LA FICHA TECNICA | D21: 22 | F21: ='2 OFERTAS HISTORICO M. TEC.'!CR19 -> 3389.5167 | G21: =ROUND(F21*$D21,2) -> 74569.37 | H21: =ROUND(G21*$H$9,2) -> 74569.37 | J21: =ROUND(F21+(F21*$L$9),2) -> 3538.66 | K21: =ROUND(J21*$D21,2) -> 77850.52 | L21: =ROUND(K21*$K$9,2) -> 934206.24 | N21: =ROUND(J21+(J21*$P$9),2) -> 3655.44 | O21: =ROUND(N21*$D21,2) -> 80419.68 | P21: =ROUND(O21*$O$9,2) -> 884616.48
A22: 11 | B22: DISCO DURO MULTIMARCA QUE SOPORTE FUNCION RAID PARA CCTV. | C22: CONFORME A LO ESPECIFICADO EN LA FICHA TECNICA | D22: 14 | F22: ='2 OFERTAS HISTORICO M. TEC.'!CR20 -> 2840.9436 | G22: =ROUND(F22*$D22,2) -> 39773.21 | H22: =ROUND(G22*$H$9,2) -> 39773.21 | J22: =ROUND(F22+(F22*$L$9),2) -> 2965.95 | K22: =ROUND(J22*$D22,2) -> 41523.3 | L22: =ROUND(K22*$K$9,2) -> 498279.6 | N22: =ROUND(J22+(J22*$P$9),2) -> 3063.83 | O22: =ROUND(N22*$D22,2) -> 42893.62 | P22: =ROUND(O22*$O$9,2) -> 471829.82
A23: 12 | B23: SWITCH DE 8/16/32 PUERTOS POE Puertos giga. Full poe ,700w. 2 puertos SFP. Apilable, QOS, ESTANDARES: IEEE 802.3 10BASE-T Ethernet, IEEE 802.3u 100BASE-TX Fast Ethernet, IEEE 802.3ab 1000BASE- T Gigabit Ethernet. DEBE INCLUIR PATCH PANEL MINIMO CAT 6, ORGANIZADORES DE CABLES, ACCESORIOS Y TORNILLERIA PARA MONTAJE EN RACK. | C23: CONFORME A LO ESPECIFICADO EN LA FICHA TECNICA | D23: 9 | F23: ='2 OFERTAS HISTORICO M. TEC.'!CR21 -> 10354.972 | G23: =ROUND(F23*$D23,2) -> 93194.75 | H23: =ROUND(G23*$H$9,2) -> 93194.75 | J23: =ROUND(F23+(F23*$L$9),2) -> 10810.59 | K23: =ROUND(J23*$D23,2) -> 97295.31 | L23: =ROUND(K23*$K$9,2) -> 1167543.7 | N23: =ROUND(J23+(J23*$P$9),2) -> 11167.34 | O23: =ROUND(N23*$D23,2) -> 100506.06 | P23: =ROUND(O23*$O$9,2) -> 1105566.7
A24: SUBTOTAL SECCIONAL CUNDINAMARCA - AMAZONAS | D24: =SUM(D12:D23) -> 619 | H24: =ROUND(SUM(H12:H23),2) -> 6972098.5 | L24: =ROUND(SUM(L12:L23),2) -> 87346425 | P24: =ROUND(SUM(P12:P23),2) -> 82709791
A25: SECCIONAL BOYACÁ
A26: 1 | B26: MONITOR DE 43" LED FULL HD, Resolución: Full HD 1920x1080, Brillo de 400 cd/m2, Entradas HDMI, VGA, USB. Salida de audio. Capacidad de trabajo 7/24. | C26: CONFORME A LO ESPECIFICADO EN LA FICHA TECNICA | D26: 22 | F26: ='2 OFERTAS HISTORICO M. TEC.'!CR24 -> 12168.088 | G26: =ROUND(F26*$D26,2) -> 267697.93 | H26: =ROUND(G26*$H$9,2) -> 267697.93 | J26: =ROUND(F26+(F26*$L$9),2) -> 12703.48 | K26: =ROUND(J26*$D26,2) -> 279476.56 | L26: =ROUND(K26*$K$9,2) -> 3353718.7 | N26: =ROUND(J26+(J26*$P$9),2) -> 13122.69 | O26: =ROUND(N26*$D26,2) -> 288699.18 | P26: =ROUND(O26*$O$9,2) -> 3175691
A27: 2 | B27: MONITOR DE 32" LED FULL HD, Resolución: Full HD 1920x1080, Brillo de 400 cd/m2, Entradas HDMI, VGA, USB. Salida de audio. Capacidad de trabajo 7/24. | C27: CONFORME A LO ESPECIFICADO EN LA FICHA TECNICA | D27: 191 | F27: ='2 OFERTAS HISTORICO M. TEC.'!CR25 -> 16214.284 | G27: =ROUND(F27*$D27,2) -> 3096928.3 | H27: =ROUND(G27*$H$9,2) -> 3096928.3 | J27: =ROUND(F27+(F27*$L$9),2) -> 16927.71 | K27: =ROUND(J27*$D27,2) -> 3233192.6 | L27: =ROUND(K27*$K$9,2) -> 38798311 | N27: =ROUND(J27+(J27*$P$9),2) -> 17486.32 | O27: =ROUND(N27*$D27,2) -> 3339887.1 | P27: =ROUND(O27*$O$9,2) -> 36738758
A28: 3 | B28: CAMARAS FIJA TIPO MINI DOMO IP Resolución (4 Megapíxeles 30 fps 2688x1520), Iluminación mínima 0.01lux B/N 0 Lux, Día/Noche Real con filtro ICR, Distancia Focal 2.8 mm/4mm/6mm, Iluminación IR 30 mts Compresión de video H264+/H265, Detección de movimiento. Protección Ip67, Puerto de red RJ45 10M/100M/1000M, PoE (Power over Ethernet), Protocolos TCP/IP, ICMP, HTTP, HTTPS, DHCP, DNS, RTP, RTSP, RTCP, NTP, IGMP, QoS, UDP. EL TIPO DE CÁMARA DEPENDERÁ DEL SITIO EN EL QUE SE INSTALARÁ (DOMO INTERIORES, BALA EXTERIORES). | C28: CONFORME A LO ESPECIFICADO EN LA FICHA TECNICA | D28: 85 | F28: ='2 OFERTAS HISTORICO M. TEC.'!CR26 -> 6808.3093 | G28: =ROUND(F28*$D28,2) -> 578706.29 | H28: =ROUND(G28*$H$9,2) -> 578706.29 | J28: =ROUND(F28+(F28*$L$9),2) -> 7107.87 | K28: =ROUND(J28*$D28,2) -> 604168.95 | L28: =ROUND(K28*$K$9,2) -> 7250027.4 | N28: =ROUND(J28+(J28*$P$9),2) -> 7342.43 | O28: =ROUND(N28*$D28,2) -> 624106.55 | P28: =ROUND(O28*$O$9,2) -> 6865172
A29: 4 | B29: CAMARAS IP TIPO BALA Resolución (4 Megapíxeles 30 fps 2688x1520), Iluminación mínima 0.01lux B/N 0 Lux, Día/Noche Real con filtro ICR, Distancia Focal 2.8 mm/4mm, Iluminación IR 30 m, Compresión de video H264+/H265, Detección de movimiento. Protección Ip67, Puerto de red RJ45 10M/100M/1000M, PoE (Power over Ethernet) Protocolos TCP/IP, ICMP, HTTP, HTTPS, DHCP, DNS, RTP, RTSP, RTCP, NTP, IGMP, QoS, UDP. | C29: CONFORME A LO ESPECIFICADO EN LA FICHA TECNICA | D29: 41 | F29: ='2 OFERTAS HISTORICO M. TEC.'!CR27 -> 2785.2677 | G29: =ROUND(F29*$D29,2) -> 114195.98 | H29: =ROUND(G29*$H$9,2) -> 114195.98 | J29: =ROUND(F29+(F29*$L$9),2) -> 2907.82 | K29: =ROUND(J29*$D29,2) -> 119220.62 | L29: =ROUND(K29*$K$9,2) -> 1430647.4 | N29: =ROUND(J29+(J29*$P$9),2) -> 3003.78 | O29: =ROUND(N29*$D29,2) -> 123154.98 | P29: =ROUND(O29*$O$9,2) -> 1354704.8
A30: 5 | B30: CIBERDOMO IP PTZ cámara Tipo Domo IP Resolución (2 Megapíxeles 1920x1080). Iluminación IR 150 m, zoom óptico de 25x, Zoom digital 16x, Sensor de imagen 1/2.8”, Distancia focal 4.8mm a 120mm, Sistema de señal PAL/NTSC, Balance de blancos: Auto/Manual ATW/interior/ exterior/Día/Noche ICR, Compresión de video H264+/H265, Puerto de red Rj45 10M/100M/1000M Ethernet PoE+, Alimentación 24VAC & PoE. Protección Ip66 • Incluye fuente y soporte para pared. | C30: CONFORME A LO ESPECIFICADO EN LA FICHA TECNICA | D30: 19 | F30: ='2 OFERTAS HISTORICO M. TEC.'!CR28 -> 11563.765 | G30: =ROUND(F30*$D30,2) -> 219711.53 | H30: =ROUND(G30*$H$9,2) -> 219711.53 | J30: =ROUND(F30+(F30*$L$9),2) -> 12072.57 | K30: =ROUND(J30*$D30,2) -> 229378.83 | L30: =ROUND(K30*$K$9,2) -> 2752546 | N30: =ROUND(J30+(J30*$P$9),2) -> 12470.96 | O30: =ROUND(N30*$D30,2) -> 236948.24 | P30: =ROUND(O30*$O$9,2) -> 2606430.6
A31: 6 | B31: GRABADOR DE 8/16/32 CANALES PENTAHIBRIDO 8/16/32 Canales Pentahibrido. Video Grabador Digital. Procesador Embebido Compresión de Video H.265+/H.265/H.264+. Entradas de video Max 10/16/32 canales IP. Cada canal hasta 5MP Min. Ancho de Banda 200/260Mbps. Búsqueda Inteligente. Función RAID 0, RAID 1, RAID 5, RAID 6 and RAID 10. Puerto de red Rj45 10M/100M/1000M Ethernet. 4 bahías SATA con soporte de discos hasta de 10TB por cada disco. LA CANTIDAD DE CANALES DE ENTRADA DEPENDERÁ DE LA SEDE EN LA QUE SE INSTALE EL EQUIPO. (DE AUERDO CON LA CANTIDAD DE CÁMARAS). | C31: CONFORME A LO ESPECIFICADO EN LA FICHA TECNICA | D31: 7 | F31: ='2 OFERTAS HISTORICO M. TEC.'!CR29 -> 12756.998 | G31: =ROUND(F31*$D31,2) -> 89298.99 | H31: =ROUND(G31*$H$9,2) -> 89298.99 | J31: =ROUND(F31+(F31*$L$9),2) -> 13318.31 | K31: =ROUND(J31*$D31,2) -> 93228.17 | L31: =ROUND(K31*$K$9,2) -> 1118738 | N31: =ROUND(J31+(J31*$P$9),2) -> 13757.81 | O31: =ROUND(N31*$D31,2) -> 96304.67 | P31: =ROUND(O31*$O$9,2) -> 1059351.4
A32: 7 | B32: CONTROL JOYSTICK. Joystick tridimensional para el control de Cámaras PTZ. Funciones: Posición Predeterminada, Auto Scan, Auto Pan, Auto Tour. | C32: CONFORME A LO ESPECIFICADO EN LA FICHA TECNICA | D32: 18 | F32: ='2 OFERTAS HISTORICO M. TEC.'!CR30 -> 7948.8163 | G32: =ROUND(F32*$D32,2) -> 143078.69 | H32: =ROUND(G32*$H$9,2) -> 143078.69 | J32: =ROUND(F32+(F32*$L$9),2) -> 8298.56 | K32: =ROUND(J32*$D32,2) -> 149374.08 | L32: =ROUND(K32*$K$9,2) -> 1792489 | N32: =ROUND(J32+(J32*$P$9),2) -> 8572.41 | O32: =ROUND(N32*$D32,2) -> 154303.38 | P32: =ROUND(O32*$O$9,2) -> 1697337.2
A33: 8 | B33: SISTEMA DE IDENTIFICACIÓN BIOMÉTRICA PARA INGRESO DE FUNCIONARIOS. Lectores duales Biométrico y RFID (lectora de tarjetas de proximidad). Debe soportar tarjetas con el protocolo MIFARE PLUS X 4K (Carné Institucional). Software de administración y configuración del sistema. El software debe permitir la generación de reportes tanto de ingreso como de salida. El sistema debe soportar hasta 20.000 plantillas de huellas digitales, 60.000 tarjetas y almacenar hasta 100.000 eventos y transacciones. La información debe permanecer guardada en la memoria interna en caso de pérdida de energía. El controlador deberá continuar operando aún si se interrumpe la conexión de red. Deberá incluir: panel gabinete, batería transformador, lectoras requeridas para el bloqueo de puertas, electroimán de 350lb, brazo, anti remanente y pulsador. El sistema debe contar con una UPS de respaldo de energía diferente a la del sistema de CCTV. | C33: CONFORME A LO ESPECIFICADO EN LA FICHA TECNICA | D33: 13 | F33: ='2 OFERTAS HISTORICO M. TEC.'!CR31 -> 14310.834 | G33: =ROUND(F33*$D33,2) -> 186040.84 | H33: =ROUND(G33*$H$9,2) -> 186040.84 | J33: =ROUND(F33+(F33*$L$9),2) -> 14940.51 | K33: =ROUND(J33*$D33,2) -> 194226.63 | L33: =ROUND(K33*$K$9,2) -> 2330719.6 | N33: =ROUND(J33+(J33*$P$9),2) -> 15433.55 | O33: =ROUND(N33*$D33,2) -> 200636.15 | P33: =ROUND(O33*$O$9,2) -> 2206997.6
A34: 9 | B34: SISTEMA DE REGISTRO Y CONTROL DE ACCESO DE VISITANTES. Estación de registro. (En sedes principales se debe contar con mínimo dos (2) estaciones de registro). Lector de Cédula de ciudadanía. Cámara para registro fotográfico. Capturador Biométrico de huella. Software Licenciado Y Operativo. Debe permitir la generación de reportes tanto de ingreso como de salida. El sistema debe contar con una UPS de respaldo de energía diferente a la del sistema de CCTV. | C34: CONFORME A LO ESPECIFICADO EN LA FICHA TECNICA | D34: 11 | F34: ='2 OFERTAS HISTORICO M. TEC.'!CR32 -> 28620.856 | G34: =ROUND(F34*$D34,2) -> 314829.42 | H34: =ROUND(G34*$H$9,2) -> 314829.42 | J34: =ROUND(F34+(F34*$L$9),2) -> 29880.17 | K34: =ROUND(J34*$D34,2) -> 328681.87 | L34: =ROUND(K34*$K$9,2) -> 3944182.4 | N34: =ROUND(J34+(J34*$P$9),2) -> 30866.22 | O34: =ROUND(N34*$D34,2) -> 339528.42 | P34: =ROUND(O34*$O$9,2) -> 3734812.6
A35: 10 | B35: ARCO DETECTOR DE METALES 18 zonas de detección interconectadas en diferentes áreas y alarma simultánea de múltiples zonas. Pantalla LCD 5.7”. Sensibilidad ajustable: Cada zona tiene 256 niveles de sensibilidad. Control remoto. Alarma de sonido y LED´s para indicar la zona del metal detectado. Conteo automático de personas y alarmas. Intensidad de alarma mostrada en el panel. Diseñado con material de alta densidad anti-inflamable. Función de autodiagnóstico al encenderse, sin necesidad de calibración inicial o periódica. Batería de respaldo con duración de 4-8 horas. Inofensivo para el cuerpo humano, personas con marcapasos, colgantes magnéticos, prótesis, mujeres embarazadas, etc. | C35: CONFORME A LO ESPECIFICADO EN LA FICHA TECNICA | D35: 20 | F35: ='2 OFERTAS HISTORICO M. TEC.'!CR33 -> 19783.144 | G35: =ROUND(F35*$D35,2) -> 395662.88 | H35: =ROUND(G35*$H$9,2) -> 395662.88 | J35: =ROUND(F35+(F35*$L$9),2) -> 20653.6 | K35: =ROUND(J35*$D35,2) -> 413072 | L35: =ROUND(K35*$K$9,2) -> 4956864 | N35: =ROUND(J35+(J35*$P$9),2) -> 21335.17 | O35: =ROUND(N35*$D35,2) -> 426703.4 | P35: =ROUND(O35*$O$9,2) -> 4693737.4
A36: 11 | B36: UPS RESPALDO DE ENERGIA DE 3KVA PARA SOPORTAR SISTEMA DE CCTV • Doble conversión en línea. Entrada y salida monofásica. Alto Factor de potencia de Entrada 0.98 y salida 0.9. Alta confiabilidad y Eficiencia > 95%. Función ECO ahorrador de energía. Apagado de emergencia EPO. Conexión de batería externa. UPS ONLINE con tipo control micro-procesado por DSP, Bypass automático. Certificación RETIE. DEBE SOPORTAR TODO EL SISTEMA DE CCTV, INCLUYENDO LAS CÁMARAS DE VIDEO POR UN PERIODO DE TIEMPO MÍNIMO DE DOS (2) HORAS EN CASO DE PÉRDIDA DEL FUIDO ELÉCTRICO. | C36: CONFORME A LO ESPECIFICADO EN LA FICHA TECNICA | D36: 13 | F36: ='2 OFERTAS HISTORICO M. TEC.'!CR34 -> 18400.318 | G36: =ROUND(F36*$D36,2) -> 239204.13 | H36: =ROUND(G36*$H$9,2) -> 239204.13 | J36: =ROUND(F36+(F36*$L$9),2) -> 19209.93 | K36: =ROUND(J36*$D36,2) -> 249729.09 | L36: =ROUND(K36*$K$9,2) -> 2996749.1 | N36: =ROUND(J36+(J36*$P$9),2) -> 19843.86 | O36: =ROUND(N36*$D36,2) -> 257970.18 | P36: =ROUND(O36*$O$9,2) -> 2837672
A37: 12 | B37: RACK DE PISO O EMPOTRABLE DE 20 UNIDADES, Material metálico cold rolled. Pintura electrostática. Ruedas o tornillos de nivelación. Puerta frontal con llave. Las Dimensiones deben ser las adecuadas y que permitan salvaguardar la UPS, el cableado y los demás equipos del sistema de CCTV. EL RACK USADO DEPENDERÁ DEL TAMAÑO DE LA SEDE EN LA QUE SE VA A INSTALAR. | C37: CONFORME A LO ESPECIFICADO EN LA FICHA TECNICA | D37: 13 | F37: ='2 OFERTAS HISTORICO M. TEC.'!CR35 -> 3389.5167 | G37: =ROUND(F37*$D37,2) -> 44063.72 | H37: =ROUND(G37*$H$9,2) -> 44063.72 | J37: =ROUND(F37+(F37*$L$9),2) -> 3538.66 | K37: =ROUND(J37*$D37,2) -> 46002.58 | L37: =ROUND(K37*$K$9,2) -> 552030.96 | N37: =ROUND(J37+(J37*$P$9),2) -> 3655.44 | O37: =ROUND(N37*$D37,2) -> 47520.72 | P37: =ROUND(O37*$O$9,2) -> 522727.92
... A40: 15 | B40: SWITCH DE 8/16/32 PUERTOS POE Puertos giga. Full poe ,700w. 2 puertos SFP. Apilable, QOS, ESTANDARES: IEEE 802.3 10BASE-T Ethernet, IEEE 802.3u 100BASE-TX Fast Ethernet, IEEE 802.3ab 1000BASE- T Gigabit Ethernet. DEBE INCLUIR PATCH PANEL MINIMO CAT 6, ORGANIZADORES DE CABLES, ACCESORIOS Y TORNILLERIA PARA MONTAJE EN RACK. | C40: CONFORME A LO ESPECIFICADO EN LA FICHA TECNICA | D40: 2 | F40: ='2 OFERTAS HISTORICO M. TEC.'!CR38 -> 10354.972 | G40: =ROUND(F40*$D40,2) -> 20709.94 | H40: =ROUND(G40*$H$9,2) -> 20709.94 | J40: =ROUND(F40+(F40*$L$9),2) -> 10810.59 | K40: =ROUND(J40*$D40,2) -> 21621.18 | L40: =ROUND(K40*$K$9,2) -> 259454.16 | N40: =ROUND(J40+(J40*$P$9),2) -> 11167.34 | O40: =ROUND(N40*$D40,2) -> 22334.68 | P40: =ROUND(O40*$O$9,2) -> 245681.48
A41: SUBTOTAL SECCIONAL BOYACÁ | D41: =SUM(D26:D40) -> 541 | H41: =ROUND(SUM(H26:H40),2) -> 5995301.9 | L41: =ROUND(SUM(L26:L40),2) -> 75109132 | P41: =ROUND(SUM(P26:P40),2) -> 71122084
A43: TOTALES | D43: =D24+D41 -> 1160 | H43: =ROUND(H24+H41,2) -> 12967400 | L43: =ROUND(L24+L41,2) -> 1.6245556e+08 | P43: =ROUND(P24+P41,2) -> 1.5383187e+08
B46: Estudio del Sector: 0040
B47: Fecha de elaboración: 16/10/2026
B48: Fecha de modificación 1: DIA/ MES/ AÑO
B49: Fecha de modificación 2: DIA/ MES/ AÑO

Sheet 4 CONSOLIDADO
B1: ANEXO 4 CONSOLIDADO - ESTUDIO DEL SECTOR
C2: PRESTAR LOS SERVICIOS DE VIGILANCIA Y SEGURIDAD PRIVADA FIJA Y MOVIL, CON MEDIOS TECNOLÓGICOS Y PERSONAL UNIFORMADO CON Y SIN ARMAS, PARA LA ADECUADA PROTECCIÓN, CUSTODIA, AMPARO Y SALVAGUARDA DE LAS PERSONAS QUE LABORAN E INGRESAN A LAS INSTALACIONES Y LOS BIENES MUEBLES E INMUEBLES DE LA FISCALIA GENERAL DE LA NACIÓN Y DEL FONDO ESPECIAL PARA LA ADMINISTRACIÓN DE BIENES – F.E.A.B. DE LA FISCALIA GENERAL DE LA NACIÓN, DE LA REGIONAL CENTRAL, CONFORMADA POR LAS SECCIONALES: I) BOYACA, II) CUNDINAMARCA Y AMAZONAS.
B5: FGN | C5: DESCRIPCIÓN DEL SERVICIO | D5: VALOR TOTAL 2026 (1 MES) | E5: VALOR TOTAL 2027 (12 MESES) | F5: VALOR TOTAL 2028 (11 MESES) | G5: VALOR TOTAL PRESUPUESTO 2026 - 2028
C7: FACTOR HUMANO – F.G.N. | D7: ='1. VALOR 2026 (1 MES)'!M43 -> 1.075344e+09 | E7: ='1.1. VR. 2027 ENE-JUN (6 MESES)'!L43+'1.2. VR. 2027 JUL-DIC (6 MESES)'!L43 -> 1.3584009e+10 | F7: ='1.3.VALOR 2028 (11 MESES)'!M43 -> 1.2931425e+10 | G7: =+D7+E7+F7 -> 2.7590777e+10
C8: FACTOR TECNOLÓGICO | D8: ='2.1 VR. DEFINITIVOS MED. TECNO.'!H43 -> 12967400 | E8: ='2.1 VR. DEFINITIVOS MED. TECNO.'!L43 -> 1.6245556e+08 | F8: ='2.1 VR. DEFINITIVOS MED. TECNO.'!P43 -> 1.5383187e+08 | G8: =+D8+E8+F8 -> 3.2925483e+08
C9: TOTAL FGN | D9: =+D8+D7 -> 1.0883114e+09 | E9: =+E8+E7 -> 1.3746464e+10 | F9: =+F8+F7 -> 1.3085257e+10 | G9: =+G8+G7 -> 2.7920032e+10
B10: FEAB | C10: DESCRIPCIÓN DEL SERVICIO | D10: VALOR TOTAL 2026 (1 MES) | E10: VALOR TOTAL 2027 (12 MESES) | F10: VALOR TOTAL 2028 (11 MESES) | G10: VALOR TOTAL PRESUPUESTO 2026 - 2028
C12: FACTOR HUMANO – F.E.A.B. | D12: ='1. VALOR 2026 (1 MES)'!M48 -> 40079439 | E12: 0 | F12: 0 | G12: =+D12+E12+F12 -> 40079439
C13: TOTAL FEAB | D13: =D12 -> 40079439 | E13: 0 | F13: 0 | G13: =G12 -> 40079439
B14: VALOR TOTAL PRESUPUESTO OFICIAL VIGENCIAS 2026 - 2027 - 2028 | G14: =+G13+G9 -> 2.7960112e+10
B17: Estudio del Sector: 0040
B18: Fecha de elaboración: 16/10/2026
B19: Fecha de modificación 1: DIA/ MES/ AÑO
B20: Fecha de modificación 2: DIA/ MES/ AÑO

Sheet OFERTA ECONÓMICA MEDIOS TECNOLÓ
A2: OFERTA ECONÓMICA - MEDIOS TECNÓLOGICOS 2026-2028
A3: LOGO EMPRESA | C3: PRESTAR LOS SERVICIOS DE VIGILANCIA Y SEGURIDAD PRIVADA FIJA Y MOVIL, CON MEDIOS TECNOLÓGICOS Y PERSONAL UNIFORMADO CON Y SIN ARMAS, PARA LA ADECUADA PROTECCIÓN, CUSTODIA, AMPARO Y SALVAGUARDA DE LAS PERSONAS QUE LABORAN E INGRESAN A LAS INSTALACIONES Y LOS BIENES MUEBLES E INMUEBLES DE LA FISCALIA GENERAL DE LA NACIÓN Y DEL FONDO ESPECIAL PARA LA ADMINISTRACIÓN DE BIENES – F.E.A.B. DE LA FISCALIA GENERAL DE LA NACIÓN, DE LA REGIONAL CENTRAL, CONFORMADA POR LAS SECCIONALES: I) BOYACA, II) CUNDINAMARCA Y AMAZONAS.
A7: ITEM | B7: DESCRIPCION | C7: UBICACIÓN | D7: CANTIDAD | F7: VALORES OFERTADOS VIGENCIAS 2026-2028
F8: VALORES 2026 INCLUIDO AIU E IVA | J8: VALORES 2027 INCLUIDO AIU E IVA | N8: VALORES 2028 INCLUIDO AIU E IVA
F9: MESES | H9: 1 | J9: MESES | K9: 12 | L9: Incremento 4,4% | N9: MESES | O9: 11 | P9: Incremento 3%
F10: SUBTOTAL UNITARIO MENSUAL INCLUIDO AIU E IVA | G10: SUBTOTAL MES POR TOTALES REQUERIDOS INCLUIDO AIU E IVA | H10: VALOR TOTAL 1 MES INCLUIDO AIU E IVA | J10: SUBTOTAL UNITARIO MENSUAL INCLUIDO AIU E IVA | K10: SUBTOTAL MES POR TOTALES REQUERIDOS INCLUIDO AIU E IVA | L10: VALOR TOTAL 12 MESES INCLUIDO AIU E IVA | N10: SUBTOTAL UNITARIO MENSUAL INCLUIDO AIU E IVA | O10: SUBTOTAL MES POR TOTALES REQUERIDOS INCLUIDO AIU E IVA | P10: VALOR TOTAL 11 MESES INCLUIDO AIU E IVA
A11: SECCIONAL CUNDINAMARCA - AMAZONAS
A12: 1 | B12: MONITOR DE 32" LED FULL HD, Resolución: Full HD 1920x1080, Brillo de 400 cd/m2, Entradas HDMI, VGA, USB. Salida de audio. Capacidad de trabajo 7/24. | C12: CONFORME A LO ESPECIFICADO EN LA FICHA TECNICA | D12: 25
A13: 2 | B13: CAMARAS FIJA TIPO MINI DOMO IP Resolución (4 Megapíxeles 30 fps 2688x1520), Iluminación mínima 0.01lux B/N 0 Lux, Día/Noche Real con filtro ICR, Distancia Focal 2.8 mm/4mm/6mm, Iluminación IR 30 mts Compresión de video H264+/H265, Detección de movimiento. Protección Ip67, Puerto de red RJ45 10M/100M/1000M, PoE (Power over Ethernet), Protocolos TCP/IP, ICMP, HTTP, HTTPS, DHCP, DNS, RTP, RTSP, RTCP, NTP, IGMP, QoS, UDP. EL TIPO DE CÁMARA DEPENDERÁ DEL SITIO EN EL QUE SE INSTALARÁ (DOMO INTERIORES, BALA EXTERIORES). | C13: CONFORME A LO ESPECIFICADO EN LA FICHA TECNICA | D13: 339
A14: 3 | B14: CAMARAS IP TIPO BALA Resolución (4 Megapíxeles 30 fps 2688x1520), Iluminación mínima 0.01lux B/N 0 Lux, Día/Noche Real con filtro ICR, Distancia Focal 2.8 mm/4mm, Iluminación IR 30 m, Compresión de video H264+/H265, Detección de movimiento. Protección Ip67, Puerto de red RJ45 10M/100M/1000M, PoE (Power over Ethernet) Protocolos TCP/IP, ICMP, HTTP, HTTPS, DHCP, DNS, RTP, RTSP, RTCP, NTP, IGMP, QoS, UDP. | C14: CONFORME A LO ESPECIFICADO EN LA FICHA TECNICA | D14: 18
A15: 4 | B15: CIBERDOMO IP PTZ cámara Tipo Domo IP Resolución (2 Megapíxeles 1920x1080). Iluminación IR 150 m, zoom óptico de 25x, Zoom digital 16x, Sensor de imagen 1/2.8”, Distancia focal 4.8mm a 120mm, Sistema de señal PAL/NTSC, Balance de blancos: Auto/Manual ATW/interior/ exterior/Día/Noche ICR, Compresión de video H264+/H265, Puerto de red Rj45 10M/100M/1000M Ethernet PoE+, Alimentación 24VAC & PoE. Protección Ip66 • Incluye fuente y soporte para pared. | C15: CONFORME A LO ESPECIFICADO EN LA FICHA TECNICA | D15: 26
A16: 5 | B16: GRABADOR DE 8/16/32 CANALES PENTAHIBRIDO 8/16/32 Canales Pentahibrido. Video Grabador Digital. Procesador Embebido Compresión de Video H.265+/H.265/H.264+. Entradas de video Max 10/16/32 canales IP. Cada canal hasta 5MP Min. Ancho de Banda 200/260Mbps. Búsqueda Inteligente. Función RAID 0, RAID 1, RAID 5, RAID 6 and RAID 10. Puerto de red Rj45 10M/100M/1000M Ethernet. 4 bahías SATA con soporte de discos hasta de 10TB por cada disco. LA CANTIDAD DE CANALES DE ENTRADA DEPENDERÁ DE LA SEDE EN LA QUE SE INSTALE EL EQUIPO. (DE AUERDO CON LA CANTIDAD DE CÁMARAS). | C16: CONFORME A LO ESPECIFICADO EN LA FICHA TECNICA | D16: 16
A17: 6 | B17: CONTROL JOYSTICK. Joystick tridimensional para el control de Cámaras PTZ. Funciones: Posición Predeterminada, Auto Scan, Auto Pan, Auto Tour. | C17: CONFORME A LO ESPECIFICADO EN LA FICHA TECNICA | D17: 16
A18: 7 | B18: SISTEMA DE IDENTIFICACIÓN BIOMÉTRICA PARA INGRESO DE FUNCIONARIOS. Lectores duales Biométrico y RFID (lectora de tarjetas de proximidad). Debe soportar tarjetas con el protocolo MIFARE PLUS X 4K (Carné Institucional). Software de administración y configuración del sistema. El software debe permitir la generación de reportes tanto de ingreso como de salida. El sistema debe soportar hasta 20.000 plantillas de huellas digitales, 60.000 tarjetas y almacenar hasta 100.000 eventos y transacciones. La información debe permanecer guardada en la memoria interna en caso de pérdida de energía. El controlador deberá continuar operando aún si se interrumpe la conexión de red. Deberá incluir: panel gabinete, batería transformador, lectoras requeridas para el bloqueo de puertas, electroimán de 350lb, brazo, anti remanente y pulsador. El sistema debe contar con una UPS de respaldo de energía diferente a la del sistema de CCTV. | C18: CONFORME A LO ESPECIFICADO EN LA FICHA TECNICA | D18: 29
A19: 8 | B19: SISTEMA DE REGISTRO Y CONTROL DE ACCESO DE VISITANTES. Estación de registro. (En sedes principales se debe contar con mínimo dos (2) estaciones de registro). Lector de Cédula de ciudadanía. Cámara para registro fotográfico. Capturador Biométrico de huella. Software Licenciado Y Operativo. Debe permitir la generación de reportes tanto de ingreso como de salida. El sistema debe contar con una UPS de respaldo de energía diferente a la del sistema de CCTV. | C19: CONFORME A LO ESPECIFICADO EN LA FICHA TECNICA | D19: 100
A20: 9 | B20: UPS RESPALDO DE ENERGIA DE 3KVA PARA SOPORTAR SISTEMA DE CCTV • Doble conversión en línea. Entrada y salida monofásica. Alto Factor de potencia de Entrada 0.98 y salida 0.9. Alta confiabilidad y Eficiencia > 95%. Función ECO ahorrador de energía. Apagado de emergencia EPO. Conexión de batería externa. UPS ONLINE con tipo control micro-procesado por DSP, Bypass automático. Certificación RETIE. DEBE SOPORTAR TODO EL SISTEMA DE CCTV, INCLUYENDO LAS CÁMARAS DE VIDEO POR UN PERIODO DE TIEMPO MÍNIMO DE DOS (2) HORAS EN CASO DE PÉRDIDA DEL FUIDO ELÉCTRICO. | C20: CONFORME A LO ESPECIFICADO EN LA FICHA TECNICA | D20: 5
A21: 10 | B21: RACK DE PISO O EMPOTRABLE DE 20 UNIDADES, Material metálico cold rolled. Pintura electrostática. Ruedas o tornillos de nivelación. Puerta frontal con llave. Las Dimensiones deben ser las adecuadas y que permitan salvaguardar la UPS, el cableado y los demás equipos del sistema de CCTV. EL RACK USADO DEPENDERÁ DEL TAMAÑO DE LA SEDE EN LA QUE SE VA A INSTALAR. | C21: CONFORME A LO ESPECIFICADO EN LA FICHA TECNICA | D21: 22
A22: 11 | B22: DISCO DURO MULTIMARCA QUE SOPORTE FUNCION RAID PARA CCTV. | C22: CONFORME A LO ESPECIFICADO EN LA FICHA TECNICA | D22: 14
A23: 12 | B23: SWITCH DE 8/16/32 PUERTOS POE Puertos giga. Full poe ,700w. 2 puertos SFP. Apilable, QOS, ESTANDARES: IEEE 802.3 10BASE-T Ethernet, IEEE 802.3u 100BASE-TX Fast Ethernet, IEEE 802.3ab 1000BASE- T Gigabit Ethernet. DEBE INCLUIR PATCH PANEL MINIMO CAT 6, ORGANIZADORES DE CABLES, ACCESORIOS Y TORNILLERIA PARA MONTAJE EN RACK. | C23: CONFORME A LO ESPECIFICADO EN LA FICHA TECNICA | D23: 9
A24: SUBTOTAL SECCIONAL CUNDINAMARCA - AMAZONAS | D24: =SUM(D12:D23) -> 619 | H24: =ROUND(SUM(H12:H23),2) -> 0 | L24: =ROUND(SUM(L12:L23),2) -> 0 | P24: =ROUND(SUM(P12:P23),2) -> 0
A25: SECCIONAL BOYACÁ
A26: 1 | B26: MONITOR DE 43" LED FULL HD, Resolución: Full HD 1920x1080, Brillo de 400 cd/m2, Entradas HDMI, VGA, USB. Salida de audio. Capacidad de trabajo 7/24. | C26: CONFORME A LO ESPECIFICADO EN LA FICHA TECNICA | D26: 22
A27: 2 | B27: MONITOR DE 32" LED FULL HD, Resolución: Full HD 1920x1080, Brillo de 400 cd/m2, Entradas HDMI, VGA, USB. Salida de audio. Capacidad de trabajo 7/24. | C27: CONFORME A LO ESPECIFICADO EN LA FICHA TECNICA | D27: 191
A28: 3 | B28: CAMARAS FIJA TIPO MINI DOMO IP Resolución (4 Megapíxeles 30 fps 2688x1520), Iluminación mínima 0.01lux B/N 0 Lux, Día/Noche Real con filtro ICR, Distancia Focal 2.8 mm/4mm/6mm, Iluminación IR 30 mts Compresión de video H264+/H265, Detección de movimiento. Protección Ip67, Puerto de red RJ45 10M/100M/1000M, PoE (Power over Ethernet), Protocolos TCP/IP, ICMP, HTTP, HTTPS, DHCP, DNS, RTP, RTSP, RTCP, NTP, IGMP, QoS, UDP. EL TIPO DE CÁMARA DEPENDERÁ DEL SITIO EN EL QUE SE INSTALARÁ (DOMO INTERIORES, BALA EXTERIORES). | C28: CONFORME A LO ESPECIFICADO EN LA FICHA TECNICA | D28: 85
A29: 4 | B29: CAMARAS IP TIPO BALA Resolución (4 Megapíxeles 30 fps 2688x1520), Iluminación mínima 0.01lux B/N 0 Lux, Día/Noche Real con filtro ICR, Distancia Focal 2.8 mm/4mm, Iluminación IR 30 m, Compresión de video H264+/H265, Detección de movimiento. Protección Ip67, Puerto de red RJ45 10M/100M/1000M, PoE (Power over Ethernet) Protocolos TCP/IP, ICMP, HTTP, HTTPS, DHCP, DNS, RTP, RTSP, RTCP, NTP, IGMP, QoS, UDP. | C29: CONFORME A LO ESPECIFICADO EN LA FICHA TECNICA | D29: 41
A30: 5 | B30: CIBERDOMO IP PTZ cámara Tipo Domo IP Resolución (2 Megapíxeles 1920x1080). Iluminación IR 150 m, zoom óptico de 25x, Zoom digital 16x, Sensor de imagen 1/2.8”, Distancia focal 4.8mm a 120mm, Sistema de señal PAL/NTSC, Balance de blancos: Auto/Manual ATW/interior/ exterior/Día/Noche ICR, Compresión de video H264+/H265, Puerto de red Rj45 10M/100M/1000M Ethernet PoE+, Alimentación 24VAC & PoE. Protección Ip66 • Incluye fuente y soporte para pared. | C30: CONFORME A LO ESPECIFICADO EN LA FICHA TECNICA | D30: 19
A31: 6 | B31: GRABADOR DE 8/16/32 CANALES PENTAHIBRIDO 8/16/32 Canales Pentahibrido. Video Grabador Digital. Procesador Embebido Compresión de Video H.265+/H.265/H.264+. Entradas de video Max 10/16/32 canales IP. Cada canal hasta 5MP Min. Ancho de Banda 200/260Mbps. Búsqueda Inteligente. Función RAID 0, RAID 1, RAID 5, RAID 6 and RAID 10. Puerto de red Rj45 10M/100M/1000M Ethernet. 4 bahías SATA con soporte de discos hasta de 10TB por cada disco. LA CANTIDAD DE CANALES DE ENTRADA DEPENDERÁ DE LA SEDE EN LA QUE SE INSTALE EL EQUIPO. (DE AUERDO CON LA CANTIDAD DE CÁMARAS). | C31: CONFORME A LO ESPECIFICADO EN LA FICHA TECNICA | D31: 7
A32: 7 | B32: CONTROL JOYSTICK. Joystick tridimensional para el control de Cámaras PTZ. Funciones: Posición Predeterminada, Auto Scan, Auto Pan, Auto Tour. | C32: CONFORME A LO ESPECIFICADO EN LA FICHA TECNICA | D32: 18
A33: 8 | B33: SISTEMA DE IDENTIFICACIÓN BIOMÉTRICA PARA INGRESO DE FUNCIONARIOS. Lectores duales Biométrico y RFID (lectora de tarjetas de proximidad). Debe soportar tarjetas con el protocolo MIFARE PLUS X 4K (Carné Institucional). Software de administración y configuración del sistema. El software debe permitir la generación de reportes tanto de ingreso como de salida. El sistema debe soportar hasta 20.000 plantillas de huellas digitales, 60.000 tarjetas y almacenar hasta 100.000 eventos y transacciones. La información debe permanecer guardada en la memoria interna en caso de pérdida de energía. El controlador deberá continuar operando aún si se interrumpe la conexión de red. Deberá incluir: panel gabinete, batería transformador, lectoras requeridas para el bloqueo de puertas, electroimán de 350lb, brazo, anti remanente y pulsador. El sistema debe contar con una UPS de respaldo de energía diferente a la del sistema de CCTV. | C33: CONFORME A LO ESPECIFICADO EN LA FICHA TECNICA | D33: 13
A34: 9 | B34: SISTEMA DE REGISTRO Y CONTROL DE ACCESO DE VISITANTES. Estación de registro. (En sedes principales se debe contar con mínimo dos (2) estaciones de registro). Lector de Cédula de ciudadanía. Cámara para registro fotográfico. Capturador Biométrico de huella. Software Licenciado Y Operativo. Debe permitir la generación de reportes tanto de ingreso como de salida. El sistema debe contar con una UPS de respaldo de energía diferente a la del sistema de CCTV. | C34: CONFORME A LO ESPECIFICADO EN LA FICHA TECNICA | D34: 11
A35: 10 | B35: ARCO DETECTOR DE METALES 18 zonas de detección interconectadas en diferentes áreas y alarma simultánea de múltiples zonas. Pantalla LCD 5.7”. Sensibilidad ajustable: Cada zona tiene 256 niveles de sensibilidad. Control remoto. Alarma de sonido y LED´s para indicar la zona del metal detectado. Conteo automático de personas y alarmas. Intensidad de alarma mostrada en el panel. Diseñado con material de alta densidad anti-inflamable. Función de autodiagnóstico al encenderse, sin necesidad de calibración inicial o periódica. Batería de respaldo con duración de 4-8 horas. Inofensivo para el cuerpo humano, personas con marcapasos, colgantes magnéticos, prótesis, mujeres embarazadas, etc. | C35: CONFORME A LO ESPECIFICADO EN LA FICHA TECNICA | D35: 20
A36: 11 | B36: UPS RESPALDO DE ENERGIA DE 3KVA PARA SOPORTAR SISTEMA DE CCTV • Doble conversión en línea. Entrada y salida monofásica. Alto Factor de potencia de Entrada 0.98 y salida 0.9. Alta confiabilidad y Eficiencia > 95%. Función ECO ahorrador de energía. Apagado de emergencia EPO. Conexión de batería externa. UPS ONLINE con tipo control micro-procesado por DSP, Bypass automático. Certificación RETIE. DEBE SOPORTAR TODO EL SISTEMA DE CCTV, INCLUYENDO LAS CÁMARAS DE VIDEO POR UN PERIODO DE TIEMPO MÍNIMO DE DOS (2) HORAS EN CASO DE PÉRDIDA DEL FUIDO ELÉCTRICO. | C36: CONFORME A LO ESPECIFICADO EN LA FICHA TECNICA | D36: 13
A37: 12 | B37: RACK DE PISO O EMPOTRABLE DE 20 UNIDADES, Material metálico cold rolled. Pintura electrostática. Ruedas o tornillos de nivelación. Puerta frontal con llave. Las Dimensiones deben ser las adecuadas y que permitan salvaguardar la UPS, el cableado y los demás equipos del sistema de CCTV. EL RACK USADO DEPENDERÁ DEL TAMAÑO DE LA SEDE EN LA QUE SE VA A INSTALAR. | C37: CONFORME A LO ESPECIFICADO EN LA FICHA TECNICA | D37: 13
... A40: 15 | B40: SWITCH DE 8/16/32 PUERTOS POE Puertos giga. Full poe ,700w. 2 puertos SFP. Apilable, QOS, ESTANDARES: IEEE 802.3 10BASE-T Ethernet, IEEE 802.3u 100BASE-TX Fast Ethernet, IEEE 802.3ab 1000BASE- T Gigabit Ethernet. DEBE INCLUIR PATCH PANEL MINIMO CAT 6, ORGANIZADORES DE CABLES, ACCESORIOS Y TORNILLERIA PARA MONTAJE EN RACK. | C40: CONFORME A LO ESPECIFICADO EN LA FICHA TECNICA | D40: 2
A41: SUBTOTAL SECCIONAL BOYACÁ | D41: =SUM(D26:D40) -> 541 | H41: =ROUND(SUM(H26:H40),2) -> 0 | L41: =ROUND(SUM(L26:L40),2) -> 0 | P41: =ROUND(SUM(P26:P40),2) -> 0
A43: TOTALES | D43: =D24+D41 -> 1160 | H43: =ROUND(H24+H41,2) -> 0 | L43: =ROUND(L24+L41,2) -> 0 | P43: =ROUND(P24+P41,2) -> 0
B46: IMPORTANTE: El proponente en la estructuración de su cotización deberá presentar máximo DOS (2) decimales, con el fin de no afectar el cálculo de variables como IVA, AYS, AIU, entre otros. En el caso que se presenten más de DOS (2) decimales, se recomienda utilizar el método de redondeo estándar, esto es, si el tercer decimal es menor que CINCO (5), el segundo decimal se mantiene; si el tercer decimal es igual o mayor que CINCO (5), el segundo decimal se incrementa en uno.
B47: Nota:
B48: 1) No modificar ninguna especificación descrita en la necesidad. 2) Tener en cuenta las causales de rechazo establecidas en el Pliego de condiciones. 3) Debe ajustarse exactamente a lo solicitado en las Especificaciones Técnicas 4) Debe presentar la oferta económica en formato EXCEL EDITABLE y en PDF con firma
B50: Marque con una X la opción que corresponda
B51: PERSONA JURÍDICA
B52: El Decreto 1600 de 2024 en el artículo 2.1.4.3.2.1. establece: “Prevención de corrupción en la contratación pública. (…) Fortalecer los análisis de mercado para la fijación objetiva de precios. En la elaboración del análisis de mercado para fijar los precios, deberán realizarse estudios públicos y abiertos, que permita un análisis comparativo de los precios de referencia para alcanzar valores de mercado favorables y mayor eficiencia en gasto. En esa medida, y con el fin de mitigar sobrecostos, en la definición de presupuestos a partir de cotizaciones no se podrán realizar consultas cerradas ni direccionadas a grupos reducidos de empresas y se verificará la ausencia de inhabilidades e incompatibilidad es de las empresas que coticen (…)”, en razón a la norma citada y actuando en calidad de representante legal, certifico con mi firma bajo la gravedad de juramento, que ni la empresa ni sus accionistas se encuentran inmersos en inhabilidades e incompatibilidades frente a las empresas que puedan presentarse a cotizar en este proceso.
B53: PERSONA NATURAL
B54: El Decreto 1600 de 2024 en su artículo 2.1.4.3.2.1. establece: “Prevención de corrupción en la contratación pública. (…) Fortalecer los análisis de mercado para la fijación objetiva de precios. En la elaboración del análisis de mercado para fijar los precios, deberán realizarse estudios públicos y abiertos, que permita un análisis comparativo de los precios de referencia para alcanzar valores de mercado favorables y mayor eficiencia en gasto. En esa medida, y con el fin de mitigar sobrecostos, en la definición de presupuestos a partir de cotizaciones no se podrán realizar consultas cerradas ni direccionadas a grupos reducidos de empresas y se verificará la ausencia de inhabilidades e incompatibilidad es de las empresas que coticen (…)”, en razón a la norma citada y actuando en nombre propio, certifico con mi firma bajo la gravedad de juramento que no me encuentro inmerso en inhabilidades e incompatibilidades frente a los posibles oferentes que puedan presentarse a cotizar en este proceso.
B56: Empresa:
B57: Representante Legal:
B58: NIT:
B59: Teléfono o Celular:
... B61: Fecha de Oferta:
B62: Validez de Oferta económica 90 días: | E62: SI ___ NO_____
B63: ¿Cumple con lo solicitado en le Ficha Técnica? | E63: SI ___ NO_____
B64: FIRMA DIGITAL
B70: Estudio del Sector: 0040
B71: Fecha de elaboración: 16/10/2026
B72: Fecha de modificación 1: DIA/ MES/ AÑO
B73: Fecha de modificación 2: DIA/ MES/ AÑO
